Workbook

Sheet Cumulative
C1: Sponsor Name: | J1: Indirect Rate: | K1: 0.4165 | L1: Do NOT Change - Do not put 30% here. % of TFFA is calculated in the yellow box below.
C2: Start Date:
C3: End Date:
C4: Principal Investigator:
C5: Project Title: | N5: Updated for FY2027 - 09.10.2026
G7: Year 1 | H7: Year 2 | I7: Year 3 | J7: Year 4 | K7: Year 5 | L7: Total | N7: Check Total (This column accumulates the "total" columns of each PI tab.
A8: A. Personnel (Salaries, Wages, & Fringe)
B9: 1. Senior Key Personnel
B10: A. Senior Personnel | C10: PI 1 | G10: ='PI 1'!H10+'PI 1'!H11+'PI 1'!H12+'PI 1'!H13 -> 0 | H10: ='PI 1'!I10+'PI 1'!I11+'PI 1'!I12+'PI 1'!I13 -> 0 | I10: ='PI 1'!J10+'PI 1'!J11+'PI 1'!J12+'PI 1'!J13 -> 0 | J10: ='PI 1'!K10+'PI 1'!K11+'PI 1'!K12+'PI 1'!K13 -> 0 | K10: ='PI 1'!L10+'PI 1'!L11+'PI 1'!L12+'PI 1'!L13 -> 0 | L10: =SUM(G10:K10) -> 0 | N10: ='PI 1'!M10+'PI 1'!M11+'PI 1'!M12+'PI 1'!M13 -> 0 | O10: Note for Senior Key Personnel
C11: PI 2 | G11: ='PI 2'!H10+'PI 2'!H11+'PI 2'!H12+'PI 2'!H13 -> 0 | H11: ='PI 2'!I10+'PI 2'!I11+'PI 2'!I12+'PI 2'!I13 -> 0 | I11: ='PI 2'!J10+'PI 2'!J11+'PI 2'!J12+'PI 2'!J13 -> 0 | J11: ='PI 2'!K10+'PI 2'!K11+'PI 2'!K12+'PI 2'!K13 -> 0 | K11: ='PI 2'!L10+'PI 2'!L11+'PI 2'!L12+'PI 2'!L13 -> 0 | L11: =SUM(G11:K11) -> 0 | N11: ='PI 2'!M10+'PI 2'!M11+'PI 2'!M12+'PI 2'!M13 -> 0 | O11: If Summer Salary, make sure
C12: PI 3 | G12: ='PI 3'!H10+'PI 3'!H11+'PI 3'!H12+'PI 3'!H13 -> 0 | H12: ='PI 3'!I10+'PI 3'!I11+'PI 3'!I12+'PI 3'!I13 -> 0 | I12: ='PI 3'!J10+'PI 3'!J11+'PI 3'!J12+'PI 3'!J13 -> 0 | J12: ='PI 3'!K10+'PI 3'!K11+'PI 3'!K12+'PI 3'!K13 -> 0 | K12: ='PI 3'!L10+'PI 3'!L11+'PI 3'!L12+'PI 3'!L13 -> 0 | L12: =SUM(G12:K12) -> 0 | N12: ='PI 3'!M10+'PI 3'!M11+'PI 3'!M12+'PI 3'!M13 -> 0 | O12: you change the fringe rate
C13: PI 4 | G13: ='PI 4'!H10+'PI 4'!H11+'PI 4'!H12+'PI 4'!H13 -> 0 | H13: ='PI 4'!I10+'PI 4'!I11+'PI 4'!I12+'PI 4'!I13 -> 0 | I13: ='PI 4'!J10+'PI 4'!J11+'PI 4'!J12+'PI 4'!J13 -> 0 | J13: ='PI 4'!K10+'PI 4'!K11+'PI 4'!K12+'PI 4'!K13 -> 0 | K13: ='PI 4'!L10+'PI 4'!L11+'PI 4'!L12+'PI 4'!L13 -> 0 | L13: =SUM(G13:K13) -> 0 | N13: ='PI 4'!M10+'PI 4'!M11+'PI 4'!M12+'PI 4'!M13 -> 0 | O13: to 24.50% in Cells F31 to F41
C14: PI 5 | G14: ='PI 5'!H10+'PI 5'!H11+'PI 5'!H12+'PI 5'!H13 -> 0 | H14: ='PI 5'!I10+'PI 5'!I11+'PI 5'!I12+'PI 5'!I13 -> 0 | I14: ='PI 5'!J10+'PI 5'!J11+'PI 5'!J12+'PI 5'!J13 -> 0 | J14: ='PI 5'!K10+'PI 5'!K11+'PI 5'!K12+'PI 5'!K13 -> 0 | K14: ='PI 5'!L10+'PI 5'!L11+'PI 5'!L12+'PI 5'!L13 -> 0 | L14: =SUM(G14:K14) -> 0 | N14: ='PI 5'!M10+'PI 5'!M11+'PI 5'!M12+'PI 5'!M13 -> 0
C15: PI 6 | G15: ='PI 6'!H10+'PI 6'!H11+'PI 6'!H12+'PI 6'!H13 -> 0 | H15: ='PI 6'!I10+'PI 6'!I11+'PI 6'!I12+'PI 6'!I13 -> 0 | I15: ='PI 6'!J10+'PI 6'!J11+'PI 6'!J12+'PI 6'!J13 -> 0 | J15: ='PI 6'!K10+'PI 6'!K11+'PI 6'!K12+'PI 6'!K13 -> 0 | K15: ='PI 6'!L10+'PI 6'!L11+'PI 6'!L12+'PI 6'!L13 -> 0 | L15: =SUM(G15:K15) -> 0 | N15: ='PI 6'!M10+'PI 6'!M11+'PI 6'!M12+'PI 6'!M13 -> 0 | O15: Summer Salary is only allowed if you are a 9 month faculty.
C16: PI 7 | G16: ='PI 7'!H10+'PI 7'!H11+'PI 7'!H12+'PI 7'!H13 -> 0 | H16: ='PI 7'!I10+'PI 7'!I11+'PI 7'!I12+'PI 7'!I13 -> 0 | I16: ='PI 7'!J10+'PI 7'!J11+'PI 7'!J12+'PI 7'!J13 -> 0 | J16: ='PI 7'!K10+'PI 7'!K11+'PI 7'!K12+'PI 7'!K13 -> 0 | K16: ='PI 7'!L10+'PI 7'!L11+'PI 7'!L12+'PI 7'!L13 -> 0 | L16: =SUM(G16:K16) -> 0 | N16: ='PI 2'!M15+'PI 2'!M16+'PI 2'!M17+'PI 2'!M18 -> 0
C17: PI 8 | G17: ='PI 8'!H10+'PI 8'!H11+'PI 8'!H12+'PI 8'!H13 -> 0 | H17: ='PI 8'!I10+'PI 8'!I11+'PI 8'!I12+'PI 8'!I13 -> 0 | I17: ='PI 8'!J10+'PI 8'!J11+'PI 8'!J12+'PI 8'!J13 -> 0 | J17: ='PI 8'!K10+'PI 8'!K11+'PI 8'!K12+'PI 8'!K13 -> 0 | K17: ='PI 8'!L10+'PI 8'!L11+'PI 8'!L12+'PI 8'!L13 -> 0 | L17: =SUM(G17:K17) -> 0 | N17: ='PI 7'!M10+'PI 7'!M11+'PI 7'!M12+'PI 7'!M13 -> 0
C18: PI 9 | G18: ='PI 9'!H10+'PI 9'!H11+'PI 9'!H12+'PI 9'!H13 -> 0 | H18: ='PI 9'!I10+'PI 9'!I11+'PI 9'!I12+'PI 9'!I13 -> 0 | I18: ='PI 9'!J10+'PI 9'!J11+'PI 9'!J12+'PI 9'!J13 -> 0 | J18: ='PI 9'!K10+'PI 9'!K11+'PI 9'!K12+'PI 9'!K13 -> 0 | K18: ='PI 9'!L10+'PI 9'!L11+'PI 9'!L12+'PI 9'!L13 -> 0 | L18: =SUM(G18:K18) -> 0 | N18: ='PI 2'!M17+'PI 2'!M18+'PI 2'!M19+'PI 2'!M20 -> 0
C19: PI 10 | G19: ='PI 10'!H10+'PI 10'!H11+'PI 10'!H12+'PI 10'!H13 -> 0 | H19: ='PI 10'!I10+'PI 10'!I11+'PI 10'!I12+'PI 10'!I13 -> 0 | I19: ='PI 10'!J10+'PI 10'!J11+'PI 10'!J12+'PI 10'!J13 -> 0 | J19: ='PI 10'!K10+'PI 10'!K11+'PI 10'!K12+'PI 10'!K13 -> 0 | K19: ='PI 10'!L10+'PI 10'!L11+'PI 10'!L12+'PI 10'!L13 -> 0 | L19: =SUM(G19:K19) -> 0 | N19: ='PI 10'!M10+'PI 10'!M11+'PI 10'!M12+'PI 10'!M13 -> 0
C20: PI 11 | G20: ='PI 11'!H10+'PI 11'!H11+'PI 11'!H12+'PI 11'!H13 -> 0 | H20: ='PI 11'!I10+'PI 11'!I11+'PI 11'!I12+'PI 11'!I13 -> 0 | I20: ='PI 11'!J10+'PI 11'!J11+'PI 11'!J12+'PI 11'!J13 -> 0 | J20: ='PI 11'!K10+'PI 11'!K11+'PI 11'!K12+'PI 11'!K13 -> 0 | K20: ='PI 11'!L10+'PI 11'!L11+'PI 11'!L12+'PI 11'!L13 -> 0 | L20: =SUM(G20:K20) -> 0 | N20: ='PI 11'!M10+'PI 11'!M11+'PI 11'!M12+'PI 11'!M13 -> 0
F21: No. of Each
B22: B. Other Personnel | C22: PostDoctoral Associates | F22: ='PI 1'!G15+'PI 2'!G15+'PI 3'!G15+'PI 4'!G15+'PI 5'!G15+'PI 6'!G15+'PI 7'!G15+'PI 8'!G15+'PI 9'!G15+'PI 10'!G15+'PI 11'!G15 -> 0 | G22: ='PI 1'!H15+'PI 2'!H15+'PI 3'!H15+'PI 4'!H15+'PI 5'!H15+'PI 6'!H15+'PI 7'!H15+'PI 8'!H15+'PI 9'!H15+'PI 10'!H15+'PI 11'!H15 -> 0 | H22: ='PI 1'!I15+'PI 2'!I15+'PI 3'!I15+'PI 4'!I15+'PI 5'!I15+'PI 6'!I15+'PI 7'!I15+'PI 8'!I15+'PI 9'!I15+'PI 10'!I15+'PI 11'!I15 -> 0 | I22: ='PI 1'!J15+'PI 2'!J15+'PI 3'!J15+'PI 4'!J15+'PI 5'!J15+'PI 6'!J15+'PI 7'!J15+'PI 8'!J15+'PI 9'!J15+'PI 10'!J15+'PI 11'!J15 -> 0 | J22: ='PI 1'!K15+'PI 2'!K15+'PI 3'!K15+'PI 4'!K15+'PI 5'!K15+'PI 6'!K15+'PI 7'!K15+'PI 8'!K15+'PI 9'!K15+'PI 10'!K15+'PI 11'!K15 -> 0 | K22: ='PI 1'!L15+'PI 2'!L15+'PI 3'!L15+'PI 4'!L15+'PI 5'!L15+'PI 6'!L15+'PI 7'!L15+'PI 8'!L15+'PI 9'!L15+'PI 10'!L15+'PI 11'!L15 -> 0 | L22: =SUM(G22:K22) -> 0 | N22: ='PI 1'!M15+'PI 2'!M15+'PI 3'!M15+'PI 4'!M15+'PI 5'!M15+'PI 6'!M15+'PI 7'!M15+'PI 8'!M15+'PI 9'!M15+'PI 10'!M15+'PI 11'!M15 -> 0
C23: Other Professionals (Techs, etc.) | F23: ='PI 1'!G16+'PI 2'!G16+'PI 3'!G16+'PI 4'!G16+'PI 5'!G16+'PI 6'!G16+'PI 7'!G16+'PI 8'!G16+'PI 9'!G16+'PI 10'!G16+'PI 11'!G16 -> 0 | G23: ='PI 1'!H16+'PI 2'!H16+'PI 3'!H16+'PI 4'!H16+'PI 5'!H16+'PI 6'!H16+'PI 7'!H16+'PI 8'!H16+'PI 9'!H16+'PI 10'!H16+'PI 11'!H16 -> 0 | H23: ='PI 1'!I16+'PI 2'!I16+'PI 3'!I16+'PI 4'!I16+'PI 5'!I16+'PI 6'!I16+'PI 7'!I16+'PI 8'!I16+'PI 9'!I16+'PI 10'!I16+'PI 11'!I16 -> 0 | I23: ='PI 1'!J16+'PI 2'!J16+'PI 3'!J16+'PI 4'!J16+'PI 5'!J16+'PI 6'!J16+'PI 7'!J16+'PI 8'!J16+'PI 9'!J16+'PI 10'!J16+'PI 11'!J16 -> 0 | J23: ='PI 1'!K16+'PI 2'!K16+'PI 3'!K16+'PI 4'!K16+'PI 5'!K16+'PI 6'!K16+'PI 7'!K16+'PI 8'!K16+'PI 9'!K16+'PI 10'!K16+'PI 11'!K16 -> 0 | K23: ='PI 1'!L16+'PI 2'!L16+'PI 3'!L16+'PI 4'!L16+'PI 5'!L16+'PI 6'!L16+'PI 7'!L16+'PI 8'!L16+'PI 9'!L16+'PI 10'!L16+'PI 11'!L16 -> 0 | L23: =SUM(G23:K23) -> 0 | N23: ='PI 1'!M16+'PI 2'!M16+'PI 3'!M16+'PI 4'!M16+'PI 5'!M16+'PI 6'!M16+'PI 7'!M16+'PI 8'!M16+'PI 9'!M16+'PI 10'!M16+'PI 11'!M16 -> 0
C24: Admin/Clerical | F24: ='PI 1'!G17+'PI 2'!G17+'PI 3'!G17+'PI 4'!G17+'PI 5'!G17+'PI 6'!G17+'PI 7'!G17+'PI 8'!G17+'PI 9'!G17+'PI 10'!G17+'PI 11'!G17 -> 0 | G24: ='PI 1'!H17+'PI 2'!H17+'PI 3'!H17+'PI 4'!H17+'PI 5'!H17+'PI 6'!H17+'PI 7'!H17+'PI 8'!H17+'PI 9'!H17+'PI 10'!H17+'PI 11'!H17 -> 0 | H24: ='PI 1'!I17+'PI 2'!I17+'PI 3'!I17+'PI 4'!I17+'PI 5'!I17+'PI 6'!I17+'PI 7'!I17+'PI 8'!I17+'PI 9'!I17+'PI 10'!I17+'PI 11'!I17 -> 0 | I24: ='PI 1'!J17+'PI 2'!J17+'PI 3'!J17+'PI 4'!J17+'PI 5'!J17+'PI 6'!J17+'PI 7'!J17+'PI 8'!J17+'PI 9'!J17+'PI 10'!J17+'PI 11'!J17 -> 0 | J24: ='PI 1'!K17+'PI 2'!K17+'PI 3'!K17+'PI 4'!K17+'PI 5'!K17+'PI 6'!K17+'PI 7'!K17+'PI 8'!K17+'PI 9'!K17+'PI 10'!K17+'PI 11'!K17 -> 0 | K24: ='PI 1'!L17+'PI 2'!L17+'PI 3'!L17+'PI 4'!L17+'PI 5'!L17+'PI 6'!L17+'PI 7'!L17+'PI 8'!L17+'PI 9'!L17+'PI 10'!L17+'PI 11'!L17 -> 0 | L24: =SUM(G24:K24) -> 0 | N24: ='PI 1'!M17+'PI 2'!M17+'PI 3'!M17+'PI 4'!M17+'PI 5'!M17+'PI 6'!M17+'PI 7'!M17+'PI 8'!M17+'PI 9'!M17+'PI 10'!M17+'PI 11'!M17 -> 0
C25: Graduate Students | F25: ='PI 1'!G18+'PI 2'!G18+'PI 3'!G18+'PI 4'!G18+'PI 5'!G18+'PI 6'!G18+'PI 7'!G18+'PI 8'!G18+'PI 9'!G18+'PI 10'!G18+'PI 11'!G18 -> 0 | G25: ='PI 1'!H18+'PI 2'!H18+'PI 3'!H18+'PI 4'!H18+'PI 5'!H18+'PI 6'!H18+'PI 7'!H18+'PI 8'!H18+'PI 9'!H18+'PI 10'!H18+'PI 11'!H18 -> 0 | H25: ='PI 1'!I18+'PI 2'!I18+'PI 3'!I18+'PI 4'!I18+'PI 5'!I18+'PI 6'!I18+'PI 7'!I18+'PI 8'!I18+'PI 9'!I18+'PI 10'!I18+'PI 11'!I18 -> 0 | I25: ='PI 1'!J18+'PI 2'!J18+'PI 3'!J18+'PI 4'!J18+'PI 5'!J18+'PI 6'!J18+'PI 7'!J18+'PI 8'!J18+'PI 9'!J18+'PI 10'!J18+'PI 11'!J18 -> 0 | J25: ='PI 1'!K18+'PI 2'!K18+'PI 3'!K18+'PI 4'!K18+'PI 5'!K18+'PI 6'!K18+'PI 7'!K18+'PI 8'!K18+'PI 9'!K18+'PI 10'!K18+'PI 11'!K18 -> 0 | K25: ='PI 1'!L18+'PI 2'!L18+'PI 3'!L18+'PI 4'!L18+'PI 5'!L18+'PI 6'!L18+'PI 7'!L18+'PI 8'!L18+'PI 9'!L18+'PI 10'!L18+'PI 11'!L18 -> 0 | L25: =SUM(G25:K25) -> 0 | N25: ='PI 1'!M18+'PI 2'!M18+'PI 3'!M18+'PI 4'!M18+'PI 5'!M18+'PI 6'!M18+'PI 7'!M18+'PI 8'!M18+'PI 9'!M18+'PI 10'!M18+'PI 11'!M18 -> 0
C26: Udergraduates | F26: ='PI 1'!G19+'PI 2'!G19+'PI 3'!G19+'PI 4'!G19+'PI 5'!G19+'PI 6'!G19+'PI 7'!G19+'PI 8'!G19+'PI 9'!G19+'PI 10'!G19+'PI 11'!G19 -> 0 | G26: ='PI 1'!H19+'PI 2'!H19+'PI 3'!H19+'PI 4'!H19+'PI 5'!H19+'PI 6'!H19+'PI 7'!H19+'PI 8'!H19+'PI 9'!H19+'PI 10'!H19+'PI 11'!H19 -> 0 | H26: ='PI 1'!I19+'PI 2'!I19+'PI 3'!I19+'PI 4'!I19+'PI 5'!I19+'PI 6'!I19+'PI 7'!I19+'PI 8'!I19+'PI 9'!I19+'PI 10'!I19+'PI 11'!I19 -> 0 | I26: ='PI 1'!J19+'PI 2'!J19+'PI 3'!J19+'PI 4'!J19+'PI 5'!J19+'PI 6'!J19+'PI 7'!J19+'PI 8'!J19+'PI 9'!J19+'PI 10'!J19+'PI 11'!J19 -> 0 | J26: ='PI 1'!K19+'PI 2'!K19+'PI 3'!K19+'PI 4'!K19+'PI 5'!K19+'PI 6'!K19+'PI 7'!K19+'PI 8'!K19+'PI 9'!K19+'PI 10'!K19+'PI 11'!K19 -> 0 | K26: ='PI 1'!L19+'PI 2'!L19+'PI 3'!L19+'PI 4'!L19+'PI 5'!L19+'PI 6'!L19+'PI 7'!L19+'PI 8'!L19+'PI 9'!L19+'PI 10'!L19+'PI 11'!L19 -> 0 | L26: =SUM(G26:K26) -> 0 | N26: ='PI 1'!M19+'PI 2'!M19+'PI 3'!M19+'PI 4'!M19+'PI 5'!M19+'PI 6'!M19+'PI 7'!M19+'PI 8'!M19+'PI 9'!M19+'PI 10'!M19+'PI 11'!M19 -> 0
C27: Temp | F27: ='PI 1'!G20+'PI 2'!G20+'PI 3'!G20+'PI 4'!G20+'PI 5'!G20+'PI 6'!G20+'PI 7'!G20+'PI 8'!G20+'PI 9'!G20+'PI 10'!G20+'PI 11'!G20 -> 0 | G27: ='PI 1'!H20+'PI 2'!H20+'PI 3'!H20+'PI 4'!H20+'PI 5'!H20+'PI 6'!H20+'PI 7'!H20+'PI 8'!H20+'PI 9'!H20+'PI 10'!H20+'PI 11'!H20 -> 0 | H27: ='PI 1'!I20+'PI 2'!I20+'PI 3'!I20+'PI 4'!I20+'PI 5'!I20+'PI 6'!I20+'PI 7'!I20+'PI 8'!I20+'PI 9'!I20+'PI 10'!I20+'PI 11'!I20 -> 0 | I27: ='PI 1'!J20+'PI 2'!J20+'PI 3'!J20+'PI 4'!J20+'PI 5'!J20+'PI 6'!J20+'PI 7'!J20+'PI 8'!J20+'PI 9'!J20+'PI 10'!J20+'PI 11'!J20 -> 0 | J27: ='PI 1'!K20+'PI 2'!K20+'PI 3'!K20+'PI 4'!K20+'PI 5'!K20+'PI 6'!K20+'PI 7'!K20+'PI 8'!K20+'PI 9'!K20+'PI 10'!K20+'PI 11'!K20 -> 0 | K27: ='PI 1'!L20+'PI 2'!L20+'PI 3'!L20+'PI 4'!L20+'PI 5'!L20+'PI 6'!L20+'PI 7'!L20+'PI 8'!L20+'PI 9'!L20+'PI 10'!L20+'PI 11'!L20 -> 0 | L27: =SUM(G27:K27) -> 0 | N27: ='PI 1'!M20+'PI 2'!M20+'PI 3'!M20+'PI 4'!M20+'PI 5'!M20+'PI 6'!M20+'PI 7'!M20+'PI 8'!M20+'PI 9'!M20+'PI 10'!M20+'PI 11'!M20 -> 0
C28: Total Salaries & Wages | G28: =SUM(G10:G27) -> 0 | H28: =SUM(H10:H27) -> 0 | I28: =SUM(I10:I27) -> 0 | J28: =SUM(J10:J27) -> 0 | K28: =SUM(K10:K27) -> 0 | L28: =SUM(L10:L27) -> 0 | N28: ='PI 1'!M21+'PI 2'!M21+'PI 3'!M21+'PI 4'!M21+'PI 5'!M21+'PI 6'!M21+'PI 7'!M21+'PI 8'!M21+'PI 9'!M21+'PI 10'!M21+'PI 11'!M21 -> 0
B30: 2. Fringe Benefits | F30: Rate
B31: A. Senior Personnel | C31: =C10 -> PI 1 | F31: 0.4275 | G31: ='PI 1'!H24++'PI 1'!H25+'PI 1'!H26+'PI 1'!H27 -> 0 | H31: ='PI 1'!I24++'PI 1'!I25+'PI 1'!I26+'PI 1'!I27 -> 0 | I31: ='PI 1'!J24++'PI 1'!J25+'PI 1'!J26+'PI 1'!J27 -> 0 | J31: ='PI 1'!K24++'PI 1'!K25+'PI 1'!K26+'PI 1'!K27 -> 0 | K31: ='PI 1'!L24++'PI 1'!L25+'PI 1'!L26+'PI 1'!L27 -> 0 | L31: =SUM(G31:K31) -> 0 | N31: ='PI 1'!M24+'PI 1'!M25+'PI 1'!M26+'PI 1'!M27 -> 0 | O31: Note for Senior Key Personnel
C32: =C11 -> PI 2 | F32: 0.4275 | G32: ='PI 2'!H24+'PI 2'!H25+'PI 2'!H26+'PI 2'!H27 -> 0 | H32: ='PI 2'!I24+'PI 2'!I25+'PI 2'!I26+'PI 2'!I27 -> 0 | I32: ='PI 2'!J24+'PI 2'!J25+'PI 2'!J26+'PI 2'!J27 -> 0 | J32: ='PI 2'!K24+'PI 2'!K25+'PI 2'!K26+'PI 2'!K27 -> 0 | K32: ='PI 2'!L24+'PI 2'!L25+'PI 2'!L26+'PI 2'!L27 -> 0 | L32: =SUM(G32:K32) -> 0 | N32: ='PI 2'!M24+'PI 2'!M25+'PI 2'!M26+'PI 2'!M27 -> 0 | O32: If Summer Salary, make sure
C33: =C12 -> PI 3 | F33: 0.4275 | G33: ='PI 3'!H24+'PI 3'!H25+'PI 3'!H26+'PI 3'!H27 -> 0 | H33: ='PI 3'!I24+'PI 3'!I25+'PI 3'!I26+'PI 3'!I27 -> 0 | I33: ='PI 3'!J24+'PI 3'!J25+'PI 3'!J26+'PI 3'!J27 -> 0 | J33: ='PI 3'!K24+'PI 3'!K25+'PI 3'!K26+'PI 3'!K27 -> 0 | K33: ='PI 3'!L24+'PI 3'!L25+'PI 3'!L26+'PI 3'!L27 -> 0 | L33: =SUM(G33:K33) -> 0 | N33: ='PI 3'!M24+'PI 3'!M25+'PI 3'!M26+'PI 3'!M27 -> 0 | O33: you change the fringe rate
C34: =C13 -> PI 4 | F34: 0.4275 | G34: ='PI 4'!H24+'PI 4'!H25+'PI 4'!H26+'PI 4'!H27 -> 0 | H34: ='PI 4'!I24+'PI 4'!I25+'PI 4'!I26+'PI 4'!I27 -> 0 | I34: ='PI 4'!J24+'PI 4'!J25+'PI 4'!J26+'PI 4'!J27 -> 0 | J34: ='PI 4'!K24+'PI 4'!K25+'PI 4'!K26+'PI 4'!K27 -> 0 | K34: ='PI 4'!L24+'PI 4'!L25+'PI 4'!L26+'PI 4'!L27 -> 0 | L34: =SUM(G34:K34) -> 0 | N34: ='PI 4'!M24+'PI 4'!M25+'PI 4'!M26+'PI 4'!M27 -> 0 | O34: to 24.50% in Cells F31 to F41
C35: =C14 -> PI 5 | F35: 0.4275 | G35: ='PI 5'!H24+'PI 5'!H25+'PI 5'!H26+'PI 5'!H27 -> 0 | H35: ='PI 5'!I24+'PI 5'!I25+'PI 5'!I26+'PI 5'!I27 -> 0 | I35: ='PI 5'!J24+'PI 5'!J25+'PI 5'!J26+'PI 5'!J27 -> 0 | J35: ='PI 5'!K24+'PI 5'!K25+'PI 5'!K26+'PI 5'!K27 -> 0 | K35: ='PI 5'!L24+'PI 5'!L25+'PI 5'!L26+'PI 5'!L27 -> 0 | L35: =SUM(G35:K35) -> 0 | N35: ='PI 5'!M24+'PI 5'!M25+'PI 5'!M26+'PI 5'!M27 -> 0
C36: =C15 -> PI 6 | F36: 0.4275 | G36: ='PI 6'!H24+'PI 6'!H25+'PI 6'!H26+'PI 6'!H27 -> 0 | H36: ='PI 6'!I24+'PI 6'!I25+'PI 6'!I26+'PI 6'!I27 -> 0 | I36: ='PI 6'!J24+'PI 6'!J25+'PI 6'!J26+'PI 6'!J27 -> 0 | J36: ='PI 6'!K24+'PI 6'!K25+'PI 6'!K26+'PI 6'!K27 -> 0 | K36: ='PI 6'!L24+'PI 6'!L25+'PI 6'!L26+'PI 6'!L27 -> 0 | L36: =SUM(G36:K36) -> 0 | N36: ='PI 6'!M24+'PI 6'!M25+'PI 6'!M26+'PI 6'!M27 -> 0 | O36: Summer Salary is only allowed if you are a 9 month faculty.
C37: =C16 -> PI 7 | F37: 0.4275 | G37: ='PI 7'!H24+'PI 7'!H25+'PI 7'!H26+'PI 7'!H27 -> 0 | H37: ='PI 7'!I24+'PI 7'!I25+'PI 7'!I26+'PI 7'!I27 -> 0 | I37: ='PI 7'!J24+'PI 7'!J25+'PI 7'!J26+'PI 7'!J27 -> 0 | J37: ='PI 7'!K24+'PI 7'!K25+'PI 7'!K26+'PI 7'!K27 -> 0 | K37: ='PI 7'!L24+'PI 7'!L25+'PI 7'!L26+'PI 7'!L27 -> 0 | L37: =SUM(G37:K37) -> 0 | N37: ='PI 7'!M24+'PI 7'!M25+'PI 7'!M26+'PI 7'!M27 -> 0
C38: =C17 -> PI 8 | F38: 0.4275 | G38: ='PI 8'!H24+'PI 8'!H25+'PI 8'!H26+'PI 8'!H27 -> 0 | H38: ='PI 8'!I24+'PI 8'!I25+'PI 8'!I26+'PI 8'!I27 -> 0 | I38: ='PI 8'!J24+'PI 8'!J25+'PI 8'!J26+'PI 8'!J27 -> 0 | J38: ='PI 8'!K24+'PI 8'!K25+'PI 8'!K26+'PI 8'!K27 -> 0 | K38: ='PI 8'!L24+'PI 8'!L25+'PI 8'!L26+'PI 8'!L27 -> 0 | L38: =SUM(G38:K38) -> 0 | N38: ='PI 8'!M24+'PI 8'!M25+'PI 8'!M26+'PI 8'!M27 -> 0
C39: =C18 -> PI 9 | F39: 0.4275 | G39: ='PI 9'!H24+'PI 9'!H25+'PI 9'!H26+'PI 9'!H27 -> 0 | H39: ='PI 9'!I24+'PI 9'!I25+'PI 9'!I26+'PI 9'!I27 -> 0 | I39: ='PI 9'!J24+'PI 9'!J25+'PI 9'!J26+'PI 9'!J27 -> 0 | J39: ='PI 9'!K24+'PI 9'!K25+'PI 9'!K26+'PI 9'!K27 -> 0 | K39: ='PI 9'!L24+'PI 9'!L25+'PI 9'!L26+'PI 9'!L27 -> 0 | L39: =SUM(G39:K39) -> 0 | N39: ='PI 9'!M24+'PI 9'!M25+'PI 9'!M26+'PI 9'!M27 -> 0
C40: =C19 -> PI 10 | F40: 0.4275 | G40: ='PI 10'!H24+'PI 10'!H25+'PI 10'!H26+'PI 10'!H27 -> 0 | H40: ='PI 10'!I24+'PI 10'!I25+'PI 10'!I26+'PI 10'!I27 -> 0 | I40: ='PI 10'!J24+'PI 10'!J25+'PI 10'!J26+'PI 10'!J27 -> 0 | J40: ='PI 10'!K24+'PI 10'!K25+'PI 10'!K26+'PI 10'!K27 -> 0 | K40: ='PI 10'!L24+'PI 10'!L25+'PI 10'!L26+'PI 10'!L27 -> 0 | L40: =SUM(G40:K40) -> 0 | N40: ='PI 10'!M24+'PI 10'!M25+'PI 10'!M26+'PI 10'!M27 -> 0
C41: =C20 -> PI 11 | F41: 0.4275 | G41: ='PI 11'!H24+'PI 11'!H25+'PI 11'!H26+'PI 11'!H27 -> 0 | H41: ='PI 11'!I24+'PI 11'!I25+'PI 11'!I26+'PI 11'!I27 -> 0 | I41: ='PI 11'!J24+'PI 11'!J25+'PI 11'!J26+'PI 11'!J27 -> 0 | J41: ='PI 11'!K24+'PI 11'!K25+'PI 11'!K26+'PI 11'!K27 -> 0 | K41: ='PI 11'!L24+'PI 11'!L25+'PI 11'!L26+'PI 11'!L27 -> 0 | L41: =SUM(G41:K41) -> 0 | N41: ='PI 11'!M24+'PI 11'!M25+'PI 11'!M26+'PI 11'!M27 -> 0
B43: B. Other Personnel | C43: =C22 -> PostDoctoral Associates | F43: 0.4275 | G43: ='PI 1'!H29+'PI 2'!H29+'PI 3'!H29+'PI 4'!H29+'PI 5'!H29+'PI 6'!H29+'PI 7'!H29+'PI 8'!H29+'PI 9'!H29+'PI 10'!H29+'PI 11'!H29 -> 0 | H43: ='PI 1'!I29+'PI 2'!I29+'PI 3'!I29+'PI 4'!I29+'PI 5'!I29+'PI 6'!I29+'PI 7'!I29+'PI 8'!I29+'PI 9'!I29+'PI 10'!I29+'PI 11'!I29 -> 0 | I43: ='PI 1'!J29+'PI 2'!J29+'PI 3'!J29+'PI 4'!J29+'PI 5'!J29+'PI 6'!J29+'PI 7'!J29+'PI 8'!J29+'PI 9'!J29+'PI 10'!J29+'PI 11'!J29 -> 0 | J43: ='PI 1'!K29+'PI 2'!K29+'PI 3'!K29+'PI 4'!K29+'PI 5'!K29+'PI 6'!K29+'PI 7'!K29+'PI 8'!K29+'PI 9'!K29+'PI 10'!K29+'PI 11'!K29 -> 0 | K43: ='PI 1'!L29+'PI 2'!L29+'PI 3'!L29+'PI 4'!L29+'PI 5'!L29+'PI 6'!L29+'PI 7'!L29+'PI 8'!L29+'PI 9'!L29+'PI 10'!L29+'PI 11'!L29 -> 0 | L43: =SUM(G43:K43) -> 0 | N43: ='PI 1'!M29+'PI 2'!M29+'PI 3'!M29+'PI 4'!M29+'PI 5'!M29+'PI 6'!M29+'PI 7'!M29+'PI 8'!M29+'PI 9'!M29+'PI 10'!M29+'PI 11'!M29 -> 0
C44: =C23 -> Other Professionals (Techs, etc.) | F44: 0.4275 | G44: ='PI 1'!H30+'PI 2'!H30+'PI 3'!H30+'PI 4'!H30+'PI 5'!H30+'PI 6'!H30+'PI 7'!H30+'PI 8'!H30+'PI 9'!H30+'PI 10'!H30+'PI 11'!H30 -> 0 | H44: ='PI 1'!I30+'PI 2'!I30+'PI 3'!I30+'PI 4'!I30+'PI 5'!I30+'PI 6'!I30+'PI 7'!I30+'PI 8'!I30+'PI 9'!I30+'PI 10'!I30+'PI 11'!I30 -> 0 | I44: ='PI 1'!J30+'PI 2'!J30+'PI 3'!J30+'PI 4'!J30+'PI 5'!J30+'PI 6'!J30+'PI 7'!J30+'PI 8'!J30+'PI 9'!J30+'PI 10'!J30+'PI 11'!J30 -> 0 | J44: ='PI 1'!K30+'PI 2'!K30+'PI 3'!K30+'PI 4'!K30+'PI 5'!K30+'PI 6'!K30+'PI 7'!K30+'PI 8'!K30+'PI 9'!K30+'PI 10'!K30+'PI 11'!K30 -> 0 | K44: ='PI 1'!L30+'PI 2'!L30+'PI 3'!L30+'PI 4'!L30+'PI 5'!L30+'PI 6'!L30+'PI 7'!L30+'PI 8'!L30+'PI 9'!L30+'PI 10'!L30+'PI 11'!L30 -> 0 | L44: =SUM(G44:K44) -> 0 | N44: ='PI 1'!M30+'PI 2'!M30+'PI 3'!M30+'PI 4'!M30+'PI 5'!M30+'PI 6'!M30+'PI 7'!M30+'PI 8'!M30+'PI 9'!M30+'PI 10'!M30+'PI 11'!M30 -> 0
C45: =C24 -> Admin/Clerical | F45: 0.4275 | G45: ='PI 1'!H31+'PI 2'!H31+'PI 3'!H31+'PI 4'!H31+'PI 5'!H31+'PI 6'!H31+'PI 7'!H31+'PI 8'!H31+'PI 9'!H31+'PI 10'!H31+'PI 11'!H31 -> 0 | H45: ='PI 1'!I31+'PI 2'!I31+'PI 3'!I31+'PI 4'!I31+'PI 5'!I31+'PI 6'!I31+'PI 7'!I31+'PI 8'!I31+'PI 9'!I31+'PI 10'!I31+'PI 11'!I31 -> 0 | I45: ='PI 1'!J31+'PI 2'!J31+'PI 3'!J31+'PI 4'!J31+'PI 5'!J31+'PI 6'!J31+'PI 7'!J31+'PI 8'!J31+'PI 9'!J31+'PI 10'!J31+'PI 11'!J31 -> 0 | J45: ='PI 1'!K31+'PI 2'!K31+'PI 3'!K31+'PI 4'!K31+'PI 5'!K31+'PI 6'!K31+'PI 7'!K31+'PI 8'!K31+'PI 9'!K31+'PI 10'!K31+'PI 11'!K31 -> 0 | K45: ='PI 1'!L31+'PI 2'!L31+'PI 3'!L31+'PI 4'!L31+'PI 5'!L31+'PI 6'!L31+'PI 7'!L31+'PI 8'!L31+'PI 9'!L31+'PI 10'!L31+'PI 11'!L31 -> 0 | L45: =SUM(G45:K45) -> 0 | N45: ='PI 1'!M31+'PI 2'!M31+'PI 3'!M31+'PI 4'!M31+'PI 5'!M31+'PI 6'!M31+'PI 7'!M31+'PI 8'!M31+'PI 9'!M31+'PI 10'!M31+'PI 11'!M31 -> 0
C46: =C25 -> Graduate Students | F46: 0.26 | G46: ='PI 1'!H32+'PI 2'!H32+'PI 3'!H32+'PI 4'!H32+'PI 5'!H32+'PI 6'!H32+'PI 7'!H32+'PI 8'!H32+'PI 9'!H32+'PI 10'!H32+'PI 11'!H32 -> 0 | H46: ='PI 1'!I32+'PI 2'!I32+'PI 3'!I32+'PI 4'!I32+'PI 5'!I32+'PI 6'!I32+'PI 7'!I32+'PI 8'!I32+'PI 9'!I32+'PI 10'!I32+'PI 11'!I32 -> 0 | I46: ='PI 1'!J32+'PI 2'!J32+'PI 3'!J32+'PI 4'!J32+'PI 5'!J32+'PI 6'!J32+'PI 7'!J32+'PI 8'!J32+'PI 9'!J32+'PI 10'!J32+'PI 11'!J32 -> 0 | J46: ='PI 1'!K32+'PI 2'!K32+'PI 3'!K32+'PI 4'!K32+'PI 5'!K32+'PI 6'!K32+'PI 7'!K32+'PI 8'!K32+'PI 9'!K32+'PI 10'!K32+'PI 11'!K32 -> 0 | K46: ='PI 1'!L32+'PI 2'!L32+'PI 3'!L32+'PI 4'!L32+'PI 5'!L32+'PI 6'!L32+'PI 7'!L32+'PI 8'!L32+'PI 9'!L32+'PI 10'!L32+'PI 11'!L32 -> 0 | L46: =SUM(G46:K46) -> 0 | N46: ='PI 1'!M32+'PI 2'!M32+'PI 3'!M32+'PI 4'!M32+'PI 5'!M32+'PI 6'!M32+'PI 7'!M32+'PI 8'!M32+'PI 9'!M32+'PI 10'!M32+'PI 11'!M32 -> 0
C47: =C26 -> Udergraduates | F47: 0.015 | G47: ='PI 1'!H33+'PI 2'!H33+'PI 3'!H33+'PI 4'!H33+'PI 5'!H33+'PI 6'!H33+'PI 7'!H33+'PI 8'!H33+'PI 9'!H33+'PI 10'!H33+'PI 11'!H33 -> 0 | H47: ='PI 1'!I33+'PI 2'!I33+'PI 3'!I33+'PI 4'!I33+'PI 5'!I33+'PI 6'!I33+'PI 7'!I33+'PI 8'!I33+'PI 9'!I33+'PI 10'!I33+'PI 11'!I33 -> 0 | I47: ='PI 1'!J33+'PI 2'!J33+'PI 3'!J33+'PI 4'!J33+'PI 5'!J33+'PI 6'!J33+'PI 7'!J33+'PI 8'!J33+'PI 9'!J33+'PI 10'!J33+'PI 11'!J33 -> 0 | J47: ='PI 1'!K33+'PI 2'!K33+'PI 3'!K33+'PI 4'!K33+'PI 5'!K33+'PI 6'!K33+'PI 7'!K33+'PI 8'!K33+'PI 9'!K33+'PI 10'!K33+'PI 11'!K33 -> 0 | K47: ='PI 1'!L33+'PI 2'!L33+'PI 3'!L33+'PI 4'!L33+'PI 5'!L33+'PI 6'!L33+'PI 7'!L33+'PI 8'!L33+'PI 9'!L33+'PI 10'!L33+'PI 11'!L33 -> 0 | L47: =SUM(G47:K47) -> 0 | N47: ='PI 1'!M33+'PI 2'!M33+'PI 3'!M33+'PI 4'!M33+'PI 5'!M33+'PI 6'!M33+'PI 7'!M33+'PI 8'!M33+'PI 9'!M33+'PI 10'!M33+'PI 11'!M33 -> 0
C48: =C27 -> Temp | F48: 0.245 | G48: ='PI 1'!H34+'PI 2'!H34+'PI 3'!H34+'PI 4'!H34+'PI 5'!H34+'PI 6'!H34+'PI 7'!H34+'PI 8'!H34+'PI 9'!H34+'PI 10'!H34+'PI 11'!H34 -> 0 | H48: ='PI 1'!I34+'PI 2'!I34+'PI 3'!I34+'PI 4'!I34+'PI 5'!I34+'PI 6'!I34+'PI 7'!I34+'PI 8'!I34+'PI 9'!I34+'PI 10'!I34+'PI 11'!I34 -> 0 | I48: ='PI 1'!J34+'PI 2'!J34+'PI 3'!J34+'PI 4'!J34+'PI 5'!J34+'PI 6'!J34+'PI 7'!J34+'PI 8'!J34+'PI 9'!J34+'PI 10'!J34+'PI 11'!J34 -> 0 | J48: ='PI 1'!K34+'PI 2'!K34+'PI 3'!K34+'PI 4'!K34+'PI 5'!K34+'PI 6'!K34+'PI 7'!K34+'PI 8'!K34+'PI 9'!K34+'PI 10'!K34+'PI 11'!K34 -> 0 | K48: ='PI 1'!L34+'PI 2'!L34+'PI 3'!L34+'PI 4'!L34+'PI 5'!L34+'PI 6'!L34+'PI 7'!L34+'PI 8'!L34+'PI 9'!L34+'PI 10'!L34+'PI 11'!L34 -> 0 | L48: =SUM(G48:K48) -> 0 | N48: ='PI 1'!M34+'PI 2'!M34+'PI 3'!M34+'PI 4'!M34+'PI 5'!M34+'PI 6'!M34+'PI 7'!M34+'PI 8'!M34+'PI 9'!M34+'PI 10'!M34+'PI 11'!M34 -> 0
C49: Total Fringe Benefits | G49: =SUM(G31:G48) -> 0 | H49: =SUM(H31:H48) -> 0 | I49: =SUM(I31:I48) -> 0 | J49: =SUM(J31:J48) -> 0 | K49: =SUM(K31:K48) -> 0 | L49: =SUM(L31:L48) -> 0 | N49: ='PI 1'!M35+'PI 2'!M35+'PI 3'!M35+'PI 4'!M35+'PI 5'!M35+'PI 6'!M35+'PI 7'!M35+'PI 8'!M35+'PI 9'!M35+'PI 10'!M35+'PI 11'!M35 -> 0
C51: Total Personnel | G51: =SUM(G28,G49) -> 0 | H51: =SUM(H28,H49) -> 0 | I51: =SUM(I28,I49) -> 0 | J51: =SUM(J28,J49) -> 0 | K51: =SUM(K28,K49) -> 0 | L51: =SUM(L28,L49) -> 0 | M51: =SUM(M28,M49) -> 0 | N51: =SUM(N28,N49) -> 0
A53: B. Capitalized Equipment ($5K or Greater)
B54: 1 | J54: =SUM('PI 1'!K40,'PI 2'!K40,'PI 6'!K40,'PI 7'!K40,'PI 3'!K40,'PI 4'!K40,'PI 5'!K40,'PI 8'!K40+'PI 9'!K40+'PI 10'!K40+'PI 11'!K40) -> 0 | K54: =SUM('PI 1'!L40,'PI 2'!L40,'PI 6'!L40,'PI 7'!L40,'PI 3'!L40,'PI 4'!L40,'PI 5'!L40,'PI 8'!L40+'PI 9'!L40+'PI 10'!L40+'PI 11'!L40) -> 0 | L54: =SUM(G54:K54) -> 0 | N54: ='PI 1'!M40+'PI 2'!M40+'PI 3'!M40+'PI 4'!M40+'PI 5'!M40+'PI 6'!M40+'PI 7'!M40+'PI 8'!M40+'PI 9'!M40+'PI 10'!M40+'PI 11'!M40 -> 0
B55: 2 | J55: =SUM('PI 1'!K41,'PI 2'!K41,'PI 6'!K41,'PI 7'!K41,'PI 3'!K41,'PI 4'!K41,'PI 5'!K41,'PI 8'!K41+'PI 9'!K41+'PI 10'!K41+'PI 11'!K41) -> 0 | K55: =SUM('PI 1'!L41,'PI 2'!L41,'PI 6'!L41,'PI 7'!L41,'PI 3'!L41,'PI 4'!L41,'PI 5'!L41,'PI 8'!L41+'PI 9'!L41+'PI 10'!L41+'PI 11'!L41) -> 0 | L55: =SUM(G55:K55) -> 0 | N55: ='PI 1'!M41+'PI 2'!M41+'PI 3'!M41+'PI 4'!M41+'PI 5'!M41+'PI 6'!M41+'PI 7'!M41+'PI 8'!M41+'PI 9'!M41+'PI 10'!M41+'PI 11'!M41 -> 0
B56: 3 | J56: =SUM('PI 1'!K42,'PI 2'!K42,'PI 6'!K42,'PI 7'!K42,'PI 3'!K42,'PI 4'!K42,'PI 5'!K42,'PI 8'!K42+'PI 9'!K42+'PI 10'!K42+'PI 11'!K42) -> 0 | K56: =SUM('PI 1'!L42,'PI 2'!L42,'PI 6'!L42,'PI 7'!L42,'PI 3'!L42,'PI 4'!L42,'PI 5'!L42,'PI 8'!L42+'PI 9'!L42+'PI 10'!L42+'PI 11'!L42) -> 0 | L56: =SUM(G56:K56) -> 0 | N56: ='PI 1'!M42+'PI 2'!M42+'PI 3'!M42+'PI 4'!M42+'PI 5'!M42+'PI 6'!M42+'PI 7'!M42+'PI 8'!M42+'PI 9'!M42+'PI 10'!M42+'PI 11'!M42 -> 0
B57: 4 | J57: =SUM('PI 1'!K43,'PI 2'!K43,'PI 6'!K43,'PI 7'!K43,'PI 3'!K43,'PI 4'!K43,'PI 5'!K43,'PI 8'!K43+'PI 9'!K43+'PI 10'!K43+'PI 11'!K43) -> 0 | K57: =SUM('PI 1'!L43,'PI 2'!L43,'PI 6'!L43,'PI 7'!L43,'PI 3'!L43,'PI 4'!L43,'PI 5'!L43,'PI 8'!L43+'PI 9'!L43+'PI 10'!L43+'PI 11'!L43) -> 0 | L57: =SUM(G57:K57) -> 0 | N57: ='PI 1'!M43+'PI 2'!M43+'PI 3'!M43+'PI 4'!M43+'PI 5'!M43+'PI 6'!M43+'PI 7'!M43+'PI 8'!M43+'PI 9'!M43+'PI 10'!M43+'PI 11'!M43 -> 0
B58: 5 | J58: =SUM('PI 1'!K44,'PI 2'!K44,'PI 6'!K44,'PI 7'!K44,'PI 3'!K44,'PI 4'!K44,'PI 5'!K44,'PI 8'!K44+'PI 9'!K44+'PI 10'!K44+'PI 11'!K44) -> 0 | K58: =SUM('PI 1'!L44,'PI 2'!L44,'PI 6'!L44,'PI 7'!L44,'PI 3'!L44,'PI 4'!L44,'PI 5'!L44,'PI 8'!L44+'PI 9'!L44+'PI 10'!L44+'PI 11'!L44) -> 0 | L58: =SUM(G58:K58) -> 0 | N58: ='PI 1'!M44+'PI 2'!M44+'PI 3'!M44+'PI 4'!M44+'PI 5'!M44+'PI 6'!M44+'PI 7'!M44+'PI 8'!M44+'PI 9'!M44+'PI 10'!M44+'PI 11'!M44 -> 0
C59: Total Equipment | G59: =SUM(G54:G58) -> 0 | H59: =SUM(H54:H58) -> 0 | I59: =SUM(I54:I58) -> 0 | J59: =SUM(J54:J58) -> 0 | K59: =SUM(K54:K58) -> 0 | L59: =SUM(L54:L58) -> 0 | N59: ='PI 1'!M45+'PI 2'!M45+'PI 3'!M45+'PI 4'!M45+'PI 5'!M45+'PI 6'!M45+'PI 7'!M45+'PI 8'!M45+'PI 9'!M45+'PI 10'!M45+'PI 11'!M45 -> 0
A61: C. Travel
B62: 1 | C62: domestic | G62: ='PI 1'!H48+'PI 2'!H48+'PI 3'!H48+'PI 4'!H48+'PI 5'!H48+'PI 6'!H48+'PI 7'!H48+'PI 8'!H48+'PI 9'!H48+'PI 10'!H48+'PI 11'!H48 -> 0 | H62: ='PI 1'!I48+'PI 2'!I48+'PI 3'!I48+'PI 4'!I48+'PI 5'!I48+'PI 6'!I48+'PI 7'!I48+'PI 8'!I48+'PI 9'!I48+'PI 10'!I48+'PI 11'!I48 -> 0 | I62: ='PI 1'!J48+'PI 2'!J48+'PI 3'!J48+'PI 4'!J48+'PI 5'!J48+'PI 6'!J48+'PI 7'!J48+'PI 8'!J48+'PI 9'!J48+'PI 10'!J48+'PI 11'!J48 -> 0 | J62: ='PI 1'!K48+'PI 2'!K48+'PI 3'!K48+'PI 4'!K48+'PI 5'!K48+'PI 6'!K48+'PI 7'!K48+'PI 8'!K48+'PI 9'!K48+'PI 10'!K48+'PI 11'!K48 -> 0 | K62: ='PI 1'!L48+'PI 2'!L48+'PI 3'!L48+'PI 4'!L48+'PI 5'!L48+'PI 6'!L48+'PI 7'!L48+'PI 8'!L48+'PI 9'!L48+'PI 10'!L48+'PI 11'!L48 -> 0 | L62: =SUM(G62:K62) -> 0 | N62: ='PI 1'!M48+'PI 2'!M48+'PI 3'!M48+'PI 4'!M48+'PI 5'!M48+'PI 6'!M48+'PI 7'!M48+'PI 8'!M48+'PI 9'!M48+'PI 10'!M48+'PI 11'!M48 -> 0
B63: 2 | C63: foreign | G63: ='PI 1'!H49+'PI 2'!H49+'PI 3'!H49+'PI 4'!H49+'PI 5'!H49+'PI 6'!H49+'PI 7'!H49+'PI 8'!H49+'PI 9'!H49+'PI 10'!H49+'PI 11'!H49 -> 0 | H63: ='PI 1'!I49+'PI 2'!I49+'PI 3'!I49+'PI 4'!I49+'PI 5'!I49+'PI 6'!I49+'PI 7'!I49+'PI 8'!I49+'PI 9'!I49+'PI 10'!I49+'PI 11'!I49 -> 0 | I63: ='PI 1'!J49+'PI 2'!J49+'PI 3'!J49+'PI 4'!J49+'PI 5'!J49+'PI 6'!J49+'PI 7'!J49+'PI 8'!J49+'PI 9'!J49+'PI 10'!J49+'PI 11'!J49 -> 0 | J63: ='PI 1'!K49+'PI 2'!K49+'PI 3'!K49+'PI 4'!K49+'PI 5'!K49+'PI 6'!K49+'PI 7'!K49+'PI 8'!K49+'PI 9'!K49+'PI 10'!K49+'PI 11'!K49 -> 0 | K63: ='PI 1'!L49+'PI 2'!L49+'PI 3'!L49+'PI 4'!L49+'PI 5'!L49+'PI 6'!L49+'PI 7'!L49+'PI 8'!L49+'PI 9'!L49+'PI 10'!L49+'PI 11'!L49 -> 0 | L63: =SUM(G63:K63) -> 0 | N63: ='PI 1'!M49+'PI 2'!M49+'PI 3'!M49+'PI 4'!M49+'PI 5'!M49+'PI 6'!M49+'PI 7'!M49+'PI 8'!M49+'PI 9'!M49+'PI 10'!M49+'PI 11'!M49 -> 0
C64: Total Travel | G64: =SUM(G62:G63) -> 0 | H64: =SUM(H62:H63) -> 0 | I64: =SUM(I62:I63) -> 0 | J64: =SUM(J62:J63) -> 0 | K64: =SUM(K62:K63) -> 0 | L64: =SUM(L62:L63) -> 0 | N64: ='PI 1'!M50+'PI 2'!M50+'PI 3'!M50+'PI 4'!M50+'PI 5'!M50+'PI 6'!M50+'PI 7'!M50+'PI 8'!M50+'PI 9'!M50+'PI 10'!M50+'PI 11'!M50 -> 0
A67: E. Other Direct Costs
B68: 1 | C68: Office Supplies | G68: ='PI 1'!H53+'PI 2'!H53+'PI 3'!H53+'PI 4'!H53+'PI 5'!H53+'PI 6'!H53+'PI 7'!H53+'PI 8'!H53+'PI 9'!H53+'PI 10'!H53+'PI 11'!H53 -> 0 | H68: ='PI 1'!I53+'PI 2'!I53+'PI 3'!I53+'PI 4'!I53+'PI 5'!I53+'PI 6'!I53+'PI 7'!I53+'PI 8'!I53+'PI 9'!I53+'PI 10'!I53+'PI 11'!I53 -> 0 | I68: ='PI 1'!J53+'PI 2'!J53+'PI 3'!J53+'PI 4'!J53+'PI 5'!J53+'PI 6'!J53+'PI 7'!J53+'PI 8'!J53+'PI 9'!J53+'PI 10'!J53+'PI 11'!J53 -> 0 | J68: ='PI 1'!K53+'PI 2'!K53+'PI 3'!K53+'PI 4'!K53+'PI 5'!K53+'PI 6'!K53+'PI 7'!K53+'PI 8'!K53+'PI 9'!K53+'PI 10'!K53+'PI 11'!K53 -> 0 | K68: ='PI 1'!L53+'PI 2'!L53+'PI 3'!L53+'PI 4'!L53+'PI 5'!L53+'PI 6'!L53+'PI 7'!L53+'PI 8'!L53+'PI 9'!L53+'PI 10'!L53+'PI 11'!L53 -> 0 | L68: =SUM(G68:K68) -> 0 | N68: ='PI 1'!M53+'PI 2'!M53+'PI 3'!M53+'PI 4'!M53+'PI 5'!M53+'PI 6'!M53+'PI 7'!M53+'PI 8'!M53+'PI 9'!M53+'PI 10'!M53+'PI 11'!M53 -> 0
B69: 2 | C69: Non-office Supplies | G69: ='PI 1'!H54+'PI 2'!H54+'PI 3'!H54+'PI 4'!H54+'PI 5'!H54+'PI 6'!H54+'PI 7'!H54+'PI 8'!H54+'PI 9'!H54+'PI 10'!H54+'PI 11'!H54 -> 0 | H69: ='PI 1'!I54+'PI 2'!I54+'PI 3'!I54+'PI 4'!I54+'PI 5'!I54+'PI 6'!I54+'PI 7'!I54+'PI 8'!I54+'PI 9'!I54+'PI 10'!I54+'PI 11'!I54 -> 0 | I69: ='PI 1'!J54+'PI 2'!J54+'PI 3'!J54+'PI 4'!J54+'PI 5'!J54+'PI 6'!J54+'PI 7'!J54+'PI 8'!J54+'PI 9'!J54+'PI 10'!J54+'PI 11'!J54 -> 0 | J69: ='PI 1'!K54+'PI 2'!K54+'PI 3'!K54+'PI 4'!K54+'PI 5'!K54+'PI 6'!K54+'PI 7'!K54+'PI 8'!K54+'PI 9'!K54+'PI 10'!K54+'PI 11'!K54 -> 0 | K69: ='PI 1'!L54+'PI 2'!L54+'PI 3'!L54+'PI 4'!L54+'PI 5'!L54+'PI 6'!L54+'PI 7'!L54+'PI 8'!L54+'PI 9'!L54+'PI 10'!L54+'PI 11'!L54 -> 0 | L69: =SUM(G69:K69) -> 0 | N69: ='PI 1'!M54+'PI 2'!M54+'PI 3'!M54+'PI 4'!M54+'PI 5'!M54+'PI 6'!M54+'PI 7'!M54+'PI 8'!M54+'PI 9'!M54+'PI 10'!M54+'PI 11'!M54 -> 0
B70: 3 | C70: Feed/Seed/Fertilizer | G70: ='PI 1'!H55+'PI 2'!H55+'PI 3'!H55+'PI 4'!H55+'PI 5'!H55+'PI 6'!H55+'PI 7'!H55+'PI 8'!H55+'PI 9'!H55+'PI 10'!H55+'PI 11'!H55 -> 0 | H70: ='PI 1'!I55+'PI 2'!I55+'PI 3'!I55+'PI 4'!I55+'PI 5'!I55+'PI 6'!I55+'PI 7'!I55+'PI 8'!I55+'PI 9'!I55+'PI 10'!I55+'PI 11'!I55 -> 0 | I70: ='PI 1'!J55+'PI 2'!J55+'PI 3'!J55+'PI 4'!J55+'PI 5'!J55+'PI 6'!J55+'PI 7'!J55+'PI 8'!J55+'PI 9'!J55+'PI 10'!J55+'PI 11'!J55 -> 0 | J70: ='PI 1'!K55+'PI 2'!K55+'PI 3'!K55+'PI 4'!K55+'PI 5'!K55+'PI 6'!K55+'PI 7'!K55+'PI 8'!K55+'PI 9'!K55+'PI 10'!K55+'PI 11'!K55 -> 0 | K70: ='PI 1'!L55+'PI 2'!L55+'PI 3'!L55+'PI 4'!L55+'PI 5'!L55+'PI 6'!L55+'PI 7'!L55+'PI 8'!L55+'PI 9'!L55+'PI 10'!L55+'PI 11'!L55 -> 0 | L70: =SUM(G70:K70) -> 0 | N70: ='PI 1'!M55+'PI 2'!M55+'PI 3'!M55+'PI 4'!M55+'PI 5'!M55+'PI 6'!M55+'PI 7'!M55+'PI 8'!M55+'PI 9'!M55+'PI 10'!M55+'PI 11'!M55 -> 0
B71: 4 | C71: Food/Working Meals | G71: ='PI 1'!H56+'PI 2'!H56+'PI 3'!H56+'PI 4'!H56+'PI 5'!H56+'PI 6'!H56+'PI 7'!H56+'PI 8'!H56+'PI 9'!H56+'PI 10'!H56+'PI 11'!H56 -> 0 | H71: ='PI 1'!I56+'PI 2'!I56+'PI 3'!I56+'PI 4'!I56+'PI 5'!I56+'PI 6'!I56+'PI 7'!I56+'PI 8'!I56+'PI 9'!I56+'PI 10'!I56+'PI 11'!I56 -> 0 | I71: ='PI 1'!J56+'PI 2'!J56+'PI 3'!J56+'PI 4'!J56+'PI 5'!J56+'PI 6'!J56+'PI 7'!J56+'PI 8'!J56+'PI 9'!J56+'PI 10'!J56+'PI 11'!J56 -> 0 | J71: ='PI 1'!K56+'PI 2'!K56+'PI 3'!K56+'PI 4'!K56+'PI 5'!K56+'PI 6'!K56+'PI 7'!K56+'PI 8'!K56+'PI 9'!K56+'PI 10'!K56+'PI 11'!K56 -> 0 | K71: ='PI 1'!L56+'PI 2'!L56+'PI 3'!L56+'PI 4'!L56+'PI 5'!L56+'PI 6'!L56+'PI 7'!L56+'PI 8'!L56+'PI 9'!L56+'PI 10'!L56+'PI 11'!L56 -> 0 | L71: =SUM(G71:K71) -> 0 | N71: ='PI 1'!M56+'PI 2'!M56+'PI 3'!M56+'PI 4'!M56+'PI 5'!M56+'PI 6'!M56+'PI 7'!M56+'PI 8'!M56+'PI 9'!M56+'PI 10'!M56+'PI 11'!M56 -> 0
B72: 5 | C72: Publications/Films | G72: ='PI 1'!H57+'PI 2'!H57+'PI 3'!H57+'PI 4'!H57+'PI 5'!H57+'PI 6'!H57+'PI 7'!H57+'PI 8'!H57+'PI 9'!H57+'PI 10'!H57+'PI 11'!H57 -> 0 | H72: ='PI 1'!I57+'PI 2'!I57+'PI 3'!I57+'PI 4'!I57+'PI 5'!I57+'PI 6'!I57+'PI 7'!I57+'PI 8'!I57+'PI 9'!I57+'PI 10'!I57+'PI 11'!I57 -> 0 | I72: ='PI 1'!J57+'PI 2'!J57+'PI 3'!J57+'PI 4'!J57+'PI 5'!J57+'PI 6'!J57+'PI 7'!J57+'PI 8'!J57+'PI 9'!J57+'PI 10'!J57+'PI 11'!J57 -> 0 | J72: ='PI 1'!K57+'PI 2'!K57+'PI 3'!K57+'PI 4'!K57+'PI 5'!K57+'PI 6'!K57+'PI 7'!K57+'PI 8'!K57+'PI 9'!K57+'PI 10'!K57+'PI 11'!K57 -> 0 | K72: ='PI 1'!L57+'PI 2'!L57+'PI 3'!L57+'PI 4'!L57+'PI 5'!L57+'PI 6'!L57+'PI 7'!L57+'PI 8'!L57+'PI 9'!L57+'PI 10'!L57+'PI 11'!L57 -> 0 | L72: =SUM(G72:K72) -> 0 | N72: ='PI 1'!M57+'PI 2'!M57+'PI 3'!M57+'PI 4'!M57+'PI 5'!M57+'PI 6'!M57+'PI 7'!M57+'PI 8'!M57+'PI 9'!M57+'PI 10'!M57+'PI 11'!M57 -> 0
B73: 6 | C73: Non-capital Equipment (laptops too) | G73: ='PI 1'!H58+'PI 2'!H58+'PI 3'!H58+'PI 4'!H58+'PI 5'!H58+'PI 6'!H58+'PI 7'!H58+'PI 8'!H58+'PI 9'!H58+'PI 10'!H58+'PI 11'!H58 -> 0 | H73: ='PI 1'!I58+'PI 2'!I58+'PI 3'!I58+'PI 4'!I58+'PI 5'!I58+'PI 6'!I58+'PI 7'!I58+'PI 8'!I58+'PI 9'!I58+'PI 10'!I58+'PI 11'!I58 -> 0 | I73: ='PI 1'!J58+'PI 2'!J58+'PI 3'!J58+'PI 4'!J58+'PI 5'!J58+'PI 6'!J58+'PI 7'!J58+'PI 8'!J58+'PI 9'!J58+'PI 10'!J58+'PI 11'!J58 -> 0 | J73: ='PI 1'!K58+'PI 2'!K58+'PI 3'!K58+'PI 4'!K58+'PI 5'!K58+'PI 6'!K58+'PI 7'!K58+'PI 8'!K58+'PI 9'!K58+'PI 10'!K58+'PI 11'!K58 -> 0 | K73: ='PI 1'!L58+'PI 2'!L58+'PI 3'!L58+'PI 4'!L58+'PI 5'!L58+'PI 6'!L58+'PI 7'!L58+'PI 8'!L58+'PI 9'!L58+'PI 10'!L58+'PI 11'!L58 -> 0 | L73: =SUM(G73:K73) -> 0 | N73: ='PI 1'!M58+'PI 2'!M58+'PI 3'!M58+'PI 4'!M58+'PI 5'!M58+'PI 6'!M58+'PI 7'!M58+'PI 8'!M58+'PI 9'!M58+'PI 10'!M58+'PI 11'!M58 -> 0
B74: 7 | C74: Postage | G74: ='PI 1'!H59+'PI 2'!H59+'PI 3'!H59+'PI 4'!H59+'PI 5'!H59+'PI 6'!H59+'PI 7'!H59+'PI 8'!H59+'PI 9'!H59+'PI 10'!H59+'PI 11'!H59 -> 0 | H74: ='PI 1'!I59+'PI 2'!I59+'PI 3'!I59+'PI 4'!I59+'PI 5'!I59+'PI 6'!I59+'PI 7'!I59+'PI 8'!I59+'PI 9'!I59+'PI 10'!I59+'PI 11'!I59 -> 0 | I74: ='PI 1'!J59+'PI 2'!J59+'PI 3'!J59+'PI 4'!J59+'PI 5'!J59+'PI 6'!J59+'PI 7'!J59+'PI 8'!J59+'PI 9'!J59+'PI 10'!J59+'PI 11'!J59 -> 0 | J74: ='PI 1'!K59+'PI 2'!K59+'PI 3'!K59+'PI 4'!K59+'PI 5'!K59+'PI 6'!K59+'PI 7'!K59+'PI 8'!K59+'PI 9'!K59+'PI 10'!K59+'PI 11'!K59 -> 0 | K74: ='PI 1'!L59+'PI 2'!L59+'PI 3'!L59+'PI 4'!L59+'PI 5'!L59+'PI 6'!L59+'PI 7'!L59+'PI 8'!L59+'PI 9'!L59+'PI 10'!L59+'PI 11'!L59 -> 0 | L74: =SUM(G74:K74) -> 0 | N74: ='PI 1'!M59+'PI 2'!M59+'PI 3'!M59+'PI 4'!M59+'PI 5'!M59+'PI 6'!M59+'PI 7'!M59+'PI 8'!M59+'PI 9'!M59+'PI 10'!M59+'PI 11'!M59 -> 0
B75: 8 | C75: Communications | G75: ='PI 1'!H60+'PI 2'!H60+'PI 3'!H60+'PI 4'!H60+'PI 5'!H60+'PI 6'!H60+'PI 7'!H60+'PI 8'!H60+'PI 9'!H60+'PI 10'!H60+'PI 11'!H60 -> 0 | H75: ='PI 1'!I60+'PI 2'!I60+'PI 3'!I60+'PI 4'!I60+'PI 5'!I60+'PI 6'!I60+'PI 7'!I60+'PI 8'!I60+'PI 9'!I60+'PI 10'!I60+'PI 11'!I60 -> 0 | I75: ='PI 1'!J60+'PI 2'!J60+'PI 3'!J60+'PI 4'!J60+'PI 5'!J60+'PI 6'!J60+'PI 7'!J60+'PI 8'!J60+'PI 9'!J60+'PI 10'!J60+'PI 11'!J60 -> 0 | J75: ='PI 1'!K60+'PI 2'!K60+'PI 3'!K60+'PI 4'!K60+'PI 5'!K60+'PI 6'!K60+'PI 7'!K60+'PI 8'!K60+'PI 9'!K60+'PI 10'!K60+'PI 11'!K60 -> 0 | K75: ='PI 1'!L60+'PI 2'!L60+'PI 3'!L60+'PI 4'!L60+'PI 5'!L60+'PI 6'!L60+'PI 7'!L60+'PI 8'!L60+'PI 9'!L60+'PI 10'!L60+'PI 11'!L60 -> 0 | L75: =SUM(G75:K75) -> 0 | N75: ='PI 1'!M60+'PI 2'!M60+'PI 3'!M60+'PI 4'!M60+'PI 5'!M60+'PI 6'!M60+'PI 7'!M60+'PI 8'!M60+'PI 9'!M60+'PI 10'!M60+'PI 11'!M60 -> 0
B76: 9 | C76: Printing/Reproduction | G76: ='PI 1'!H61+'PI 2'!H61+'PI 3'!H61+'PI 4'!H61+'PI 5'!H61+'PI 6'!H61+'PI 7'!H61+'PI 8'!H61+'PI 9'!H61+'PI 10'!H61+'PI 11'!H61 -> 0 | H76: ='PI 1'!I61+'PI 2'!I61+'PI 3'!I61+'PI 4'!I61+'PI 5'!I61+'PI 6'!I61+'PI 7'!I61+'PI 8'!I61+'PI 9'!I61+'PI 10'!I61+'PI 11'!I61 -> 0 | I76: ='PI 1'!J61+'PI 2'!J61+'PI 3'!J61+'PI 4'!J61+'PI 5'!J61+'PI 6'!J61+'PI 7'!J61+'PI 8'!J61+'PI 9'!J61+'PI 10'!J61+'PI 11'!J61 -> 0 | J76: ='PI 1'!K61+'PI 2'!K61+'PI 3'!K61+'PI 4'!K61+'PI 5'!K61+'PI 6'!K61+'PI 7'!K61+'PI 8'!K61+'PI 9'!K61+'PI 10'!K61+'PI 11'!K61 -> 0 | K76: ='PI 1'!L61+'PI 2'!L61+'PI 3'!L61+'PI 4'!L61+'PI 5'!L61+'PI 6'!L61+'PI 7'!L61+'PI 8'!L61+'PI 9'!L61+'PI 10'!L61+'PI 11'!L61 -> 0 | L76: =SUM(G76:K76) -> 0 | N76: ='PI 1'!M61+'PI 2'!M61+'PI 3'!M61+'PI 4'!M61+'PI 5'!M61+'PI 6'!M61+'PI 7'!M61+'PI 8'!M61+'PI 9'!M61+'PI 10'!M61+'PI 11'!M61 -> 0
B77: 10 | C77: Rental | G77: ='PI 1'!H62+'PI 2'!H62+'PI 3'!H62+'PI 4'!H62+'PI 5'!H62+'PI 6'!H62+'PI 7'!H62+'PI 8'!H62+'PI 9'!H62+'PI 10'!H62+'PI 11'!H62 -> 0 | H77: ='PI 1'!I62+'PI 2'!I62+'PI 3'!I62+'PI 4'!I62+'PI 5'!I62+'PI 6'!I62+'PI 7'!I62+'PI 8'!I62+'PI 9'!I62+'PI 10'!I62+'PI 11'!I62 -> 0 | I77: ='PI 1'!J62+'PI 2'!J62+'PI 3'!J62+'PI 4'!J62+'PI 5'!J62+'PI 6'!J62+'PI 7'!J62+'PI 8'!J62+'PI 9'!J62+'PI 10'!J62+'PI 11'!J62 -> 0 | J77: ='PI 1'!K62+'PI 2'!K62+'PI 3'!K62+'PI 4'!K62+'PI 5'!K62+'PI 6'!K62+'PI 7'!K62+'PI 8'!K62+'PI 9'!K62+'PI 10'!K62+'PI 11'!K62 -> 0 | K77: ='PI 1'!L62+'PI 2'!L62+'PI 3'!L62+'PI 4'!L62+'PI 5'!L62+'PI 6'!L62+'PI 7'!L62+'PI 8'!L62+'PI 9'!L62+'PI 10'!L62+'PI 11'!L62 -> 0 | L77: =SUM(G77:K77) -> 0 | N77: ='PI 1'!M62+'PI 2'!M62+'PI 3'!M62+'PI 4'!M62+'PI 5'!M62+'PI 6'!M62+'PI 7'!M62+'PI 8'!M62+'PI 9'!M62+'PI 10'!M62+'PI 11'!M62 -> 0
B78: 11 | C78: Professional Service | G78: ='PI 1'!H63+'PI 2'!H63+'PI 3'!H63+'PI 4'!H63+'PI 5'!H63+'PI 6'!H63+'PI 7'!H63+'PI 8'!H63+'PI 9'!H63+'PI 10'!H63+'PI 11'!H63 -> 0 | H78: ='PI 1'!I63+'PI 2'!I63+'PI 3'!I63+'PI 4'!I63+'PI 5'!I63+'PI 6'!I63+'PI 7'!I63+'PI 8'!I63+'PI 9'!I63+'PI 10'!I63+'PI 11'!I63 -> 0 | I78: ='PI 1'!J63+'PI 2'!J63+'PI 3'!J63+'PI 4'!J63+'PI 5'!J63+'PI 6'!J63+'PI 7'!J63+'PI 8'!J63+'PI 9'!J63+'PI 10'!J63+'PI 11'!J63 -> 0 | J78: ='PI 1'!K63+'PI 2'!K63+'PI 3'!K63+'PI 4'!K63+'PI 5'!K63+'PI 6'!K63+'PI 7'!K63+'PI 8'!K63+'PI 9'!K63+'PI 10'!K63+'PI 11'!K63 -> 0 | K78: ='PI 1'!L63+'PI 2'!L63+'PI 3'!L63+'PI 4'!L63+'PI 5'!L63+'PI 6'!L63+'PI 7'!L63+'PI 8'!L63+'PI 9'!L63+'PI 10'!L63+'PI 11'!L63 -> 0 | L78: =SUM(G78:K78) -> 0 | N78: ='PI 1'!M63+'PI 2'!M63+'PI 3'!M63+'PI 4'!M63+'PI 5'!M63+'PI 6'!M63+'PI 7'!M63+'PI 8'!M63+'PI 9'!M63+'PI 10'!M63+'PI 11'!M63 -> 0
B79: 12 | C79: Computer Software Services | G79: ='PI 1'!H64+'PI 2'!H64+'PI 3'!H64+'PI 4'!H64+'PI 5'!H64+'PI 6'!H64+'PI 7'!H64+'PI 8'!H64+'PI 9'!H64+'PI 10'!H64+'PI 11'!H64 -> 0 | H79: ='PI 1'!I64+'PI 2'!I64+'PI 3'!I64+'PI 4'!I64+'PI 5'!I64+'PI 6'!I64+'PI 7'!I64+'PI 8'!I64+'PI 9'!I64+'PI 10'!I64+'PI 11'!I64 -> 0 | I79: ='PI 1'!J64+'PI 2'!J64+'PI 3'!J64+'PI 4'!J64+'PI 5'!J64+'PI 6'!J64+'PI 7'!J64+'PI 8'!J64+'PI 9'!J64+'PI 10'!J64+'PI 11'!J64 -> 0 | J79: ='PI 1'!K64+'PI 2'!K64+'PI 3'!K64+'PI 4'!K64+'PI 5'!K64+'PI 6'!K64+'PI 7'!K64+'PI 8'!K64+'PI 9'!K64+'PI 10'!K64+'PI 11'!K64 -> 0 | K79: ='PI 1'!L64+'PI 2'!L64+'PI 3'!L64+'PI 4'!L64+'PI 5'!L64+'PI 6'!L64+'PI 7'!L64+'PI 8'!L64+'PI 9'!L64+'PI 10'!L64+'PI 11'!L64 -> 0 | L79: =SUM(G79:K79) -> 0 | N79: ='PI 1'!M64+'PI 2'!M64+'PI 3'!M64+'PI 4'!M64+'PI 5'!M64+'PI 6'!M64+'PI 7'!M64+'PI 8'!M64+'PI 9'!M64+'PI 10'!M64+'PI 11'!M64 -> 0
... B82: 15 | C82: Graduate Insurance | G82: ='PI 1'!H67+'PI 2'!H67+'PI 3'!H67+'PI 4'!H67+'PI 5'!H67+'PI 6'!H67+'PI 7'!H67+'PI 8'!H67+'PI 9'!H67+'PI 10'!H67+'PI 11'!H67 -> 0 | H82: ='PI 1'!I67+'PI 2'!I67+'PI 3'!I67+'PI 4'!I67+'PI 5'!I67+'PI 6'!I67+'PI 7'!I67+'PI 8'!I67+'PI 9'!I67+'PI 10'!I67+'PI 11'!I67 -> 0 | I82: ='PI 1'!J67+'PI 2'!J67+'PI 3'!J67+'PI 4'!J67+'PI 5'!J67+'PI 6'!J67+'PI 7'!J67+'PI 8'!J67+'PI 9'!J67+'PI 10'!J67+'PI 11'!J67 -> 0 | J82: ='PI 1'!K67+'PI 2'!K67+'PI 3'!K67+'PI 4'!K67+'PI 5'!K67+'PI 6'!K67+'PI 7'!K67+'PI 8'!K67+'PI 9'!K67+'PI 10'!K67+'PI 11'!K67 -> 0 | K82: ='PI 1'!L67+'PI 2'!L67+'PI 3'!L67+'PI 4'!L67+'PI 5'!L67+'PI 6'!L67+'PI 7'!L67+'PI 8'!L67+'PI 9'!L67+'PI 10'!L67+'PI 11'!L67 -> 0 | L82: =SUM(G82:K82) -> 0 | N82: ='PI 1'!M67+'PI 2'!M67+'PI 3'!M67+'PI 4'!M67+'PI 5'!M67+'PI 6'!M67+'PI 7'!M67+'PI 8'!M67+'PI 9'!M67+'PI 10'!M67+'PI 11'!M67 -> 0
B83: 16 | C83: Participants Cost - Scholarships | G83: ='PI 1'!H68+'PI 2'!H68+'PI 3'!H68+'PI 4'!H68+'PI 5'!H68+'PI 6'!H68+'PI 7'!H68+'PI 8'!H68+'PI 9'!H68+'PI 10'!H68+'PI 11'!H68 -> 0 | H83: ='PI 1'!I68+'PI 2'!I68+'PI 3'!I68+'PI 4'!I68+'PI 5'!I68+'PI 6'!I68+'PI 7'!I68+'PI 8'!I68+'PI 9'!I68+'PI 10'!I68+'PI 11'!I68 -> 0 | I83: ='PI 1'!J68+'PI 2'!J68+'PI 3'!J68+'PI 4'!J68+'PI 5'!J68+'PI 6'!J68+'PI 7'!J68+'PI 8'!J68+'PI 9'!J68+'PI 10'!J68+'PI 11'!J68 -> 0 | J83: ='PI 1'!K68+'PI 2'!K68+'PI 3'!K68+'PI 4'!K68+'PI 5'!K68+'PI 6'!K68+'PI 7'!K68+'PI 8'!K68+'PI 9'!K68+'PI 10'!K68+'PI 11'!K68 -> 0 | K83: ='PI 1'!L68+'PI 2'!L68+'PI 3'!L68+'PI 4'!L68+'PI 5'!L68+'PI 6'!L68+'PI 7'!L68+'PI 8'!L68+'PI 9'!L68+'PI 10'!L68+'PI 11'!L68 -> 0 | L83: =SUM(G83:K83) -> 0 | N83: ='PI 1'!M68+'PI 2'!M68+'PI 3'!M68+'PI 4'!M68+'PI 5'!M68+'PI 6'!M68+'PI 7'!M68+'PI 8'!M68+'PI 9'!M68+'PI 10'!M68+'PI 11'!M68 -> 0 | O83: Participant Support Costs is for Workshop or Training projects ONLY
B84: 17 | C84: Participants Cost - Stipends | G84: ='PI 1'!H69+'PI 2'!H69+'PI 3'!H69+'PI 4'!H69+'PI 5'!H69+'PI 6'!H69+'PI 7'!H69+'PI 8'!H69+'PI 9'!H69+'PI 10'!H69+'PI 11'!H69 -> 0 | H84: ='PI 1'!I69+'PI 2'!I69+'PI 3'!I69+'PI 4'!I69+'PI 5'!I69+'PI 6'!I69+'PI 7'!I69+'PI 8'!I69+'PI 9'!I69+'PI 10'!I69+'PI 11'!I69 -> 0 | I84: ='PI 1'!J69+'PI 2'!J69+'PI 3'!J69+'PI 4'!J69+'PI 5'!J69+'PI 6'!J69+'PI 7'!J69+'PI 8'!J69+'PI 9'!J69+'PI 10'!J69+'PI 11'!J69 -> 0 | J84: ='PI 1'!K69+'PI 2'!K69+'PI 3'!K69+'PI 4'!K69+'PI 5'!K69+'PI 6'!K69+'PI 7'!K69+'PI 8'!K69+'PI 9'!K69+'PI 10'!K69+'PI 11'!K69 -> 0 | K84: ='PI 1'!L69+'PI 2'!L69+'PI 3'!L69+'PI 4'!L69+'PI 5'!L69+'PI 6'!L69+'PI 7'!L69+'PI 8'!L69+'PI 9'!L69+'PI 10'!L69+'PI 11'!L69 -> 0 | L84: =SUM(G84:K84) -> 0 | N84: ='PI 1'!M69+'PI 2'!M69+'PI 3'!M69+'PI 4'!M69+'PI 5'!M69+'PI 6'!M69+'PI 7'!M69+'PI 8'!M69+'PI 9'!M69+'PI 10'!M69+'PI 11'!M69 -> 0
B85: 18 | C85: Participants Cost - Travel | G85: ='PI 1'!H70+'PI 2'!H70+'PI 3'!H70+'PI 4'!H70+'PI 5'!H70+'PI 6'!H70+'PI 7'!H70+'PI 8'!H70+'PI 9'!H70+'PI 10'!H70+'PI 11'!H70 -> 0 | H85: ='PI 1'!I70+'PI 2'!I70+'PI 3'!I70+'PI 4'!I70+'PI 5'!I70+'PI 6'!I70+'PI 7'!I70+'PI 8'!I70+'PI 9'!I70+'PI 10'!I70+'PI 11'!I70 -> 0 | I85: ='PI 1'!J70+'PI 2'!J70+'PI 3'!J70+'PI 4'!J70+'PI 5'!J70+'PI 6'!J70+'PI 7'!J70+'PI 8'!J70+'PI 9'!J70+'PI 10'!J70+'PI 11'!J70 -> 0 | J85: ='PI 1'!K70+'PI 2'!K70+'PI 3'!K70+'PI 4'!K70+'PI 5'!K70+'PI 6'!K70+'PI 7'!K70+'PI 8'!K70+'PI 9'!K70+'PI 10'!K70+'PI 11'!K70 -> 0 | K85: ='PI 1'!L70+'PI 2'!L70+'PI 3'!L70+'PI 4'!L70+'PI 5'!L70+'PI 6'!L70+'PI 7'!L70+'PI 8'!L70+'PI 9'!L70+'PI 10'!L70+'PI 11'!L70 -> 0 | L85: =SUM(G85:K85) -> 0 | N85: ='PI 1'!M70+'PI 2'!M70+'PI 3'!M70+'PI 4'!M70+'PI 5'!M70+'PI 6'!M70+'PI 7'!M70+'PI 8'!M70+'PI 9'!M70+'PI 10'!M70+'PI 11'!M70 -> 0
B86: 19 | C86: Participants Cost - Sustenance | G86: ='PI 1'!H71+'PI 2'!H71+'PI 3'!H71+'PI 4'!H71+'PI 5'!H71+'PI 6'!H71+'PI 7'!H71+'PI 8'!H71+'PI 9'!H71+'PI 10'!H71+'PI 11'!H71 -> 0 | H86: ='PI 1'!I71+'PI 2'!I71+'PI 3'!I71+'PI 4'!I71+'PI 5'!I71+'PI 6'!I71+'PI 7'!I71+'PI 8'!I71+'PI 9'!I71+'PI 10'!I71+'PI 11'!I71 -> 0 | I86: ='PI 1'!J71+'PI 2'!J71+'PI 3'!J71+'PI 4'!J71+'PI 5'!J71+'PI 6'!J71+'PI 7'!J71+'PI 8'!J71+'PI 9'!J71+'PI 10'!J71+'PI 11'!J71 -> 0 | J86: ='PI 1'!K71+'PI 2'!K71+'PI 3'!K71+'PI 4'!K71+'PI 5'!K71+'PI 6'!K71+'PI 7'!K71+'PI 8'!K71+'PI 9'!K71+'PI 10'!K71+'PI 11'!K71 -> 0 | K86: ='PI 1'!L71+'PI 2'!L71+'PI 3'!L71+'PI 4'!L71+'PI 5'!L71+'PI 6'!L71+'PI 7'!L71+'PI 8'!L71+'PI 9'!L71+'PI 10'!L71+'PI 11'!L71 -> 0 | L86: =SUM(G86:K86) -> 0 | N86: ='PI 1'!M71+'PI 2'!M71+'PI 3'!M71+'PI 4'!M71+'PI 5'!M71+'PI 6'!M71+'PI 7'!M71+'PI 8'!M71+'PI 9'!M71+'PI 10'!M70+'PI 11'!M71 -> 0
B87: 20 | C87: Participant Costs - Other (Supplies) | G87: ='PI 1'!H72+'PI 2'!H72+'PI 3'!H72+'PI 4'!H72+'PI 5'!H72+'PI 6'!H72+'PI 7'!H72+'PI 8'!H72+'PI 9'!H72+'PI 10'!H72+'PI 11'!H72 -> 0 | H87: ='PI 1'!I72+'PI 2'!I72+'PI 3'!I72+'PI 4'!I72+'PI 5'!I72+'PI 6'!I72+'PI 7'!I72+'PI 8'!I72+'PI 9'!I72+'PI 10'!I72+'PI 11'!I72 -> 0 | I87: ='PI 1'!J72+'PI 2'!J72+'PI 3'!J72+'PI 4'!J72+'PI 5'!J72+'PI 6'!J72+'PI 7'!J72+'PI 8'!J72+'PI 9'!J72+'PI 10'!J72+'PI 11'!J72 -> 0 | J87: ='PI 1'!K72+'PI 2'!K72+'PI 3'!K72+'PI 4'!K72+'PI 5'!K72+'PI 6'!K72+'PI 7'!K72+'PI 8'!K72+'PI 9'!K72+'PI 10'!K72+'PI 11'!K72 -> 0 | K87: ='PI 1'!L72+'PI 2'!L72+'PI 3'!L72+'PI 4'!L72+'PI 5'!L72+'PI 6'!L72+'PI 7'!L72+'PI 8'!L72+'PI 9'!L72+'PI 10'!L72+'PI 11'!L72 -> 0 | L87: =SUM(G87:K87) -> 0 | N87: ='PI 1'!M72+'PI 2'!M72+'PI 3'!M72+'PI 4'!M72+'PI 5'!M72+'PI 6'!M72+'PI 7'!M72+'PI 8'!M72+'PI 9'!M72+'PI 10'!M72+'PI 11'!M72 -> 0
B88: 21 | C88: Trainee Allowance | G88: ='PI 1'!H73+'PI 2'!H73+'PI 3'!H73+'PI 4'!H73+'PI 5'!H73+'PI 6'!H73+'PI 7'!H73+'PI 8'!H73+'PI 9'!H73+'PI 10'!H73+'PI 11'!H73 -> 0 | H88: ='PI 1'!I73+'PI 2'!I73+'PI 3'!I73+'PI 4'!I73+'PI 5'!I73+'PI 6'!I73+'PI 7'!I73+'PI 8'!I73+'PI 9'!I73+'PI 10'!I73+'PI 11'!I73 -> 0 | I88: ='PI 1'!J73+'PI 2'!J73+'PI 3'!J73+'PI 4'!J73+'PI 5'!J73+'PI 6'!J73+'PI 7'!J73+'PI 8'!J73+'PI 9'!J73+'PI 10'!J73+'PI 11'!J73 -> 0 | J88: ='PI 1'!K73+'PI 2'!K73+'PI 3'!K73+'PI 4'!K73+'PI 5'!K73+'PI 6'!K73+'PI 7'!K73+'PI 8'!K73+'PI 9'!K73+'PI 10'!K73+'PI 11'!K73 -> 0 | K88: ='PI 1'!L73+'PI 2'!L73+'PI 3'!L73+'PI 4'!L73+'PI 5'!L73+'PI 6'!L73+'PI 7'!L73+'PI 8'!L73+'PI 9'!L73+'PI 10'!L73+'PI 11'!L73 -> 0 | L88: =SUM(G88:K88) -> 0 | N88: ='PI 1'!M73+'PI 2'!M73+'PI 3'!M73+'PI 4'!M73+'PI 5'!M73+'PI 6'!M73+'PI 7'!M73+'PI 8'!M73+'PI 9'!M73+'PI 10'!M73+'PI 11'!M73 -> 0
B89: 22 | C89: Other (foreign travel insurance) | G89: ='PI 1'!H74+'PI 2'!H74+'PI 3'!H74+'PI 4'!H74+'PI 5'!H74+'PI 6'!H74+'PI 7'!H74+'PI 8'!H74+'PI 9'!H74+'PI 10'!H74+'PI 11'!H74 -> 0 | H89: ='PI 1'!I74+'PI 2'!I74+'PI 3'!I74+'PI 4'!I74+'PI 5'!I74+'PI 6'!I74+'PI 7'!I74+'PI 8'!I74+'PI 9'!I74+'PI 10'!I74+'PI 11'!I74 -> 0 | I89: ='PI 1'!J74+'PI 2'!J74+'PI 3'!J74+'PI 4'!J74+'PI 5'!J74+'PI 6'!J74+'PI 7'!J74+'PI 8'!J74+'PI 9'!J74+'PI 10'!J74+'PI 11'!J74 -> 0 | J89: ='PI 1'!K74+'PI 2'!K74+'PI 3'!K74+'PI 4'!K74+'PI 5'!K74+'PI 6'!K74+'PI 7'!K74+'PI 8'!K74+'PI 9'!K74+'PI 10'!K74+'PI 11'!K74 -> 0 | K89: ='PI 1'!L74+'PI 2'!L74+'PI 3'!L74+'PI 4'!L74+'PI 5'!L74+'PI 6'!L74+'PI 7'!L74+'PI 8'!L74+'PI 9'!L74+'PI 10'!L74+'PI 11'!L74 -> 0 | L89: ='PI 1'!M74+'PI 2'!M74+'PI 3'!M74+'PI 4'!M74+'PI 5'!M74+'PI 6'!M74+'PI 7'!M74+'PI 8'!M74+'PI 9'!M74+'PI 10'!M74+'PI 11'!M74 -> 0 | N89: ='PI 1'!M74+'PI 2'!M74+'PI 3'!M74+'PI 4'!M74+'PI 5'!M74+'PI 6'!M74+'PI 7'!M74+'PI 8'!M74+'PI 9'!M74+'PI 10'!M74+'PI 11'!M74 -> 0
B90: 23 | C90: Other (non-employee travel) | G90: ='PI 1'!H75+'PI 2'!H75+'PI 3'!H75+'PI 4'!H75+'PI 5'!H75+'PI 6'!H75+'PI 7'!H75+'PI 8'!H75+'PI 9'!H75+'PI 10'!H75+'PI 11'!H75 -> 0 | H90: ='PI 1'!I75+'PI 2'!I75+'PI 3'!I75+'PI 4'!I75+'PI 5'!I75+'PI 6'!I75+'PI 7'!I75+'PI 8'!I75+'PI 9'!I75+'PI 10'!I75+'PI 11'!I75 -> 0 | I90: ='PI 1'!J75+'PI 2'!J75+'PI 3'!J75+'PI 4'!J75+'PI 5'!J75+'PI 6'!J75+'PI 7'!J75+'PI 8'!J75+'PI 9'!J75+'PI 10'!J75+'PI 11'!J75 -> 0 | J90: ='PI 1'!K75+'PI 2'!K75+'PI 3'!K75+'PI 4'!K75+'PI 5'!K75+'PI 6'!K75+'PI 7'!K75+'PI 8'!K75+'PI 9'!K75+'PI 10'!K75+'PI 11'!K75 -> 0 | K90: ='PI 1'!L75+'PI 2'!L75+'PI 3'!L75+'PI 4'!L75+'PI 5'!L75+'PI 6'!L75+'PI 7'!L75+'PI 8'!L75+'PI 9'!L75+'PI 10'!L75+'PI 11'!L75 -> 0 | L90: ='PI 1'!M75+'PI 2'!M75+'PI 3'!M75+'PI 4'!M75+'PI 5'!M75+'PI 6'!M75+'PI 7'!M75+'PI 8'!M75+'PI 9'!M75+'PI 10'!M75+'PI 11'!M75 -> 0 | N90: ='PI 1'!M75+'PI 2'!M75+'PI 3'!M75+'PI 4'!M75+'PI 5'!M75+'PI 6'!M75+'PI 7'!M75+'PI 8'!M75+'PI 9'!M75+'PI 10'!M75+'PI 11'!M75 -> 0
C91: Total Other Direct Cost | G91: =SUM(G68:G90) -> 0 | H91: =SUM(H68:H90) -> 0 | I91: =SUM(I68:I90) -> 0 | J91: =SUM(J68:J90) -> 0 | K91: =SUM(K68:K90) -> 0 | L91: =SUM(L68:L90) -> 0 | N91: ='PI 1'!M76+'PI 2'!M76+'PI 3'!M76+'PI 4'!M76+'PI 5'!M76+'PI 6'!M76+'PI 7'!M76+'PI 8'!M76+'PI 9'!M76+'PI 10'!M76+'PI 11'!M76 -> 0
B93: Subawards | F93: Total # of Awards =
B94: 1 | C94: ='PI 1'!D79 -> 0 | G94: ='PI 1'!H79 -> 0 | H94: ='PI 1'!I79 -> 0 | I94: ='PI 1'!J79 -> 0 | J94: ='PI 1'!K79 -> 0 | K94: ='PI 1'!L79 -> 0 | L94: =SUM(G94:K94) -> 0 | N94: ='PI 1'!M90 -> 0
B95: 2 | C95: ='PI 1'!D80 -> 0 | G95: ='PI 1'!H80 -> 0 | H95: ='PI 1'!I80 -> 0 | I95: ='PI 1'!J80 -> 0 | J95: ='PI 1'!K80 -> 0 | K95: ='PI 1'!L80 -> 0 | L95: =SUM(G95:K95) -> 0 | N95: ='PI 2'!M90 -> 0
B96: 3 | C96: ='PI 1'!D81 -> 0 | G96: ='PI 1'!H81 -> 0 | H96: ='PI 1'!I81 -> 0 | I96: ='PI 1'!J81 -> 0 | J96: ='PI 1'!K81 -> 0 | K96: ='PI 1'!L81 -> 0 | L96: =SUM(G96:K96) -> 0 | N96: ='PI 3'!M90 -> 0
B97: 4 | C97: PI 4 Detail in PI tab | G97: ='PI 4'!H90 -> 0 | H97: ='PI 4'!I90 -> 0 | I97: ='PI 4'!J90 -> 0 | J97: ='PI 4'!K90 -> 0 | K97: ='PI 4'!L90 -> 0 | L97: =SUM(G97:K97) -> 0 | N97: ='PI 4'!M90 -> 0
B98: 5 | C98: PI 5 Detail in PI tab | G98: ='PI 5'!H90 -> 0 | H98: ='PI 5'!I90 -> 0 | I98: ='PI 5'!J90 -> 0 | J98: ='PI 5'!K90 -> 0 | K98: ='PI 5'!L90 -> 0 | L98: =SUM(G98:K98) -> 0 | N98: ='PI 5'!M90 -> 0
B99: 6 | C99: PI 6 Detail in PI tab | G99: ='PI 6'!H90 -> 0 | H99: ='PI 6'!I90 -> 0 | I99: ='PI 6'!J90 -> 0 | J99: ='PI 6'!K90 -> 0 | K99: ='PI 6'!L90 -> 0 | L99: =SUM(G99:K99) -> 0 | N99: ='PI 5'!M90 -> 0
B100: 7 | C100: PI 7 Detail in PI tab | G100: ='PI 7'!H90 -> 0 | H100: ='PI 7'!I90 -> 0 | I100: ='PI 7'!J90 -> 0 | J100: ='PI 7'!K90 -> 0 | K100: ='PI 7'!L90 -> 0 | L100: =SUM(G100:K100) -> 0 | N100: ='PI 6'!M90 -> 0
B101: 8 | C101: PI 8 Detail in PI tab | G101: ='PI 8'!H90 -> 0 | H101: ='PI 8'!I90 -> 0 | I101: ='PI 8'!J90 -> 0 | J101: ='PI 8'!K90 -> 0 | K101: ='PI 8'!L90 -> 0 | L101: =SUM(G101:K101) -> 0 | N101: ='PI 7'!M90 -> 0
B102: 9 | C102: PI 9 Detail in PI tab | G102: ='PI 9'!H90 -> 0 | H102: ='PI 9'!I90 -> 0 | I102: ='PI 9'!J90 -> 0 | J102: ='PI 9'!K90 -> 0 | K102: ='PI 9'!L90 -> 0 | L102: =SUM(G102:K102) -> 0 | N102: ='PI 9'!M90 -> 0 | P102: USDA
B103: 10 | C103: PI 10 Detail in PI tab | G103: ='PI 10'!H90 -> 0 | H103: ='PI 10'!I90 -> 0 | I103: ='PI 10'!J90 -> 0 | J103: ='PI 10'!K90 -> 0 | K103: ='PI 10'!L90 -> 0 | L103: =SUM(G103:K103) -> 0 | N103: ='PI 10'!M90 -> 0 | P103: 30% of TDC
B104: 11 | C104: PI 11 Detail in PI tab | G104: ='PI 11'!H90 -> 0 | H104: ='PI 11'!I90 -> 0 | I104: ='PI 11'!J90 -> 0 | J104: ='PI 11'!K90 -> 0 | K104: ='PI 11'!L90 -> 0 | L104: =SUM(G104:K104) -> 0 | N104: ='PI 11'!M90 -> 0 | P104: 0.42857
C105: Subtotal Subaward Cost | G105: =SUM(G94:G104) -> 0 | H105: =SUM(H94:H104) -> 0 | I105: =SUM(I94:I104) -> 0 | J105: =SUM(J94:J104) -> 0 | K105: =SUM(K94:K104) -> 0 | L105: =SUM(L94:L104) -> 0 | N105: ='PI 1'!M90+'PI 2'!M90+'PI 3'!M90+'PI 4'!M90+'PI 5'!M90+'PI 6'!M90+'PI 7'!M90+'PI 8'!M90+'PI 9'!M90+'PI 10'!M90+'PI 11'!M90 -> 0
C106: Total Direct Cost | G106: =SUM(G105+G91) -> 0 | H106: =SUM(H105+H91) -> 0 | I106: =SUM(I105+I91) -> 0 | J106: =SUM(J105+J91) -> 0 | K106: =SUM(K105+K91) -> 0 | L106: =SUM(L105+L91) -> 0 | N106: ='PI 1'!M91+'PI 2'!M91+'PI 3'!M91+'PI 4'!M91+'PI 5'!M91+'PI 6'!M91+'PI 7'!M91+'PI 8'!M91+'PI 9'!M91+'PI 10'!M91+'PI 11'!M91 -> 0
G107: Year 1 | H107: Year 2 | I107: Year 3 | J107: Year 4 | K107: Year 5 | L107: Total
A108: F. Total Direct Costs (Cumulative A - E) | G108: =SUM(G106+G64+G59+G51) -> 0 | H108: =SUM(H106+H64+H59+H51) -> 0 | I108: =SUM(I106+I64+I59+I51) -> 0 | J108: =SUM(J106+J64+J59+J51) -> 0 | K108: =SUM(K106+K64+K59+K51) -> 0 | L108: =SUM(G108:K108) -> 0 | N108: ='PI 1'!M93+'PI 2'!M93+'PI 3'!M93+'PI 4'!M93+'PI 5'!M93+'PI 6'!M93+'PI 7'!M93+'PI 8'!M93+'PI 9'!M93+'PI 10'!M93+'PI 11'!M93 -> 0
A109: G. MTDC Base (less equip <$5K and subawards) | G109: =SUM(G108-G105-G83-G84-G85-G86-G87-G81-G59) -> 0 | H109: =SUM(H108-H105-H83-H84-H85-H86-H87-H81-H59) -> 0 | I109: =SUM(I108-I105-I83-I84-I85-I86-I87-I81-I59) -> 0 | J109: =SUM(J108-J105-J83-J84-J85-J86-J87-J81-J59) -> 0 | K109: =SUM(K108-K105-K83-K81-K59) -> 0 | L109: =SUM(G109:K109) -> 0 | N109: ='PI 1'!M94+'PI 2'!M94+'PI 3'!M94+'PI 4'!M94+'PI 5'!M94+'PI 6'!M94+'PI 7'!M94+'PI 8'!M94+'PI 9'!M94+'PI 10'!M94+'PI 11'!M94 -> 0 | P109: =SUM(L109*$P$104) -> 0
A110: H. Indirect Costs (MTDC) | G110: =ROUND(G109*$K$1,0) -> 0 | H110: =ROUND(H109*$K$1,0) -> 0 | I110: =ROUND(I109*$K$1,0) -> 0 | J110: =ROUND(J109*$K$1,0) -> 0 | K110: =ROUND(K109*$K$1,0) -> 0 | L110: =SUM(G110:K110) -> 0 | N110: ='PI 1'!M95+'PI 2'!M95+'PI 3'!M95+'PI 4'!M95+'PI 5'!M95+'PI 6'!M95+'PI 7'!M95+'PI 8'!M95+'PI 9'!M95+'PI 10'!M95+'PI 11'!M95 -> 0
A111: I. First $50k per subaward | G111: ='PI 1'!H96+'PI 2'!H96+'PI 3'!H96+'PI 4'!H96+'PI 5'!H96+'PI 6'!H96+'PI 7'!H96+'PI 8'!H96+'PI 9'!H96+'PI 10'!H96+'PI 11'!H96 -> 0 | H111: ='PI 1'!I96+'PI 2'!I96+'PI 3'!I96+'PI 4'!I96+'PI 5'!I96+'PI 6'!I96+'PI 7'!I96+'PI 8'!I96+'PI 9'!I96+'PI 10'!I96+'PI 11'!I96 -> 0 | I111: ='PI 1'!J96+'PI 2'!J96+'PI 3'!J96+'PI 4'!J96+'PI 5'!J96+'PI 6'!J96+'PI 7'!J96+'PI 8'!J96+'PI 9'!J96+'PI 10'!J96+'PI 11'!J96 -> 0 | J111: ='PI 1'!K96+'PI 2'!K96+'PI 3'!K96+'PI 4'!K96+'PI 5'!K96+'PI 6'!K96+'PI 7'!K96+'PI 8'!K96+'PI 9'!K96+'PI 10'!K96+'PI 11'!K96 -> 0 | K111: ='PI 1'!L96+'PI 2'!L96+'PI 3'!L96+'PI 4'!L96+'PI 5'!L96+'PI 6'!L96+'PI 7'!L96+'PI 8'!L96+'PI 9'!L96+'PI 10'!L96+'PI 11'!L96 -> 0 | L111: =SUM(G111:K111) -> 0 | N111: ='PI 1'!M96+'PI 2'!M96+'PI 3'!M96+'PI 4'!M96+'PI 5'!M96+'PI 6'!M96+'PI 7'!M96+'PI 8'!M96+'PI 9'!M96+'PI 10'!M96+'PI 11'!M96 -> 0 | P111: =IF(P109<(L110+L111),P104,K1) -> 0.4165 | Q111: Rate that applies the least IDC.
...

Sheet PI 1
D1: Sponsor Name: | K1: Indirect Rate: | L1: =Cumulative!K1 -> 0.4165
D2: Start Date:
D3: End Date:
D4: Principal Investigator:
D5: Project Title:
H7: Year 1 | I7: Year 2 | J7: Year 3 | K7: Year 4 | L7: Year 5 | M7: Total
B8: A. Personnel (Salaries, Wages)
C9: 1. Senior Key Personnel | E9: Academic or Calendar Months | F9: Base Pay | G9: FTE
C10: A. Senior Personnel | M10: =SUM(H10:L10) -> 0 | N10: Note for Senior Key Personnel
M11: =SUM(H11:L11) -> 0 | N11: If Summer Salary, make sure
M12: =SUM(H12:L12) -> 0 | N12: you change the fringe rate
M13: =SUM(H13:L13) -> 0 | N13: to24.50% in Cells G24-G27
B14: B. Other Personnel (Salaries, Wages) | F14: No. of each
C15: B. Other Personnel | D15: PostDoctoral Associates | M15: =SUM(H15:L15) -> 0
D16: Other Professionals (Techs, etc.) | M16: =SUM(H16:L16) -> 0
D17: Admin/Clerical | M17: =SUM(H17:L17) -> 0
D18: Graduate Students | M18: =SUM(H18:L18) -> 0
D19: Undergraduates | M19: =SUM(H19:L19) -> 0
D20: Temp (Employee Type?) | M20: =SUM(H20:L20) -> 0
D21: Total Salaries & Wages | H21: =SUM(H10:H20) -> 0 | I21: =SUM(I10:I20) -> 0 | J21: =SUM(J10:J20) -> 0 | K21: =SUM(K10:K20) -> 0 | L21: =SUM(L10:L20) -> 0 | M21: =SUM(M10:M20) -> 0
C23: 2. Fringe Benefits | G23: Rate | N23: PLEASE DO NOT CHANGE THE GRAYED OUT FORMULAS
C24: A. Senior Personnel | D24: =D10 -> 0 | G24: 0.4275 | H24: =ROUND(H10*$G$24,0) -> 0 | I24: =ROUND(I10*$G$24,0) -> 0 | J24: =ROUND(J10*$G$24,0) -> 0 | K24: =ROUND(K10*$G$24,0) -> 0 | L24: =ROUND(L10*$G$24,0) -> 0 | M24: =SUM(H24:L24) -> 0 | N24: Note for Senior Key Personnel
D25: =D11 -> 0 | G25: 0.4275 | H25: =ROUND(H11*$G$25,0) -> 0 | I25: =ROUND(I11*$G$25,0) -> 0 | J25: =ROUND(J11*$G$25,0) -> 0 | K25: =ROUND(K11*$G$25,0) -> 0 | L25: =ROUND(L11*$G$25,0) -> 0 | M25: =SUM(H25:L25) -> 0 | N25: If Summer Salary, make sure
D26: =D12 -> 0 | G26: 0.4275 | H26: =ROUND(H12*$G$26,0) -> 0 | I26: =I12*G26 -> 0 | J26: =J12*G26 -> 0 | K26: =K12*G26 -> 0 | L26: =L12*G26 -> 0 | M26: =SUM(H26:L26) -> 0 | N26: you change the fringe rate
D27: =D13 -> 0 | G27: 0.4275 | H27: =ROUND(H13*$G$27,0) -> 0 | I27: =ROUND(I13*$G$27,0) -> 0 | J27: =ROUND(J13*$G$27,0) -> 0 | K27: =ROUND(K13*$G$27,0) -> 0 | L27: =ROUND(L13*$G$27,0) -> 0 | M27: =SUM(H27:L27) -> 0 | N27: to 24.5% in Cells G24-G27
C29: B. Other Personnel | D29: =D15 -> PostDoctoral Associates | G29: 0.4275 | H29: =ROUND(H15*$G$29,0) -> 0 | I29: =ROUND(I15*$G$29,0) -> 0 | J29: =ROUND(J15*$G$29,0) -> 0 | K29: =ROUND(K15*$G$29,0) -> 0 | L29: =ROUND(L15*$G$29,0) -> 0 | M29: =SUM(H29:L29) -> 0
D30: =D16 -> Other Professionals (Techs, etc.) | G30: 0.4275 | H30: =ROUND(H16*$G$30,0) -> 0 | I30: =ROUND(I16*$G$30,0) -> 0 | J30: =ROUND(J16*$G$30,0) -> 0 | K30: =ROUND(K16*$G$30,0) -> 0 | L30: =ROUND(L16*$G$30,0) -> 0 | M30: =SUM(H30:L30) -> 0
D31: =D17 -> Admin/Clerical | G31: 0.4275 | H31: =ROUND(H17*$G$31,0) -> 0 | I31: =ROUND(I17*$G$31,0) -> 0 | J31: =ROUND(J17*$G$31,0) -> 0 | K31: =ROUND(K17*$G$31,0) -> 0 | L31: =ROUND(L17*$G$31,0) -> 0 | M31: =SUM(H31:L31) -> 0
D32: =D18 -> Graduate Students | G32: 0.26 | H32: =ROUND(H18*$G$32,0) -> 0 | I32: =ROUND(I18*$G$32,0) -> 0 | J32: =ROUND(J18*$G$32,0) -> 0 | K32: =ROUND(K18*$G$32,0) -> 0 | L32: =ROUND(L18*$G$32,0) -> 0 | M32: =SUM(H32:L32) -> 0
D33: =D19 -> Undergraduates | G33: 0.015 | H33: =ROUND(H19*$G$33,0) -> 0 | I33: =ROUND(I19*$G$33,0) -> 0 | J33: =ROUND(J19*$G$33,0) -> 0 | K33: =ROUND(K19*$G$33,0) -> 0 | L33: =ROUND(L19*$G$33,0) -> 0 | M33: =SUM(H33:L33) -> 0
D34: =D20 -> Temp (Employee Type?) | G34: 0.245 | H34: =ROUND(H20*$G$34,0) -> 0 | I34: =ROUND(I20*$G$34,0) -> 0 | J34: =ROUND(J20*$G$34,0) -> 0 | K34: =ROUND(K20*$G$34,0) -> 0 | L34: =ROUND(L20*$G$34,0) -> 0 | M34: =SUM(H34:L34) -> 0
D35: Total Fringe Benefits | H35: =SUM(H24:H34) -> 0 | I35: =SUM(I24:I34) -> 0 | J35: =SUM(J24:J34) -> 0 | K35: =SUM(K24:K34) -> 0 | L35: =SUM(L24:L34) -> 0 | M35: =SUM(M24:M34) -> 0
D37: Total Personnel | H37: =SUM(H21,H35) -> 0 | I37: =SUM(I21,I35) -> 0 | J37: =SUM(J21,J35) -> 0 | K37: =SUM(K21,K35) -> 0 | L37: =SUM(L21,L35) -> 0 | M37: =SUM(M21,M35) -> 0
B39: B. Capitalized Equipment ($5K or Greater)
C40: 1 | M40: =SUM(H40:L40) -> 0
C41: 2 | M41: =SUM(H41:L41) -> 0
C42: 3 | M42: =SUM(H42:L42) -> 0
C43: 4 | M43: =SUM(H43:L43) -> 0
C44: 5 | M44: =SUM(H44:L44) -> 0
D45: Total Equipment | H45: =SUM(H40:H44) -> 0 | I45: =SUM(I40:I44) -> 0 | J45: =SUM(J40:J44) -> 0 | K45: =SUM(K40:K44) -> 0 | L45: =SUM(L40:L44) -> 0 | M45: =SUM(M40:M44) -> 0
B47: C. Travel
C48: 1 | D48: domestic | M48: =SUM(H48:L48) -> 0
C49: 2 | D49: foreign (foreign travel insurance required $100 per round trip, in other direct costs) | M49: =SUM(H49:L49) -> 0
D50: Total Travel | H50: =SUM(H48:H49) -> 0 | I50: =SUM(I48:I49) -> 0 | J50: =SUM(J48:J49) -> 0 | K50: =SUM(K48:K49) -> 0 | L50: =SUM(L48:L49) -> 0 | M50: =SUM(M48:M49) -> 0
B52: E. Other Direct Costs
C53: 1 | D53: Office Supplies | M53: =SUM(H53:L53) -> 0
C54: 2 | D54: Non-office Supplies | M54: =SUM(H54:L54) -> 0
C55: 3 | D55: Feed/Seed/Fertilizer | M55: =SUM(H55:L55) -> 0
C56: 4 | D56: Food/Working Meals | M56: =SUM(H56:L56) -> 0
C57: 5 | D57: Publications/Films | M57: =SUM(H57:L57) -> 0
C58: 6 | D58: Non-capital Equipment (includes laptops under $5k) | M58: =SUM(H58:L58) -> 0
C59: 7 | D59: Postage | M59: =SUM(H59:L59) -> 0
C60: 8 | D60: Communications | M60: =SUM(H60:L60) -> 0
C61: 9 | D61: Printing/Reproduction | M61: =SUM(H61:L61) -> 0
C62: 10 | D62: Rental | M62: =SUM(H62:L62) -> 0
C63: 11 | D63: Professional Service | M63: =SUM(H63:L63) -> 0
C64: 12 | D64: Computer Software services | M64: =SUM(H64:L64) -> 0
... C75: 23 | D75: Other (non-employee travel) | M75: =SUM(H75:L75) -> 0
D76: Subtotal Other Direct Cost | H76: =SUM(H53:H75) -> 0 | I76: =SUM(I53:I75) -> 0 | J76: =SUM(J53:J75) -> 0 | K76: =SUM(K53:K75) -> 0 | L76: =SUM(L53:L75) -> 0 | M76: =SUM(H76:L76) -> 0
C78: Subawards | G78: Total # of Awards =
C79: 1 | M79: =SUM(H79:L79) -> 0
C80: 2 | M80: =SUM(H80:L80) -> 0
C81: 3 | M81: =SUM(H81:L81) -> 0
C82: 4 | M82: =SUM(H82:L82) -> 0
C83: 5 | M83: =SUM(H83:L83) -> 0
C84: 6 | M84: =SUM(H84:L84) -> 0
C85: 7 | M85: =SUM(H85:L85) -> 0
C86: 8 | M86: =SUM(H86:L86) -> 0
C87: 9 | M87: =SUM(H87:L87) -> 0
C88: 10 | M88: =SUM(H88:L88) -> 0
C89: 11 | M89: =SUM(H89:L89) -> 0
D90: Subtotal Subaward Cost | H90: =SUM(H79:H89) -> 0 | I90: =SUM(I79:I89) -> 0 | J90: =SUM(J79:J89) -> 0 | K90: =SUM(K79:K89) -> 0 | L90: =SUM(L79:L89) -> 0 | M90: =SUM(H90:L90) -> 0
D91: Total Direct Cost | H91: =H76+H90 -> 0 | I91: =I76+I90 -> 0 | J91: =J76+J90 -> 0 | K91: =K76+K90 -> 0 | L91: =L76+L90 -> 0 | M91: =SUM(H91:L91) -> 0
H92: Year 1 | I92: Year 2 | J92: Year 3 | K92: Year 4 | L92: Year 5 | M92: Total
B93: F. Total Direct Costs (Cumulative A - E) | H93: =SUM(H91+H50+H45+H37) -> 0 | I93: =SUM(I91+I50+I45+I37) -> 0 | J93: =SUM(J91+J50+J45+J37) -> 0 | K93: =SUM(K91+K50+K45+K37) -> 0 | L93: =SUM(L91+L50+L45+L37) -> 0 | M93: =M91+M50+M45+M37 -> 0
B94: G. MTDC Base (less equip <$5K and subawards) | H94: =SUM(H93-H45-H66-H68-H69-H70-H71-H72-H90) -> 0 | I94: =SUM(I93-I45-I66-I68-I69-I70-I71-I72-I90) -> 0 | J94: =SUM(J93-J45-J66-J68-J69-J70-J71-J72-J90) -> 0 | K94: =SUM(K93-K45-K66-K68-K69-K70-K71-K72-K90) -> 0 | L94: =SUM(L93-L45-L66-L68-L69-L70-L71-L72-L90) -> 0 | M94: =M93-M90-M66-M68-M69-M70-M71-M72-M45 -> 0
B95: H. Indirect Costs (MTDC) | H95: =ROUND(H94*$L$1,1) -> 0 | I95: =ROUND(I94*$L$1,1) -> 0 | J95: =ROUND(J94*$L$1,1) -> 0 | K95: =ROUND(K94*$L$1,1) -> 0 | L95: =ROUND(L94*$L$1,1) -> 0 | M95: =SUM(H95:L95) -> 0
B96: I. First $50k per subaward | M96: =SUM(H96:L96) -> 0
B97: J. Total Project Costs | H97: =H93+H95+H96 -> 0 | I97: =I93+I95+I96 -> 0 | J97: =J93+J95+J96 -> 0 | K97: =K93+K95+K96 -> 0 | L97: =L93+L95+L96 -> 0 | M97: =SUM(M93+M95+M96) -> 0
L99: Total IDC | M99: =M95+M96 -> 0

Sheet PI 2
D1: Sponsor Name: | K1: Indirect Rate: | L1: ='PI 1'!L1 -> 0.4165 | M1: Do not change
D2: Start Date:
D3: End Date:
D4: Principal Investigator:
D5: Project Title:
H7: Year 1 | I7: Year 2 | J7: Year 3 | K7: Year 4 | L7: Year 5 | M7: Total
B8: A. Personnel (Salaries, Wages, & Fringe)
C9: 1. Senior Key Personnel | E9: Academic or Calendar Months | F9: Base Pay | G9: FTE
C10: A. Senior Personnel | M10: =SUM(H10:L10) -> 0 | N10: Note for Senior Key Personnel
M11: =SUM(H11:L11) -> 0 | N11: If Summer Salary, make sure
M12: =SUM(H12:L12) -> 0 | N12: you change the fringe rate
M13: =SUM(H13:L13) -> 0 | N13: to 24.50% in Cells G24-G27
G14: No. of Each
C15: B. Other Personnel | D15: PostDoctoral Associates | M15: =SUM(H15:L15) -> 0
D16: Other Professionals (Techs, etc.) | M16: =SUM(H16:L16) -> 0
D17: Admin/Clerical | M17: =SUM(H17:L17) -> 0
D18: Graduate Students | M18: =SUM(H18:L18) -> 0
D19: Undergraduates | M19: =SUM(H19:L19) -> 0
D20: Temp (Employee Type?) | M20: =SUM(H20:L20) -> 0
D21: Total Salaries & Wages | H21: =SUM(H10:H20) -> 0 | I21: =SUM(I10:I20) -> 0 | J21: =SUM(J10:J20) -> 0 | K21: =SUM(K10:K20) -> 0 | L21: =SUM(L10:L20) -> 0 | M21: =SUM(M10:M20) -> 0
C23: 2. Fringe Benefits | G23: Rate | N23: PLEASE DO NOT CHANGE THE GRAYED OUT FORMULAS
C24: A. Senior Personnel | D24: =D10 -> 0 | G24: 0.4275 | H24: =ROUND(H10*$G$24,0) -> 0 | I24: =ROUND(I10*$G$24,0) -> 0 | J24: =ROUND(J10*$G$24,0) -> 0 | K24: =ROUND(K10*$G$24,0) -> 0 | L24: =ROUND(L10*$G$24,0) -> 0 | M24: =SUM(H24:L24) -> 0 | N24: Note for Senior Key Personnel
D25: =D11 -> 0 | G25: 0.4275 | H25: =ROUND(H11*$G$25,0) -> 0 | I25: =ROUND(I11*$G$25,0) -> 0 | J25: =ROUND(J11*$G$25,0) -> 0 | K25: =ROUND(K11*$G$25,0) -> 0 | L25: =ROUND(L11*$G$25,0) -> 0 | M25: =SUM(H25:L25) -> 0 | N25: If Summer Salary, make sure
D26: =D12 -> 0 | G26: 0.4275 | H26: =ROUND(H12*$G$26,0) -> 0 | I26: =I12*G26 -> 0 | J26: =J12*G26 -> 0 | K26: =K12*G26 -> 0 | L26: =L12*G26 -> 0 | M26: =SUM(H26:L26) -> 0 | N26: you change the fringe rate
D27: =D13 -> 0 | G27: 0.4275 | H27: =ROUND(H13*$G$27,0) -> 0 | I27: =ROUND(I13*$G$27,0) -> 0 | J27: =ROUND(J13*$G$27,0) -> 0 | K27: =ROUND(K13*$G$27,0) -> 0 | L27: =ROUND(L13*$G$27,0) -> 0 | M27: =SUM(H27:L27) -> 0 | N27: to 24.50% in Cells G24-G27
C29: B. Other Personnel | D29: =D15 -> PostDoctoral Associates | G29: 0.4275 | H29: =ROUND(H15*$G$29,0) -> 0 | I29: =ROUND(I15*$G$29,0) -> 0 | J29: =ROUND(J15*$G$29,0) -> 0 | K29: =ROUND(K15*$G$29,0) -> 0 | L29: =ROUND(L15*$G$29,0) -> 0 | M29: =SUM(H29:L29) -> 0
D30: =D16 -> Other Professionals (Techs, etc.) | G30: 0.4275 | H30: =ROUND(H16*$G$30,0) -> 0 | I30: =ROUND(I16*$G$30,0) -> 0 | J30: =ROUND(J16*$G$30,0) -> 0 | K30: =ROUND(K16*$G$30,0) -> 0 | L30: =ROUND(L16*$G$30,0) -> 0 | M30: =SUM(H30:L30) -> 0
D31: =D17 -> Admin/Clerical | G31: 0.4275 | H31: =ROUND(H17*$G$31,0) -> 0 | I31: =ROUND(I17*$G$31,0) -> 0 | J31: =ROUND(J17*$G$31,0) -> 0 | K31: =ROUND(K17*$G$31,0) -> 0 | L31: =ROUND(L17*$G$31,0) -> 0 | M31: =SUM(H31:L31) -> 0
D32: =D18 -> Graduate Students | G32: 0.26 | H32: =ROUND(H18*$G$32,0) -> 0 | I32: =ROUND(I18*$G$32,0) -> 0 | J32: =ROUND(J18*$G$32,0) -> 0 | K32: =ROUND(K18*$G$32,0) -> 0 | L32: =ROUND(L18*$G$32,0) -> 0 | M32: =SUM(H32:L32) -> 0
D33: =D19 -> Undergraduates | G33: 0.015 | H33: =ROUND(H19*$G$33,0) -> 0 | I33: =ROUND(I19*$G$33,0) -> 0 | J33: =ROUND(J19*$G$33,0) -> 0 | K33: =ROUND(K19*$G$33,0) -> 0 | L33: =ROUND(L19*$G$33,0) -> 0 | M33: =SUM(H33:L33) -> 0
D34: =D20 -> Temp (Employee Type?) | G34: 0.245 | H34: =ROUND(H20*$G$34,0) -> 0 | I34: =ROUND(I20*$G$34,0) -> 0 | J34: =ROUND(J20*$G$34,0) -> 0 | K34: =ROUND(K20*$G$34,0) -> 0 | L34: =ROUND(L20*$G$34,0) -> 0 | M34: =SUM(H34:L34) -> 0
D35: Total Fringe Benefits | H35: =SUM(H24:H34) -> 0 | I35: =SUM(I24:I34) -> 0 | J35: =SUM(J24:J34) -> 0 | K35: =SUM(K24:K34) -> 0 | L35: =SUM(L24:L34) -> 0 | M35: =SUM(M24:M34) -> 0
D37: Total Personnel | H37: =SUM(H21,H35) -> 0 | I37: =SUM(I21,I35) -> 0 | J37: =SUM(J21,J35) -> 0 | K37: =SUM(K21,K35) -> 0 | L37: =SUM(L21,L35) -> 0 | M37: =SUM(M21,M35) -> 0
B39: B. Capitalized Equipment ($5K or Greater)
C40: 1 | M40: =SUM(H40:L40) -> 0
C41: 2 | M41: =SUM(H41:L41) -> 0
C42: 3 | M42: =SUM(H42:L42) -> 0
C43: 4 | M43: =SUM(H43:L43) -> 0
C44: 5 | M44: =SUM(H44:L44) -> 0
D45: Total Equipment | H45: =SUM(H40:H44) -> 0 | I45: =SUM(I40:I44) -> 0 | J45: =SUM(J40:J44) -> 0 | K45: =SUM(K40:K44) -> 0 | L45: =SUM(L40:L44) -> 0 | M45: =SUM(M40:M44) -> 0
B47: C. Travel
C48: 1 | D48: domestic | M48: =SUM(H48:L48) -> 0
C49: 2 | D49: foreign (foreign travel insurance required $100 per round trip, in other direct costs) | M49: =SUM(H49:L49) -> 0
D50: Total Travel | H50: =SUM(H48:H49) -> 0 | I50: =SUM(I48:I49) -> 0 | J50: =SUM(J48:J49) -> 0 | K50: =SUM(K48:K49) -> 0 | L50: =SUM(L48:L49) -> 0 | M50: =SUM(M48:M49) -> 0
B52: E. Other Direct Costs
C53: 1 | D53: Office Supplies | M53: =SUM(H53:L53) -> 0
C54: 2 | D54: Non-office Supplies | M54: =SUM(H54:L54) -> 0
C55: 3 | D55: Feed/Seed/Fertilizer | M55: =SUM(H55:L55) -> 0
C56: 4 | D56: Food/Working Meals | M56: =SUM(H56:L56) -> 0
C57: 5 | D57: Publications/Films | M57: =SUM(H57:L57) -> 0
C58: 6 | D58: Non-capital Equipment (includes laptops under $5k) | M58: =SUM(H58:L58) -> 0
C59: 7 | D59: Postage | M59: =SUM(H59:L59) -> 0
C60: 8 | D60: Communications | M60: =SUM(H60:L60) -> 0
C61: 9 | D61: Printing/Reproduction | M61: =SUM(H61:L61) -> 0
C62: 10 | D62: Rental | M62: =SUM(H62:L62) -> 0
C63: 11 | D63: Professional Service | M63: =SUM(H63:L63) -> 0
C64: 12 | D64: Computer Software services | M64: =SUM(H64:L64) -> 0
... C75: 23 | D75: Other (non-employee travel) | M75: =SUM(H75:L75) -> 0
D76: Subtotal Other Direct Cost | H76: =SUM(H53:H75) -> 0 | I76: =SUM(I53:I75) -> 0 | J76: =SUM(J53:J75) -> 0 | K76: =SUM(K53:K75) -> 0 | L76: =SUM(L53:L75) -> 0 | M76: =SUM(H76:L76) -> 0
C78: Subawards | G78: Total # of Awards =
C79: 1 | M79: =SUM(H79:L79) -> 0
C80: 2 | M80: =SUM(H80:L80) -> 0
C81: 3 | M81: =SUM(H81:L81) -> 0
C82: 4 | M82: =SUM(H82:L82) -> 0
C83: 5 | M83: =SUM(H83:L83) -> 0
C84: 6 | M84: =SUM(H84:L84) -> 0
C85: 7 | M85: =SUM(H85:L85) -> 0
C86: 8 | M86: =SUM(H86:L86) -> 0
C87: 9 | M87: =SUM(H87:L87) -> 0
C88: 10 | M88: =SUM(H88:L88) -> 0
C89: 11 | M89: =SUM(H89:L89) -> 0
D90: Subtotal Subaward Cost | H90: =SUM(H79:H89) -> 0 | I90: =SUM(I79:I89) -> 0 | J90: =SUM(J79:J89) -> 0 | K90: =SUM(K79:K89) -> 0 | L90: =SUM(L79:L89) -> 0 | M90: =SUM(H90:L90) -> 0
D91: Total Direct Cost | H91: =SUM(H76+H90) -> 0 | I91: =SUM(I76+I90) -> 0 | J91: =SUM(J76+J90) -> 0 | K91: =SUM(K76+K90) -> 0 | L91: =SUM(L76+L90) -> 0 | M91: =SUM(M76+M90) -> 0
H92: Year 1 | I92: Year 2 | J92: Year 3 | K92: Year 4 | L92: Year 5 | M92: Total
B93: F. Total Direct Costs (Cumulative A - E) | H93: =SUM(H91+H50+H45+H37) -> 0 | I93: =SUM(I91+I50+I45+I37) -> 0 | J93: =SUM(J91+J50+J45+J37) -> 0 | K93: =SUM(K91+K50+K45+K37) -> 0 | L93: =SUM(L91+L50+L45+L37) -> 0 | M93: =SUM(M91+M50+M45+M37) -> 0
B94: G. MTDC Base (less equip <$5K and subawards) | H94: =SUM(H93-H45-H66-H68-H69-H70-H71-H72-H90) -> 0 | I94: =SUM(I93-I45-I66-I68-I69-I70-I71-I72-I90) -> 0 | J94: =SUM(J93-J45-J66-J68-J69-J70-J71-J72-J90) -> 0 | K94: =SUM(K93-K45-K66-K68-K69-K70-K71-K72-K90) -> 0 | L94: =SUM(L93-L45-L66-L68-L69-L70-L71-L72-L90) -> 0 | M94: =M93-M90-M66-M68-M69-M70-M71-M72-M45 -> 0
B95: H. Indirect Costs (MTDC) | H95: =ROUND(H94*$L$1,1) -> 0 | I95: =ROUND(I94*$L$1,1) -> 0 | J95: =ROUND(J94*$L$1,1) -> 0 | K95: =ROUND(K94*$L$1,1) -> 0 | L95: =ROUND(L94*$L$1,1) -> 0 | M95: =SUM(H95:L95) -> 0
B96: I. First $50k per subaward | H96: =(MIN(50000,SUM($H79:H79))*$L$1)+(MIN(50000,SUM($H80:H80))*$L$1)+(MIN(50000,SUM($H87:H87))*$L$1) -> 0 | I96: =(MIN(50000,SUM($H79:I79))*$L$1)+(MIN(50000,SUM($H80:I80))*$L$1)+(MIN(50000,SUM($H87:I87))*$L$1) -> 0 | J96: =(MIN(50000,SUM($H79:J79))*$L$1)+(MIN(50000,SUM($H80:J80))*$L$1)+(MIN(50000,SUM($H87:J87))*$L$1) -> 0 | K96: =(MIN(50000,SUM($H79:K79))*$L$1)+(MIN(50000,SUM($H80:K80))*$L$1)+(MIN(50000,SUM($H87:K87))*$L$1) -> 0 | L96: =(MIN(50000,SUM($H79:L79))*$L$1)+(MIN(50000,SUM($H80:L80))*$L$1)+(MIN(50000,SUM($H87:L87))*$L$1) -> 0 | M96: =SUM(H96:L96) -> 0
B97: J. Total Project Costs | H97: =H93+H95+H96 -> 0 | I97: =I93+I95+I96 -> 0 | J97: =J93+J95+J96 -> 0 | K97: =K93+K95+K96 -> 0 | L97: =L93+L95+L96 -> 0 | M97: =SUM(M93+M95+M96) -> 0
L99: Total IDC | M99: =M95+M96 -> 0

Sheet PI 3
D1: Sponsor Name: | K1: Indirect Rate: | L1: ='PI 1'!L1 -> 0.4165 | M1: Do not change
D2: Start Date:
D3: End Date:
D4: Principal Investigator:
D5: Project Title:
H7: Year 1 | I7: Year 2 | J7: Year 3 | K7: Year 4 | L7: Year 5 | M7: Total
B8: A. Personnel (Salaries, Wages, & Fringe)
C9: 1. Senior Key Personnel | E9: Academic or Calendar Months | F9: Base Pay | G9: FTE
C10: A. Senior Personnel | M10: =SUM(H10:L10) -> 0 | N10: Note for Senior Key Personnel
M11: =SUM(H11:L11) -> 0 | N11: If Summer Salary, make sure
M12: =SUM(H12:L12) -> 0 | N12: you change the fringe rate
M13: =SUM(H13:L13) -> 0 | N13: to 24.50% in Cells G24-G27
G14: No. of Each
C15: B. Other Personnel | D15: PostDoctoral Associates | M15: =SUM(H15:L15) -> 0
D16: Other Professionals (Techs, etc.) | M16: =SUM(H16:L16) -> 0
D17: Admin/Clerical | M17: =SUM(H17:L17) -> 0
D18: Graduate Students | M18: =SUM(H18:L18) -> 0
D19: Udergraduates | M19: =SUM(H19:L19) -> 0
D20: Temp | M20: =SUM(H20:L20) -> 0
D21: Total Salaries & Wages | H21: =SUM(H10:H20) -> 0 | I21: =SUM(I10:I20) -> 0 | J21: =SUM(J10:J20) -> 0 | K21: =SUM(K10:K20) -> 0 | L21: =SUM(L10:L20) -> 0 | M21: =SUM(M10:M20) -> 0
C23: 2. Fringe Benefits | G23: Rate | N23: PLEASE DO NOT CHANGE THE GRAYED OUT FORMULAS
C24: A. Senior Personnel | D24: =D10 -> 0 | G24: 0.4275 | H24: =ROUND(H10*$G$24,0) -> 0 | I24: =ROUND(I10*$G$24,0) -> 0 | J24: =ROUND(J10*$G$24,0) -> 0 | K24: =ROUND(K10*$G$24,0) -> 0 | L24: =ROUND(L10*$G$24,0) -> 0 | M24: =SUM(H24:L24) -> 0 | N24: Note for Senior Key Personnel
D25: =D11 -> 0 | G25: 0.4275 | H25: =ROUND(H11*$G$25,0) -> 0 | I25: =ROUND(I11*$G$25,0) -> 0 | J25: =ROUND(J11*$G$25,0) -> 0 | K25: =ROUND(K11*$G$25,0) -> 0 | L25: =ROUND(L11*$G$25,0) -> 0 | M25: =SUM(H25:L25) -> 0 | N25: If Summer Salary, make sure
D26: =D12 -> 0 | G26: 0.4275 | H26: =ROUND(H12*$G$26,0) -> 0 | I26: =I12*G26 -> 0 | J26: =J12*G26 -> 0 | K26: =K12*G26 -> 0 | L26: =L12*G26 -> 0 | M26: =SUM(H26:L26) -> 0 | N26: you change the fringe rate
D27: =D13 -> 0 | G27: 0.4275 | H27: =ROUND(H13*$G$27,0) -> 0 | I27: =ROUND(I13*$G$27,0) -> 0 | J27: =ROUND(J13*$G$27,0) -> 0 | K27: =ROUND(K13*$G$27,0) -> 0 | L27: =ROUND(L13*$G$27,0) -> 0 | M27: =SUM(H27:L27) -> 0 | N27: to 24.50% in Cells G24-G27
C29: B. Other Personnel | D29: =D15 -> PostDoctoral Associates | G29: 0.4275 | H29: =ROUND(H15*$G$29,0) -> 0 | I29: =ROUND(I15*$G$29,0) -> 0 | J29: =ROUND(J15*$G$29,0) -> 0 | K29: =ROUND(K15*$G$29,0) -> 0 | L29: =ROUND(L15*$G$29,0) -> 0 | M29: =SUM(H29:L29) -> 0
D30: =D16 -> Other Professionals (Techs, etc.) | G30: 0.4275 | H30: =ROUND(H16*$G$30,0) -> 0 | I30: =ROUND(I16*$G$30,0) -> 0 | J30: =ROUND(J16*$G$30,0) -> 0 | K30: =ROUND(K16*$G$30,0) -> 0 | L30: =ROUND(L16*$G$30,0) -> 0 | M30: =SUM(H30:L30) -> 0
D31: =D17 -> Admin/Clerical | G31: 0.4275 | H31: =ROUND(H17*$G$31,0) -> 0 | I31: =ROUND(I17*$G$31,0) -> 0 | J31: =ROUND(J17*$G$31,0) -> 0 | K31: =ROUND(K17*$G$31,0) -> 0 | L31: =ROUND(L17*$G$31,0) -> 0 | M31: =SUM(H31:L31) -> 0
D32: =D18 -> Graduate Students | G32: 0.26 | H32: =ROUND(H18*$G$32,0) -> 0 | I32: =ROUND(I18*$G$32,0) -> 0 | J32: =ROUND(J18*$G$32,0) -> 0 | K32: =ROUND(K18*$G$32,0) -> 0 | L32: =ROUND(L18*$G$32,0) -> 0 | M32: =SUM(H32:L32) -> 0
D33: =D19 -> Udergraduates | G33: 0.015 | H33: =ROUND(H19*$G$33,0) -> 0 | I33: =ROUND(I19*$G$33,0) -> 0 | J33: =ROUND(J19*$G$33,0) -> 0 | K33: =ROUND(K19*$G$33,0) -> 0 | L33: =ROUND(L19*$G$33,0) -> 0 | M33: =SUM(H33:L33) -> 0
D34: =D20 -> Temp | G34: 0.245 | H34: =ROUND(H20*$G$34,0) -> 0 | I34: =ROUND(I20*$G$34,0) -> 0 | J34: =ROUND(J20*$G$34,0) -> 0 | K34: =ROUND(K20*$G$34,0) -> 0 | L34: =ROUND(L20*$G$34,0) -> 0 | M34: =SUM(H34:L34) -> 0
D35: Total Fringe Benefits | H35: =SUM(H24:H34) -> 0 | I35: =SUM(I24:I34) -> 0 | J35: =SUM(J24:J34) -> 0 | K35: =SUM(K24:K34) -> 0 | L35: =SUM(L24:L34) -> 0 | M35: =SUM(M24:M34) -> 0
D37: Total Personnel | H37: =SUM(H21,H35) -> 0 | I37: =SUM(I21,I35) -> 0 | J37: =SUM(J21,J35) -> 0 | K37: =SUM(K21,K35) -> 0 | L37: =SUM(L21,L35) -> 0 | M37: =SUM(M21,M35) -> 0
B39: B. Capitalized Equipment ($5K or Greater)
C40: 1 | M40: =SUM(H40:L40) -> 0
C41: 2 | M41: =SUM(H41:L41) -> 0
C42: 3 | M42: =SUM(H42:L42) -> 0
C43: 4 | M43: =SUM(H43:L43) -> 0
C44: 5 | M44: =SUM(H44:L44) -> 0
D45: Total Equipment | H45: =SUM(H40:H44) -> 0 | I45: =SUM(I40:I44) -> 0 | J45: =SUM(J40:J44) -> 0 | K45: =SUM(K40:K44) -> 0 | L45: =SUM(L40:L44) -> 0 | M45: =SUM(M40:M44) -> 0
B47: C. Travel
C48: 1 | D48: domestic | M48: =SUM(H48:L48) -> 0
C49: 2 | D49: foreign (foreign travel insurance required $100 per round trip, in other direct costs) | M49: =SUM(H49:L49) -> 0
D50: Total Travel | H50: =SUM(H48:H49) -> 0 | I50: =SUM(I48:I49) -> 0 | J50: =SUM(J48:J49) -> 0 | K50: =SUM(K48:K49) -> 0 | L50: =SUM(L48:L49) -> 0 | M50: =SUM(M48:M49) -> 0
B52: E. Other Direct Costs
C53: 1 | D53: Office Supplies | M53: =SUM(H53:L53) -> 0
C54: 2 | D54: Non-office Supplies | M54: =SUM(H54:L54) -> 0
C55: 3 | D55: Feed/Seed/Fertilizer | M55: =SUM(H55:L55) -> 0
C56: 4 | D56: Food/Working Meals | M56: =SUM(H56:L56) -> 0
C57: 5 | D57: Publications/Films | M57: =SUM(H57:L57) -> 0
C58: 6 | D58: Non-capital Equipment (includes laptops under $5k) | M58: =SUM(H58:L58) -> 0
C59: 7 | D59: Postage | M59: =SUM(H59:L59) -> 0
C60: 8 | D60: Communications | M60: =SUM(H60:L60) -> 0
C61: 9 | D61: Printing/Reproduction | M61: =SUM(H61:L61) -> 0
C62: 10 | D62: Rental | M62: =SUM(H62:L62) -> 0
C63: 11 | D63: Professional Service | M63: =SUM(H63:L63) -> 0
C64: 12 | D64: Computer Software services | M64: =SUM(H64:L64) -> 0
... C75: 23 | D75: Other (non-employee travel) | M75: =SUM(H75:L75) -> 0
D76: Subtotal Other Direct Cost | H76: =SUM(H53:H75) -> 0 | I76: =SUM(I53:I75) -> 0 | J76: =SUM(J53:J75) -> 0 | K76: =SUM(K53:K75) -> 0 | L76: =SUM(L53:L75) -> 0 | M76: =SUM(H76:L76) -> 0
C78: Subawards | G78: Total # of Awards =
C79: 1 | M79: =SUM(H79:L79) -> 0
C80: 2 | M80: =SUM(H80:L80) -> 0
C81: 3 | M81: =SUM(H81:L81) -> 0
C82: 4 | M82: =SUM(H82:L82) -> 0
C83: 5 | M83: =SUM(H83:L83) -> 0
C84: 6 | M84: =SUM(H84:L84) -> 0
C85: 7 | M85: =SUM(H85:L85) -> 0
C86: 8 | M86: =SUM(H86:L86) -> 0
C87: 9 | M87: =SUM(H87:L87) -> 0
C88: 10 | M88: =SUM(H88:L88) -> 0
C89: 11 | M89: =SUM(H89:L89) -> 0
D90: Subtotal Subaward Cost | H90: =SUM(H79:H89) -> 0 | I90: =SUM(I79:I89) -> 0 | J90: =SUM(J79:J89) -> 0 | K90: =SUM(K79:K89) -> 0 | L90: =SUM(L79:L89) -> 0 | M90: =SUM(H90:L90) -> 0
D91: Total Direct Cost | H91: =SUM(H76+H90) -> 0 | I91: =SUM(I76+I90) -> 0 | J91: =SUM(J76+J90) -> 0 | K91: =SUM(K76+K90) -> 0 | L91: =SUM(L76+L90) -> 0 | M91: =SUM(M76+M90) -> 0
H92: Year 1 | I92: Year 2 | J92: Year 3 | K92: Year 4 | L92: Year 5 | M92: Total
B93: F. Total Direct Costs (Cumulative A - E) | H93: =SUM(H91+H50+H45+H37) -> 0 | I93: =SUM(I91+I50+I45+I37) -> 0 | J93: =SUM(J91+J50+J45+J37) -> 0 | K93: =SUM(K91+K50+K45+K37) -> 0 | L93: =SUM(L91+L50+L45+L37) -> 0 | M93: =SUM(M91+M50+M45+M37) -> 0
B94: G. MTDC Base (less equip <$5K and subawards) | H94: =SUM(H93-H45-H66-H68-H69-H70-H71-H72-H90) -> 0 | I94: =SUM(I93-I45-I66-I68-I69-I70-I71-I72-I90) -> 0 | J94: =SUM(J93-J45-J66-J68-J69-J70-J71-J72-J90) -> 0 | K94: =SUM(K93-K45-K66-K68-K69-K70-K71-K72-K90) -> 0 | L94: =SUM(L93-L45-L66-L68-L69-L70-L71-L72-L90) -> 0 | M94: =M93-M90-M66-M68-M69-M70-M71-M72-M45 -> 0
B95: H. Indirect Costs (MTDC) | H95: =ROUND(H94*$L$1,1) -> 0 | I95: =ROUND(I94*$L$1,1) -> 0 | J95: =ROUND(J94*$L$1,1) -> 0 | K95: =ROUND(K94*$L$1,1) -> 0 | L95: =ROUND(L94*$L$1,1) -> 0 | M95: =SUM(H95:L95) -> 0
B96: I. First $50k per subaward | H96: =(MIN(50000,SUM($H79:H79))*$L$1)+(MIN(50000,SUM($H80:H80))*$L$1)+(MIN(50000,SUM($H87:H87))*$L$1) -> 0 | I96: =(MIN(50000,SUM($H79:I79))*$L$1)+(MIN(50000,SUM($H80:I80))*$L$1)+(MIN(50000,SUM($H87:I87))*$L$1) -> 0 | J96: =(MIN(50000,SUM($H79:J79))*$L$1)+(MIN(50000,SUM($H80:J80))*$L$1)+(MIN(50000,SUM($H87:J87))*$L$1) -> 0 | K96: =(MIN(50000,SUM($H79:K79))*$L$1)+(MIN(50000,SUM($H80:K80))*$L$1)+(MIN(50000,SUM($H87:K87))*$L$1) -> 0 | L96: =(MIN(50000,SUM($H79:L79))*$L$1)+(MIN(50000,SUM($H80:L80))*$L$1)+(MIN(50000,SUM($H87:L87))*$L$1) -> 0 | M96: =SUM(H96:L96) -> 0
B97: J. Total Project Costs | H97: =H93+H95+H96 -> 0 | I97: =I93+I95+I96 -> 0 | J97: =J93+J95+J96 -> 0 | K97: =K93+K95+K96 -> 0 | L97: =L93+L95+L96 -> 0 | M97: =SUM(M93+M95+M96) -> 0
L99: Total IDC | M99: =M95+M96 -> 0

Sheet PI 4
D1: Sponsor Name: | K1: Indirect Rate: | L1: ='PI 1'!L1 -> 0.4165 | M1: Do not change
D2: Start Date:
D3: End Date:
D4: Principal Investigator:
D5: Project Title:
H7: Year 1 | I7: Year 2 | J7: Year 3 | K7: Year 4 | L7: Year 5 | M7: Total
B8: A. Personnel (Salaries, Wages, & Fringe)
C9: 1. Senior Key Personnel | E9: Academic or Calendar Months | F9: Base Pay | G9: FTE
C10: A. Senior Personnel | M10: =SUM(H10:L10) -> 0 | N10: Note for Senior Key Personnel
M11: =SUM(H11:L11) -> 0 | N11: If Summer Salary, make sure
M12: =SUM(H12:L12) -> 0 | N12: you change the fringe rate
M13: =SUM(H13:L13) -> 0 | N13: to 24.50% in Cells G24-G27
G14: No. of Each
C15: B. Other Personnel | D15: PostDoctoral Associates | M15: =SUM(H15:L15) -> 0
D16: Other Professionals (Techs, etc.) | M16: =SUM(H16:L16) -> 0
D17: Admin/Clerical | M17: =SUM(H17:L17) -> 0
D18: Graduate Students | M18: =SUM(H18:L18) -> 0
D19: Udergraduates | M19: =SUM(H19:L19) -> 0
D20: Temp | M20: =SUM(H20:L20) -> 0
D21: Total Salaries & Wages | H21: =SUM(H10:H20) -> 0 | I21: =SUM(I10:I20) -> 0 | J21: =SUM(J10:J20) -> 0 | K21: =SUM(K10:K20) -> 0 | L21: =SUM(L10:L20) -> 0 | M21: =SUM(M10:M20) -> 0
C23: 2. Fringe Benefits | G23: Rate | N23: PLEASE DO NOT CHANGE THE GRAYED OUT FORMULAS
C24: A. Senior Personnel | D24: =D10 -> 0 | G24: 0.4275 | H24: =ROUND(H10*$G$24,0) -> 0 | I24: =ROUND(I10*$G$24,0) -> 0 | J24: =ROUND(J10*$G$24,0) -> 0 | K24: =ROUND(K10*$G$24,0) -> 0 | L24: =ROUND(L10*$G$24,0) -> 0 | M24: =SUM(H24:L24) -> 0 | N24: Note for Senior Key Personnel
D25: =D11 -> 0 | G25: 0.4275 | H25: =ROUND(H11*$G$25,0) -> 0 | I25: =ROUND(I11*$G$25,0) -> 0 | J25: =ROUND(J11*$G$25,0) -> 0 | K25: =ROUND(K11*$G$25,0) -> 0 | L25: =ROUND(L11*$G$25,0) -> 0 | M25: =SUM(H25:L25) -> 0 | N25: If Summer Salary, make sure
D26: =D12 -> 0 | G26: 0.4275 | H26: =ROUND(H12*$G$26,0) -> 0 | I26: =I12*G26 -> 0 | J26: =J12*G26 -> 0 | K26: =K12*G26 -> 0 | L26: =L12*G26 -> 0 | M26: =SUM(H26:L26) -> 0 | N26: you change the fringe rate
D27: =D13 -> 0 | G27: 0.4275 | H27: =ROUND(H13*$G$27,0) -> 0 | I27: =ROUND(I13*$G$27,0) -> 0 | J27: =ROUND(J13*$G$27,0) -> 0 | K27: =ROUND(K13*$G$27,0) -> 0 | L27: =ROUND(L13*$G$27,0) -> 0 | M27: =SUM(H27:L27) -> 0 | N27: to 24.50% in Cells G24-G27
C29: B. Other Personnel | D29: =D15 -> PostDoctoral Associates | G29: 0.4275 | H29: =ROUND(H15*$G$29,0) -> 0 | I29: =ROUND(I15*$G$29,0) -> 0 | J29: =ROUND(J15*$G$29,0) -> 0 | K29: =ROUND(K15*$G$29,0) -> 0 | L29: =ROUND(L15*$G$29,0) -> 0 | M29: =SUM(H29:L29) -> 0
D30: =D16 -> Other Professionals (Techs, etc.) | G30: 0.4275 | H30: =ROUND(H16*$G$30,0) -> 0 | I30: =ROUND(I16*$G$30,0) -> 0 | J30: =ROUND(J16*$G$30,0) -> 0 | K30: =ROUND(K16*$G$30,0) -> 0 | L30: =ROUND(L16*$G$30,0) -> 0 | M30: =SUM(H30:L30) -> 0
D31: =D17 -> Admin/Clerical | G31: 0.4275 | H31: =ROUND(H17*$G$31,0) -> 0 | I31: =ROUND(I17*$G$31,0) -> 0 | J31: =ROUND(J17*$G$31,0) -> 0 | K31: =ROUND(K17*$G$31,0) -> 0 | L31: =ROUND(L17*$G$31,0) -> 0 | M31: =SUM(H31:L31) -> 0
D32: =D18 -> Graduate Students | G32: 0.26 | H32: =ROUND(H18*$G$32,0) -> 0 | I32: =ROUND(I18*$G$32,0) -> 0 | J32: =ROUND(J18*$G$32,0) -> 0 | K32: =ROUND(K18*$G$32,0) -> 0 | L32: =ROUND(L18*$G$32,0) -> 0 | M32: =SUM(H32:L32) -> 0
D33: =D19 -> Udergraduates | G33: 0.015 | H33: =ROUND(H19*$G$33,0) -> 0 | I33: =ROUND(I19*$G$33,0) -> 0 | J33: =ROUND(J19*$G$33,0) -> 0 | K33: =ROUND(K19*$G$33,0) -> 0 | L33: =ROUND(L19*$G$33,0) -> 0 | M33: =SUM(H33:L33) -> 0
D34: =D20 -> Temp | G34: 0.245 | H34: =ROUND(H20*$G$34,0) -> 0 | I34: =ROUND(I20*$G$34,0) -> 0 | J34: =ROUND(J20*$G$34,0) -> 0 | K34: =ROUND(K20*$G$34,0) -> 0 | L34: =ROUND(L20*$G$34,0) -> 0 | M34: =SUM(H34:L34) -> 0
D35: Total Fringe Benefits | H35: =SUM(H24:H34) -> 0 | I35: =SUM(I24:I34) -> 0 | J35: =SUM(J24:J34) -> 0 | K35: =SUM(K24:K34) -> 0 | L35: =SUM(L24:L34) -> 0 | M35: =SUM(M24:M34) -> 0
D37: Total Personnel | H37: =SUM(H21,H35) -> 0 | I37: =SUM(I21,I35) -> 0 | J37: =SUM(J21,J35) -> 0 | K37: =SUM(K21,K35) -> 0 | L37: =SUM(L21,L35) -> 0 | M37: =SUM(M21,M35) -> 0
B39: B. Capitalized Equipment ($5K or Greater)
C40: 1 | M40: =SUM(H40:L40) -> 0
C41: 2 | M41: =SUM(H41:L41) -> 0
C42: 3 | M42: =SUM(H42:L42) -> 0
C43: 4 | M43: =SUM(H43:L43) -> 0
C44: 5 | M44: =SUM(H44:L44) -> 0
D45: Total Equipment | H45: =SUM(H40:H44) -> 0 | I45: =SUM(I40:I44) -> 0 | J45: =SUM(J40:J44) -> 0 | K45: =SUM(K40:K44) -> 0 | L45: =SUM(L40:L44) -> 0 | M45: =SUM(M40:M44) -> 0
B47: C. Travel
C48: 1 | D48: domestic | M48: =SUM(H48:L48) -> 0
C49: 2 | D49: foreign (foreign travel insurance required $100 per round trip, in other direct costs) | M49: =SUM(H49:L49) -> 0
D50: Total Travel | H50: =SUM(H48:H49) -> 0 | I50: =SUM(I48:I49) -> 0 | J50: =SUM(J48:J49) -> 0 | K50: =SUM(K48:K49) -> 0 | L50: =SUM(L48:L49) -> 0 | M50: =SUM(M48:M49) -> 0
B52: E. Other Direct Costs
C53: 1 | D53: Office Supplies | M53: =SUM(H53:L53) -> 0
C54: 2 | D54: Non-office Supplies | M54: =SUM(H54:L54) -> 0
C55: 3 | D55: Feed/Seed/Fertilizer | M55: =SUM(H55:L55) -> 0
C56: 4 | D56: Food/Working Meals | M56: =SUM(H56:L56) -> 0
C57: 5 | D57: Publications/Films | M57: =SUM(H57:L57) -> 0
C58: 6 | D58: Non-capital Equipment (includes laptops under $5k) | M58: =SUM(H58:L58) -> 0
C59: 7 | D59: Postage | M59: =SUM(H59:L59) -> 0
C60: 8 | D60: Communications | M60: =SUM(H60:L60) -> 0
C61: 9 | D61: Printing/Reproduction | M61: =SUM(H61:L61) -> 0
C62: 10 | D62: Rental | M62: =SUM(H62:L62) -> 0
C63: 11 | D63: Professional Service | M63: =SUM(H63:L63) -> 0
C64: 12 | D64: Computer Software services | M64: =SUM(H64:L64) -> 0
... C75: 23 | D75: Other (non-employee travel) | M75: =SUM(H75:L75) -> 0
D76: Subtotal Other Direct Cost | H76: =SUM(H53:H75) -> 0 | I76: =SUM(I53:I75) -> 0 | J76: =SUM(J53:J75) -> 0 | K76: =SUM(K53:K75) -> 0 | L76: =SUM(L53:L75) -> 0 | M76: =SUM(H76:L76) -> 0
C78: Subawards | G78: Total # of Awards =
C79: 1 | M79: =SUM(H79:L79) -> 0
C80: 2 | M80: =SUM(H80:L80) -> 0
C81: 3 | M81: =SUM(H81:L81) -> 0
C82: 4 | M82: =SUM(H82:L82) -> 0
C83: 5 | M83: =SUM(H83:L83) -> 0
C84: 6 | M84: =SUM(H84:L84) -> 0
C85: 7 | M85: =SUM(H85:L85) -> 0
C86: 8 | M86: =SUM(H86:L86) -> 0
C87: 9 | M87: =SUM(H87:L87) -> 0
C88: 10 | M88: =SUM(H88:L88) -> 0
C89: 11 | M89: =SUM(H89:L89) -> 0
D90: Subtotal Subaward Cost | H90: =SUM(H79:H89) -> 0 | I90: =SUM(I79:I89) -> 0 | J90: =SUM(J79:J89) -> 0 | K90: =SUM(K79:K89) -> 0 | L90: =SUM(L79:L89) -> 0 | M90: =SUM(H90:L90) -> 0
D91: Total Direct Cost | H91: =SUM(H76+H90) -> 0 | I91: =SUM(I76+I90) -> 0 | J91: =SUM(J76+J90) -> 0 | K91: =SUM(K76+K90) -> 0 | L91: =SUM(L76+L90) -> 0 | M91: =SUM(M76+M90) -> 0
H92: Year 1 | I92: Year 2 | J92: Year 3 | K92: Year 4 | L92: Year 5 | M92: Total
B93: F. Total Direct Costs (Cumulative A - E) | H93: =SUM(H91+H50+H45+H37) -> 0 | I93: =SUM(I91+I50+I45+I37) -> 0 | J93: =SUM(J91+J50+J45+J37) -> 0 | K93: =SUM(K91+K50+K45+K37) -> 0 | L93: =SUM(L91+L50+L45+L37) -> 0 | M93: =SUM(M91+M50+M45+M37) -> 0
B94: G. MTDC Base (less equip <$5K and subawards) | H94: =SUM(H93-H45-H66-H68-H69-H70-H71-H72-H90) -> 0 | I94: =SUM(I93-I45-I66-I68-I69-I70-I71-I72-I90) -> 0 | J94: =SUM(J93-J45-J66-J68-J69-J70-J71-J72-J90) -> 0 | K94: =SUM(K93-K45-K66-K68-K69-K70-K71-K72-K90) -> 0 | L94: =SUM(L93-L45-L66-L68-L69-L70-L71-L72-L90) -> 0 | M94: =M93-M90-M66-M68-M69-M70-M71-M72-M45 -> 0
B95: H. Indirect Costs (MTDC) | H95: =ROUND(H94*$L$1,1) -> 0 | I95: =ROUND(I94*$L$1,1) -> 0 | J95: =ROUND(J94*$L$1,1) -> 0 | K95: =ROUND(K94*$L$1,1) -> 0 | L95: =ROUND(L94*$L$1,1) -> 0 | M95: =SUM(H95:L95) -> 0
B96: I. First $25k per subaward | H96: =(MIN(50000,SUM($H79:H79))*$L$1)+(MIN(50000,SUM($H80:H80))*$L$1)+(MIN(50000,SUM($H87:H87))*$L$1) -> 0 | I96: =(MIN(50000,SUM($H79:I79))*$L$1)+(MIN(50000,SUM($H80:I80))*$L$1)+(MIN(50000,SUM($H87:I87))*$L$1) -> 0 | J96: =(MIN(50000,SUM($H79:J79))*$L$1)+(MIN(50000,SUM($H80:J80))*$L$1)+(MIN(50000,SUM($H87:J87))*$L$1) -> 0 | K96: =(MIN(50000,SUM($H79:K79))*$L$1)+(MIN(50000,SUM($H80:K80))*$L$1)+(MIN(50000,SUM($H87:K87))*$L$1) -> 0 | L96: =(MIN(50000,SUM($H79:L79))*$L$1)+(MIN(50000,SUM($H80:L80))*$L$1)+(MIN(50000,SUM($H87:L87))*$L$1) -> 0 | M96: =SUM(H96:L96) -> 0
B97: J. Total Project Costs | H97: =H93+H95+H96 -> 0 | I97: =I93+I95+I96 -> 0 | J97: =J93+J95+J96 -> 0 | K97: =K93+K95+K96 -> 0 | L97: =L93+L95+L96 -> 0 | M97: =SUM(M93+M95+M96) -> 0
L99: Total IDC | M99: =M95+M96 -> 0

Sheet PI 5
D1: Sponsor Name: | K1: Indirect Rate: | L1: ='PI 1'!L1 -> 0.4165 | M1: Do not change
D2: Start Date:
D3: End Date:
D4: Principal Investigator:
D5: Project Title:
H7: Year 1 | I7: Year 2 | J7: Year 3 | K7: Year 4 | L7: Year 5 | M7: Total
B8: A. Personnel (Salaries, Wages, & Fringe)
C9: 1. Senior Key Personnel | E9: Academic or Calendar Months | F9: Base Pay | G9: FTE
C10: A. Senior Personnel | M10: =SUM(H10:L10) -> 0 | N10: Note for Senior Key Personnel
M11: =SUM(H11:L11) -> 0 | N11: If Summer Salary, make sure
M12: =SUM(H12:L12) -> 0 | N12: you change the fringe rate
M13: =SUM(H13:L13) -> 0 | N13: to 24.50 in Cells G24-G27
G14: No. of Each
C15: B. Other Personnel | D15: PostDoctoral Associates | M15: =SUM(H15:L15) -> 0
D16: Other Professionals (Techs, etc.) | M16: =SUM(H16:L16) -> 0
D17: Admin/Clerical | M17: =SUM(H17:L17) -> 0
D18: Graduate Students | M18: =SUM(H18:L18) -> 0
D19: Undergraduates | M19: =SUM(H19:L19) -> 0
D20: Temp (Employee Type?) | M20: =SUM(H20:L20) -> 0
D21: Total Salaries & Wages | H21: =SUM(H10:H20) -> 0 | I21: =SUM(I10:I20) -> 0 | J21: =SUM(J10:J20) -> 0 | K21: =SUM(K10:K20) -> 0 | L21: =SUM(L10:L20) -> 0 | M21: =SUM(M10:M20) -> 0
C23: 2. Fringe Benefits | G23: Rate | N23: PLEASE DO NOT CHANGE THE GRAYED OUT FORMULAS
C24: A. Senior Personnel | D24: =D10 -> 0 | G24: 0.4275 | H24: =ROUND(H10*$G$24,0) -> 0 | I24: =ROUND(I10*$G$24,0) -> 0 | J24: =ROUND(J10*$G$24,0) -> 0 | K24: =ROUND(K10*$G$24,0) -> 0 | L24: =ROUND(L10*$G$24,0) -> 0 | M24: =SUM(H24:L24) -> 0 | N24: Note for Senior Key Personnel
D25: =D11 -> 0 | G25: 0.4275 | H25: =ROUND(H11*$G$25,0) -> 0 | I25: =ROUND(I11*$G$25,0) -> 0 | J25: =ROUND(J11*$G$25,0) -> 0 | K25: =ROUND(K11*$G$25,0) -> 0 | L25: =ROUND(L11*$G$25,0) -> 0 | M25: =SUM(H25:L25) -> 0 | N25: If Summer Salary, make sure
D26: =D12 -> 0 | G26: 0.4275 | H26: =ROUND(H12*$G$26,0) -> 0 | I26: =I12*G26 -> 0 | J26: =J12*G26 -> 0 | K26: =K12*G26 -> 0 | L26: =L12*G26 -> 0 | M26: =SUM(H26:L26) -> 0 | N26: you change the fringe rate
D27: =D13 -> 0 | G27: 0.4275 | H27: =ROUND(H13*$G$27,0) -> 0 | I27: =ROUND(I13*$G$27,0) -> 0 | J27: =ROUND(J13*$G$27,0) -> 0 | K27: =ROUND(K13*$G$27,0) -> 0 | L27: =ROUND(L13*$G$27,0) -> 0 | M27: =SUM(H27:L27) -> 0 | N27: to 24.50% in Cells G24-G27
C29: B. Other Personnel | D29: =D15 -> PostDoctoral Associates | G29: 0.4275 | H29: =ROUND(H15*$G$29,0) -> 0 | I29: =ROUND(I15*$G$29,0) -> 0 | J29: =ROUND(J15*$G$29,0) -> 0 | K29: =ROUND(K15*$G$29,0) -> 0 | L29: =ROUND(L15*$G$29,0) -> 0 | M29: =SUM(H29:L29) -> 0
D30: =D16 -> Other Professionals (Techs, etc.) | G30: 0.4275 | H30: =ROUND(H16*$G$30,0) -> 0 | I30: =ROUND(I16*$G$30,0) -> 0 | J30: =ROUND(J16*$G$30,0) -> 0 | K30: =ROUND(K16*$G$30,0) -> 0 | L30: =ROUND(L16*$G$30,0) -> 0 | M30: =SUM(H30:L30) -> 0
D31: =D17 -> Admin/Clerical | G31: 0.4275 | H31: =ROUND(H17*$G$31,0) -> 0 | I31: =ROUND(I17*$G$31,0) -> 0 | J31: =ROUND(J17*$G$31,0) -> 0 | K31: =ROUND(K17*$G$31,0) -> 0 | L31: =ROUND(L17*$G$31,0) -> 0 | M31: =SUM(H31:L31) -> 0
D32: =D18 -> Graduate Students | G32: 0.26 | H32: =ROUND(H18*$G$32,0) -> 0 | I32: =ROUND(I18*$G$32,0) -> 0 | J32: =ROUND(J18*$G$32,0) -> 0 | K32: =ROUND(K18*$G$32,0) -> 0 | L32: =ROUND(L18*$G$32,0) -> 0 | M32: =SUM(H32:L32) -> 0
D33: =D19 -> Undergraduates | G33: 0.015 | H33: =ROUND(H19*$G$33,0) -> 0 | I33: =ROUND(I19*$G$33,0) -> 0 | J33: =ROUND(J19*$G$33,0) -> 0 | K33: =ROUND(K19*$G$33,0) -> 0 | L33: =ROUND(L19*$G$33,0) -> 0 | M33: =SUM(H33:L33) -> 0
D34: =D20 -> Temp (Employee Type?) | G34: 0.245 | H34: =ROUND(H20*$G$34,0) -> 0 | I34: =ROUND(I20*$G$34,0) -> 0 | J34: =ROUND(J20*$G$34,0) -> 0 | K34: =ROUND(K20*$G$34,0) -> 0 | L34: =ROUND(L20*$G$34,0) -> 0 | M34: =SUM(H34:L34) -> 0
D35: Total Fringe Benefits | H35: =SUM(H24:H34) -> 0 | I35: =SUM(I24:I34) -> 0 | J35: =SUM(J24:J34) -> 0 | K35: =SUM(K24:K34) -> 0 | L35: =SUM(L24:L34) -> 0 | M35: =SUM(M24:M34) -> 0
D37: Total Personnel | H37: =SUM(H21,H35) -> 0 | I37: =SUM(I21,I35) -> 0 | J37: =SUM(J21,J35) -> 0 | K37: =SUM(K21,K35) -> 0 | L37: =SUM(L21,L35) -> 0 | M37: =SUM(M21,M35) -> 0
B39: B. Capitalized Equipment ($5K or Greater)
C40: 1 | M40: =SUM(H40:L40) -> 0
C41: 2 | M41: =SUM(H41:L41) -> 0
C42: 3 | M42: =SUM(H42:L42) -> 0
C43: 4 | M43: =SUM(H43:L43) -> 0
C44: 5 | M44: =SUM(H44:L44) -> 0
D45: Total Equipment | H45: =SUM(H40:H44) -> 0 | I45: =SUM(I40:I44) -> 0 | J45: =SUM(J40:J44) -> 0 | K45: =SUM(K40:K44) -> 0 | L45: =SUM(L40:L44) -> 0 | M45: =SUM(M40:M44) -> 0
B47: C. Travel
C48: 1 | D48: domestic | M48: =SUM(H48:L48) -> 0
C49: 2 | D49: foreign (foreign travel insurance required $100 per round trip, in other direct costs) | M49: =SUM(H49:L49) -> 0
D50: Total Travel | H50: =SUM(H48:H49) -> 0 | I50: =SUM(I48:I49) -> 0 | J50: =SUM(J48:J49) -> 0 | K50: =SUM(K48:K49) -> 0 | L50: =SUM(L48:L49) -> 0 | M50: =SUM(M48:M49) -> 0
B52: E. Other Direct Costs
C53: 1 | D53: Office Supplies | M53: =SUM(H53:L53) -> 0
C54: 2 | D54: Non-office Supplies | M54: =SUM(H54:L54) -> 0
C55: 3 | D55: Feed/Seed/Fertilizer | M55: =SUM(H55:L55) -> 0
C56: 4 | D56: Food/Working Meals | M56: =SUM(H56:L56) -> 0
C57: 5 | D57: Publications/Films | M57: =SUM(H57:L57) -> 0
C58: 6 | D58: Non-capital Equipment (includes laptops under $5k) | M58: =SUM(H58:L58) -> 0
C59: 7 | D59: Postage | M59: =SUM(H59:L59) -> 0
C60: 8 | D60: Communications | M60: =SUM(H60:L60) -> 0
C61: 9 | D61: Printing/Reproduction | M61: =SUM(H61:L61) -> 0
C62: 10 | D62: Rental | M62: =SUM(H62:L62) -> 0
C63: 11 | D63: Professional Service | M63: =SUM(H63:L63) -> 0
C64: 12 | D64: Computer Software services | M64: =SUM(H64:L64) -> 0
... C75: 23 | D75: Other (non-employee travel) | M75: =SUM(H75:L75) -> 0
D76: Subtotal Other Direct Cost | H76: =SUM(H53:H75) -> 0 | I76: =SUM(I53:I75) -> 0 | J76: =SUM(J53:J75) -> 0 | K76: =SUM(K53:K75) -> 0 | L76: =SUM(L53:L75) -> 0 | M76: =SUM(H76:L76) -> 0
C78: Subawards | G78: Total # of Awards =
C79: 1 | M79: =SUM(H79:L79) -> 0
C80: 2 | M80: =SUM(H80:L80) -> 0
C81: 3 | M81: =SUM(H81:L81) -> 0
C82: 4 | M82: =SUM(H82:L82) -> 0
C83: 5 | M83: =SUM(H83:L83) -> 0
C84: 6 | M84: =SUM(H84:L84) -> 0
C85: 7 | M85: =SUM(H85:L85) -> 0
C86: 8 | M86: =SUM(H86:L86) -> 0
C87: 9 | M87: =SUM(H87:L87) -> 0
C88: 10 | M88: =SUM(H88:L88) -> 0
C89: 11 | M89: =SUM(H89:L89) -> 0
D90: Subtotal Subaward Cost | H90: =SUM(H79:H89) -> 0 | I90: =SUM(I79:I89) -> 0 | J90: =SUM(J79:J89) -> 0 | K90: =SUM(K79:K89) -> 0 | L90: =SUM(L79:L89) -> 0 | M90: =SUM(H90:L90) -> 0
D91: Total Direct Cost | H91: =SUM(H76+H90) -> 0 | I91: =SUM(I76+I90) -> 0 | J91: =SUM(J76+J90) -> 0 | K91: =SUM(K76+K90) -> 0 | L91: =SUM(L76+L90) -> 0 | M91: =SUM(M76+M90) -> 0
H92: Year 1 | I92: Year 2 | J92: Year 3 | K92: Year 4 | L92: Year 5 | M92: Total
B93: F. Total Direct Costs (Cumulative A - E) | H93: =SUM(H91+H50+H45+H37) -> 0 | I93: =SUM(I91+I50+I45+I37) -> 0 | J93: =SUM(J91+J50+J45+J37) -> 0 | K93: =SUM(K91+K50+K45+K37) -> 0 | L93: =SUM(L91+L50+L45+L37) -> 0 | M93: =SUM(M91+M50+M45+M37) -> 0
B94: G. MTDC Base (less equip <$5K and subawards) | H94: =SUM(H93-H45-H66-H68-H69-H70-H71-H72-H90) -> 0 | I94: =SUM(I93-I45-I66-I68-I69-I70-I71-I72-I90) -> 0 | J94: =SUM(J93-J45-J66-J68-J69-J70-J71-J72-J90) -> 0 | K94: =SUM(K93-K45-K66-K68-K69-K70-K71-K72-K90) -> 0 | L94: =SUM(L93-L45-L66-L68-L69-L70-L71-L72-L90) -> 0 | M94: =M93-M90-M66-M68-M69-M70-M71-M72-M45 -> 0
B95: H. Indirect Costs (MTDC) | H95: =ROUND(H94*$L$1,1) -> 0 | I95: =ROUND(I94*$L$1,1) -> 0 | J95: =ROUND(J94*$L$1,1) -> 0 | K95: =ROUND(K94*$L$1,1) -> 0 | L95: =ROUND(L94*$L$1,1) -> 0 | M95: =SUM(H95:L95) -> 0
B96: I. First $50k per subaward | H96: =(MIN(50000,SUM($H79:H79))*$L$1)+(MIN(50000,SUM($H80:H80))*$L$1)+(MIN(50000,SUM($H87:H87))*$L$1) -> 0 | I96: =(MIN(50000,SUM($H79:I79))*$L$1)+(MIN(50000,SUM($H80:I80))*$L$1)+(MIN(50000,SUM($H87:I87))*$L$1) -> 0 | J96: =(MIN(50000,SUM($H79:J79))*$L$1)+(MIN(50000,SUM($H80:J80))*$L$1)+(MIN(50000,SUM($H87:J87))*$L$1) -> 0 | K96: =(MIN(50000,SUM($H79:K79))*$L$1)+(MIN(50000,SUM($H80:K80))*$L$1)+(MIN(50000,SUM($H87:K87))*$L$1) -> 0 | L96: =(MIN(50000,SUM($H79:L79))*$L$1)+(MIN(50000,SUM($H80:L80))*$L$1)+(MIN(50000,SUM($H87:L87))*$L$1) -> 0 | M96: =SUM(H96:L96) -> 0
B97: J. Total Project Costs | H97: =H93+H95+H96 -> 0 | I97: =I93+I95+I96 -> 0 | J97: =J93+J95+J96 -> 0 | K97: =K93+K95+K96 -> 0 | L97: =L93+L95+L96 -> 0 | M97: =SUM(M93+M95+M96) -> 0
L99: Total IDC | M99: =M95+M96 -> 0

Sheet PI 6
D1: Sponsor Name: | K1: Indirect Rate: | L1: ='PI 1'!L1 -> 0.4165 | M1: Do not change
D2: Start Date:
D3: End Date:
D4: Principal Investigator:
D5: Project Title:
H7: Year 1 | I7: Year 2 | J7: Year 3 | K7: Year 4 | L7: Year 5 | M7: Total
B8: A. Personnel (Salaries, Wages, & Fringe)
C9: 1. Senior Key Personnel | E9: Academic or Calendar Months | F9: Base Pay | G9: FTE
C10: A. Senior Personnel | M10: =SUM(H10:L10) -> 0
M11: =SUM(H11:L11) -> 0
M12: =SUM(H12:L12) -> 0
M13: =SUM(H13:L13) -> 0
G14: No. of Each
C15: B. Other Personnel | D15: PostDoctoral Associates | M15: =SUM(H15:L15) -> 0
D16: Other Professionals (Techs, etc.) | M16: =SUM(H16:L16) -> 0
D17: Admin/Clerical | M17: =SUM(H17:L17) -> 0
D18: Graduate Students | M18: =SUM(H18:L18) -> 0
D19: Undergraduates | M19: =SUM(H19:L19) -> 0
D20: Temp (Employee Type?) | M20: =SUM(H20:L20) -> 0
D21: Total Salaries & Wages | H21: =SUM(H10:H20) -> 0 | I21: =SUM(I10:I20) -> 0 | J21: =SUM(J10:J20) -> 0 | K21: =SUM(K10:K20) -> 0 | L21: =SUM(L10:L20) -> 0 | M21: =SUM(M10:M20) -> 0
C23: 2. Fringe Benefits | G23: Rate
C24: A. Senior Personnel | D24: =D10 -> 0 | G24: 0.4275 | H24: =ROUND(H10*$G$24,0) -> 0 | I24: =ROUND(I10*$G$24,0) -> 0 | J24: =ROUND(J10*$G$24,0) -> 0 | K24: =ROUND(K10*$G$24,0) -> 0 | L24: =ROUND(L10*$G$24,0) -> 0 | M24: =SUM(H24:L24) -> 0
D25: =D11 -> 0 | G25: 0.4275 | H25: =ROUND(H11*$G$25,0) -> 0 | I25: =ROUND(I11*$G$25,0) -> 0 | J25: =ROUND(J11*$G$25,0) -> 0 | K25: =ROUND(K11*$G$25,0) -> 0 | L25: =ROUND(L11*$G$25,0) -> 0 | M25: =SUM(H25:L25) -> 0
D26: =D12 -> 0 | G26: 0.4275 | H26: =ROUND(H12*$G$26,0) -> 0 | I26: =I12*G26 -> 0 | J26: =J12*G26 -> 0 | K26: =K12*G26 -> 0 | L26: =L12*G26 -> 0 | M26: =SUM(H26:L26) -> 0
D27: =D13 -> 0 | G27: 0.4275 | H27: =ROUND(H13*$G$27,0) -> 0 | I27: =ROUND(I13*$G$27,0) -> 0 | J27: =ROUND(J13*$G$27,0) -> 0 | K27: =ROUND(K13*$G$27,0) -> 0 | L27: =ROUND(L13*$G$27,0) -> 0 | M27: =SUM(H27:L27) -> 0
C29: B. Other Personnel | D29: =D15 -> PostDoctoral Associates | G29: 0.4275 | H29: =ROUND(H15*$G$29,0) -> 0 | I29: =ROUND(I15*$G$29,0) -> 0 | J29: =ROUND(J15*$G$29,0) -> 0 | K29: =ROUND(K15*$G$29,0) -> 0 | L29: =ROUND(L15*$G$29,0) -> 0 | M29: =SUM(H29:L29) -> 0
D30: =D16 -> Other Professionals (Techs, etc.) | G30: 0.4275 | H30: =ROUND(H16*$G$30,0) -> 0 | I30: =ROUND(I16*$G$30,0) -> 0 | J30: =ROUND(J16*$G$30,0) -> 0 | K30: =ROUND(K16*$G$30,0) -> 0 | L30: =ROUND(L16*$G$30,0) -> 0 | M30: =SUM(H30:L30) -> 0
D31: =D17 -> Admin/Clerical | G31: 0.4275 | H31: =ROUND(H17*$G$31,0) -> 0 | I31: =ROUND(I17*$G$31,0) -> 0 | J31: =ROUND(J17*$G$31,0) -> 0 | K31: =ROUND(K17*$G$31,0) -> 0 | L31: =ROUND(L17*$G$31,0) -> 0 | M31: =SUM(H31:L31) -> 0
D32: =D18 -> Graduate Students | G32: 0.26 | H32: =ROUND(H18*$G$32,0) -> 0 | I32: =ROUND(I18*$G$32,0) -> 0 | J32: =ROUND(J18*$G$32,0) -> 0 | K32: =ROUND(K18*$G$32,0) -> 0 | L32: =ROUND(L18*$G$32,0) -> 0 | M32: =SUM(H32:L32) -> 0
D33: =D19 -> Undergraduates | G33: 0.015 | H33: =ROUND(H19*$G$33,0) -> 0 | I33: =ROUND(I19*$G$33,0) -> 0 | J33: =ROUND(J19*$G$33,0) -> 0 | K33: =ROUND(K19*$G$33,0) -> 0 | L33: =ROUND(L19*$G$33,0) -> 0 | M33: =SUM(H33:L33) -> 0
D34: =D20 -> Temp (Employee Type?) | G34: 0.245 | H34: =ROUND(H20*$G$34,0) -> 0 | I34: =ROUND(I20*$G$34,0) -> 0 | J34: =ROUND(J20*$G$34,0) -> 0 | K34: =ROUND(K20*$G$34,0) -> 0 | L34: =ROUND(L20*$G$34,0) -> 0 | M34: =SUM(H34:L34) -> 0
D35: Total Fringe Benefits | H35: =SUM(H24:H34) -> 0 | I35: =SUM(I24:I34) -> 0 | J35: =SUM(J24:J34) -> 0 | K35: =SUM(K24:K34) -> 0 | L35: =SUM(L24:L34) -> 0 | M35: =SUM(M24:M34) -> 0
D37: Total Personnel | H37: =SUM(H21,H35) -> 0 | I37: =SUM(I21,I35) -> 0 | J37: =SUM(J21,J35) -> 0 | K37: =SUM(K21,K35) -> 0 | L37: =SUM(L21,L35) -> 0 | M37: =SUM(M21,M35) -> 0
B39: B. Capitalized Equipment ($5K or Greater)
C40: 1 | M40: =SUM(H40:L40) -> 0
C41: 2 | M41: =SUM(H41:L41) -> 0
C42: 3 | M42: =SUM(H42:L42) -> 0
C43: 4 | M43: =SUM(H43:L43) -> 0
C44: 5 | M44: =SUM(H44:L44) -> 0
D45: Total Equipment | H45: =SUM(H40:H44) -> 0 | I45: =SUM(I40:I44) -> 0 | J45: =SUM(J40:J44) -> 0 | K45: =SUM(K40:K44) -> 0 | L45: =SUM(L40:L44) -> 0 | M45: =SUM(M40:M44) -> 0
B47: C. Travel
C48: 1 | D48: domestic | M48: =SUM(H48:L48) -> 0
C49: 2 | D49: foreign (foreign travel insurance required $100 per round trip, in other direct costs) | M49: =SUM(H49:L49) -> 0
D50: Total Travel | H50: =SUM(H48:H49) -> 0 | I50: =SUM(I48:I49) -> 0 | J50: =SUM(J48:J49) -> 0 | K50: =SUM(K48:K49) -> 0 | L50: =SUM(L48:L49) -> 0 | M50: =SUM(M48:M49) -> 0
B52: E. Other Direct Costs
C53: 1 | D53: Office Supplies | M53: =SUM(H53:L53) -> 0
C54: 2 | D54: Non-office Supplies | M54: =SUM(H54:L54) -> 0
C55: 3 | D55: Feed/Seed/Fertilizer | M55: =SUM(H55:L55) -> 0
C56: 4 | D56: Food/Working Meals | M56: =SUM(H56:L56) -> 0
C57: 5 | D57: Publications/Films | M57: =SUM(H57:L57) -> 0
C58: 6 | D58: Non-capital Equipment (includes laptops under $5k) | M58: =SUM(H58:L58) -> 0
C59: 7 | D59: Postage | M59: =SUM(H59:L59) -> 0
C60: 8 | D60: Communications | M60: =SUM(H60:L60) -> 0
C61: 9 | D61: Printing/Reproduction | M61: =SUM(H61:L61) -> 0
C62: 10 | D62: Rental | M62: =SUM(H62:L62) -> 0
C63: 11 | D63: Professional Service | M63: =SUM(H63:L63) -> 0
C64: 12 | D64: Computer Software services | M64: =SUM(H64:L64) -> 0
... C75: 23 | D75: Other (non-employee travel) | M75: =SUM(H75:L75) -> 0
D76: Subtotal Other Direct Cost | H76: =SUM(H53:H75) -> 0 | I76: =SUM(I53:I75) -> 0 | J76: =SUM(J53:J75) -> 0 | K76: =SUM(K53:K75) -> 0 | L76: =SUM(L53:L75) -> 0 | M76: =SUM(H76:L76) -> 0
C78: Subawards | G78: Total # of Awards =
C79: 1 | M79: =SUM(H79:L79) -> 0
C80: 2 | M80: =SUM(H80:L80) -> 0
C81: 3 | M81: =SUM(H81:L81) -> 0
C82: 4 | M82: =SUM(H82:L82) -> 0
C83: 5 | M83: =SUM(H83:L83) -> 0
C84: 6 | M84: =SUM(H84:L84) -> 0
C85: 7 | M85: =SUM(H85:L85) -> 0
C86: 8 | M86: =SUM(H86:L86) -> 0
C87: 9 | M87: =SUM(H87:L87) -> 0
C88: 10 | M88: =SUM(H88:L88) -> 0
C89: 11 | M89: =SUM(H89:L89) -> 0
D90: Subtotal Subaward Cost | H90: =SUM(H79:H89) -> 0 | I90: =SUM(I79:I89) -> 0 | J90: =SUM(J79:J89) -> 0 | K90: =SUM(K79:K89) -> 0 | L90: =SUM(L79:L89) -> 0 | M90: =SUM(H90:L90) -> 0
D91: Total Direct Cost | H91: =SUM(H76+H90) -> 0 | I91: =SUM(I76+I90) -> 0 | J91: =SUM(J76+J90) -> 0 | K91: =SUM(K76+K90) -> 0 | L91: =SUM(L76+L90) -> 0 | M91: =SUM(M76+M90) -> 0
H92: Year 1 | I92: Year 2 | J92: Year 3 | K92: Year 4 | L92: Year 5 | M92: Total
B93: F. Total Direct Costs (Cumulative A - E) | H93: =SUM(H91+H50+H45+H37) -> 0 | I93: =SUM(I91+I50+I45+I37) -> 0 | J93: =SUM(J91+J50+J45+J37) -> 0 | K93: =SUM(K91+K50+K45+K37) -> 0 | L93: =SUM(L91+L50+L45+L37) -> 0 | M93: =SUM(M91+M50+M45+M37) -> 0
B94: G. MTDC Base (less equip <$5K and subawards) | H94: =SUM(H93-H45-H66-H68-H69-H70-H71-H72-H90) -> 0 | I94: =SUM(I93-I45-I66-I68-I69-I70-I71-I72-I90) -> 0 | J94: =SUM(J93-J45-J66-J68-J69-J70-J71-J72-J90) -> 0 | K94: =SUM(K93-K45-K66-K68-K69-K70-K71-K72-K90) -> 0 | L94: =SUM(L93-L45-L66-L68-L69-L70-L71-L72-L90) -> 0 | M94: =M93-M90-M66-M68-M69-M70-M71-M72-M45 -> 0
B95: H. Indirect Costs (MTDC) | H95: =ROUND(H94*$L$1,1) -> 0 | I95: =ROUND(I94*$L$1,1) -> 0 | J95: =ROUND(J94*$L$1,1) -> 0 | K95: =ROUND(K94*$L$1,1) -> 0 | L95: =ROUND(L94*$L$1,1) -> 0 | M95: =SUM(H95:L95) -> 0
B96: I. First $50k per subaward | H96: =(MIN(50000,SUM($H79:H79))*$L$1)+(MIN(50000,SUM($H80:H80))*$L$1)+(MIN(50000,SUM($H87:H87))*$L$1) -> 0 | I96: =(MIN(50000,SUM($H79:I79))*$L$1)+(MIN(50000,SUM($H80:I80))*$L$1)+(MIN(50000,SUM($H87:I87))*$L$1) -> 0 | J96: =(MIN(50000,SUM($H79:J79))*$L$1)+(MIN(50000,SUM($H80:J80))*$L$1)+(MIN(50000,SUM($H87:J87))*$L$1) -> 0 | K96: =(MIN(50000,SUM($H79:K79))*$L$1)+(MIN(50000,SUM($H80:K80))*$L$1)+(MIN(50000,SUM($H87:K87))*$L$1) -> 0 | L96: =(MIN(50000,SUM($H79:L79))*$L$1)+(MIN(50000,SUM($H80:L80))*$L$1)+(MIN(50000,SUM($H87:L87))*$L$1) -> 0 | M96: =SUM(H96:L96) -> 0
B97: J. Total Project Costs | H97: =H93+H95+H96 -> 0 | I97: =I93+I95+I96 -> 0 | J97: =J93+J95+J96 -> 0 | K97: =K93+K95+K96 -> 0 | L97: =L93+L95+L96 -> 0 | M97: =SUM(M93+M95+M96) -> 0
L99: Total IDC | M99: =M95+M96 -> 0

Sheet PI 7
D1: Sponsor Name: | K1: Indirect Rate: | L1: ='PI 1'!L1 -> 0.4165 | M1: Do not change
D2: Start Date:
D3: End Date:
D4: Principal Investigator:
D5: Project Title:
H7: Year 1 | I7: Year 2 | J7: Year 3 | K7: Year 4 | L7: Year 5 | M7: Total
B8: A. Personnel (Salaries, Wages, & Fringe)
C9: 1. Senior Key Personnel | E9: Academic or Calendar Months | F9: Base Pay | G9: FTE
C10: A. Senior Personnel | M10: =SUM(H10:L10) -> 0 | N10: Note for Senior Key Personnel
M11: =SUM(H11:L11) -> 0 | N11: If Summer Salary, make sure
M12: =SUM(H12:L12) -> 0 | N12: you change the fringe rate
M13: =SUM(H13:L13) -> 0 | N13: to 24.5% in Cells G24-G27
G14: No. of Each
C15: B. Other Personnel | D15: PostDoctoral Associates | M15: =SUM(H15:L15) -> 0
D16: Other Professionals (Techs, etc.) | M16: =SUM(H16:L16) -> 0
D17: Admin/Clerical | M17: =SUM(H17:L17) -> 0
D18: Graduate Students | M18: =SUM(H18:L18) -> 0
D19: Undergraduates | M19: =SUM(H19:L19) -> 0
D20: Temp (Employee Type?) | M20: =SUM(H20:L20) -> 0
D21: Total Salaries & Wages | H21: =SUM(H10:H20) -> 0 | I21: =SUM(I10:I20) -> 0 | J21: =SUM(J10:J20) -> 0 | K21: =SUM(K10:K20) -> 0 | L21: =SUM(L10:L20) -> 0 | M21: =SUM(M10:M20) -> 0
C23: 2. Fringe Benefits | G23: Rate | N23: PLEASE DO NOT CHANGE THE GRAYED OUT FORMULAS
C24: A. Senior Personnel | D24: =D10 -> 0 | G24: 0.4275 | H24: =ROUND(H10*$G$24,0) -> 0 | I24: =ROUND(I10*$G$24,0) -> 0 | J24: =ROUND(J10*$G$24,0) -> 0 | K24: =ROUND(K10*$G$24,0) -> 0 | L24: =ROUND(L10*$G$24,0) -> 0 | M24: =SUM(H24:L24) -> 0 | N24: Note for Senior Key Personnel
D25: =D11 -> 0 | G25: 0.4275 | H25: =ROUND(H11*$G$25,0) -> 0 | I25: =ROUND(I11*$G$25,0) -> 0 | J25: =ROUND(J11*$G$25,0) -> 0 | K25: =ROUND(K11*$G$25,0) -> 0 | L25: =ROUND(L11*$G$25,0) -> 0 | M25: =SUM(H25:L25) -> 0 | N25: If Summer Salary, make sure
D26: =D12 -> 0 | G26: 0.4275 | H26: =ROUND(H12*$G$26,0) -> 0 | I26: =I12*G26 -> 0 | J26: =J12*G26 -> 0 | K26: =K12*G26 -> 0 | L26: =L12*G26 -> 0 | M26: =SUM(H26:L26) -> 0 | N26: you change the fringe rate
D27: =D13 -> 0 | G27: 0.4275 | H27: =ROUND(H13*$G$27,0) -> 0 | I27: =ROUND(I13*$G$27,0) -> 0 | J27: =ROUND(J13*$G$27,0) -> 0 | K27: =ROUND(K13*$G$27,0) -> 0 | L27: =ROUND(L13*$G$27,0) -> 0 | M27: =SUM(H27:L27) -> 0 | N27: to 24.5% in Cells G24-G27
C29: B. Other Personnel | D29: =D15 -> PostDoctoral Associates | G29: 0.4275 | H29: =ROUND(H15*$G$29,0) -> 0 | I29: =ROUND(I15*$G$29,0) -> 0 | J29: =ROUND(J15*$G$29,0) -> 0 | K29: =ROUND(K15*$G$29,0) -> 0 | L29: =ROUND(L15*$G$29,0) -> 0 | M29: =SUM(H29:L29) -> 0
D30: =D16 -> Other Professionals (Techs, etc.) | G30: 0.4275 | H30: =ROUND(H16*$G$30,0) -> 0 | I30: =ROUND(I16*$G$30,0) -> 0 | J30: =ROUND(J16*$G$30,0) -> 0 | K30: =ROUND(K16*$G$30,0) -> 0 | L30: =ROUND(L16*$G$30,0) -> 0 | M30: =SUM(H30:L30) -> 0
D31: =D17 -> Admin/Clerical | G31: 0.4275 | H31: =ROUND(H17*$G$31,0) -> 0 | I31: =ROUND(I17*$G$31,0) -> 0 | J31: =ROUND(J17*$G$31,0) -> 0 | K31: =ROUND(K17*$G$31,0) -> 0 | L31: =ROUND(L17*$G$31,0) -> 0 | M31: =SUM(H31:L31) -> 0
D32: =D18 -> Graduate Students | G32: 0.26 | H32: =ROUND(H18*$G$32,0) -> 0 | I32: =ROUND(I18*$G$32,0) -> 0 | J32: =ROUND(J18*$G$32,0) -> 0 | K32: =ROUND(K18*$G$32,0) -> 0 | L32: =ROUND(L18*$G$32,0) -> 0 | M32: =SUM(H32:L32) -> 0
D33: =D19 -> Undergraduates | G33: 0.015 | H33: =ROUND(H19*$G$33,0) -> 0 | I33: =ROUND(I19*$G$33,0) -> 0 | J33: =ROUND(J19*$G$33,0) -> 0 | K33: =ROUND(K19*$G$33,0) -> 0 | L33: =ROUND(L19*$G$33,0) -> 0 | M33: =SUM(H33:L33) -> 0
D34: =D20 -> Temp (Employee Type?) | G34: 0.245 | H34: =ROUND(H20*$G$34,0) -> 0 | I34: =ROUND(I20*$G$34,0) -> 0 | J34: =ROUND(J20*$G$34,0) -> 0 | K34: =ROUND(K20*$G$34,0) -> 0 | L34: =ROUND(L20*$G$34,0) -> 0 | M34: =SUM(H34:L34) -> 0
D35: Total Fringe Benefits | H35: =SUM(H24:H34) -> 0 | I35: =SUM(I24:I34) -> 0 | J35: =SUM(J24:J34) -> 0 | K35: =SUM(K24:K34) -> 0 | L35: =SUM(L24:L34) -> 0 | M35: =SUM(M24:M34) -> 0
D37: Total Personnel | H37: =SUM(H21,H35) -> 0 | I37: =SUM(I21,I35) -> 0 | J37: =SUM(J21,J35) -> 0 | K37: =SUM(K21,K35) -> 0 | L37: =SUM(L21,L35) -> 0 | M37: =SUM(M21,M35) -> 0
B39: B. Capitalized Equipment ($5K or Greater)
C40: 1 | M40: =SUM(H40:L40) -> 0
C41: 2 | M41: =SUM(H41:L41) -> 0
C42: 3 | M42: =SUM(H42:L42) -> 0
C43: 4 | M43: =SUM(H43:L43) -> 0
C44: 5 | M44: =SUM(H44:L44) -> 0
D45: Total Equipment | H45: =SUM(H40:H44) -> 0 | I45: =SUM(I40:I44) -> 0 | J45: =SUM(J40:J44) -> 0 | K45: =SUM(K40:K44) -> 0 | L45: =SUM(L40:L44) -> 0 | M45: =SUM(M40:M44) -> 0
B47: C. Travel
C48: 1 | D48: domestic | M48: =SUM(H48:L48) -> 0
C49: 2 | D49: foreign (foreign travel insurance required $100 per round trip, in other direct costs) | M49: =SUM(H49:L49) -> 0
D50: Total Travel | H50: =SUM(H48:H49) -> 0 | I50: =SUM(I48:I49) -> 0 | J50: =SUM(J48:J49) -> 0 | K50: =SUM(K48:K49) -> 0 | L50: =SUM(L48:L49) -> 0 | M50: =SUM(M48:M49) -> 0
B52: E. Other Direct Costs
C53: 1 | D53: Office Supplies | M53: =SUM(H53:L53) -> 0
C54: 2 | D54: Non-office Supplies | M54: =SUM(H54:L54) -> 0
C55: 3 | D55: Feed/Seed/Fertilizer | M55: =SUM(H55:L55) -> 0
C56: 4 | D56: Food/Working Meals | M56: =SUM(H56:L56) -> 0
C57: 5 | D57: Publications/Films | M57: =SUM(H57:L57) -> 0
C58: 6 | D58: Non-capital Equipment (includes laptops under $5k) | M58: =SUM(H58:L58) -> 0
C59: 7 | D59: Postage | M59: =SUM(H59:L59) -> 0
C60: 8 | D60: Communications | M60: =SUM(H60:L60) -> 0
C61: 9 | D61: Printing/Reproduction | M61: =SUM(H61:L61) -> 0
C62: 10 | D62: Rental | M62: =SUM(H62:L62) -> 0
C63: 11 | D63: Professional Service | M63: =SUM(H63:L63) -> 0
C64: 12 | D64: Computer Software services | M64: =SUM(H64:L64) -> 0
... C75: 23 | D75: Other (non-employee travel) | M75: =SUM(H75:L75) -> 0
D76: Subtotal Other Direct Cost | H76: =SUM(H53:H75) -> 0 | I76: =SUM(I53:I75) -> 0 | J76: =SUM(J53:J75) -> 0 | K76: =SUM(K53:K75) -> 0 | L76: =SUM(L53:L75) -> 0 | M76: =SUM(H76:L76) -> 0
C78: Subawards | G78: Total # of Awards =
C79: 1 | M79: =SUM(H79:L79) -> 0
C80: 2 | M80: =SUM(H80:L80) -> 0
C81: 3 | M81: =SUM(H81:L81) -> 0
C82: 4 | M82: =SUM(H82:L82) -> 0
C83: 5 | M83: =SUM(H83:L83) -> 0
C84: 6 | M84: =SUM(H84:L84) -> 0
C85: 7 | M85: =SUM(H85:L85) -> 0
C86: 8 | M86: =SUM(H86:L86) -> 0
C87: 9 | M87: =SUM(H87:L87) -> 0
C88: 10 | M88: =SUM(H88:L88) -> 0
C89: 11 | M89: =SUM(H89:L89) -> 0
D90: Subtotal Subaward Cost | H90: =SUM(H79:H89) -> 0 | I90: =SUM(I79:I89) -> 0 | J90: =SUM(J79:J89) -> 0 | K90: =SUM(K79:K89) -> 0 | L90: =SUM(L79:L89) -> 0 | M90: =SUM(H90:L90) -> 0
D91: Total Direct Cost | H91: =SUM(H76+H90) -> 0 | I91: =SUM(I76+I90) -> 0 | J91: =SUM(J76+J90) -> 0 | K91: =SUM(K76+K90) -> 0 | L91: =SUM(L76+L90) -> 0 | M91: =SUM(M76+M90) -> 0
H92: Year 1 | I92: Year 2 | J92: Year 3 | K92: Year 4 | L92: Year 5 | M92: Total
B93: F. Total Direct Costs (Cumulative A - E) | H93: =SUM(H91+H50+H45+H37) -> 0 | I93: =SUM(I91+I50+I45+I37) -> 0 | J93: =SUM(J91+J50+J45+J37) -> 0 | K93: =SUM(K91+K50+K45+K37) -> 0 | L93: =SUM(L91+L50+L45+L37) -> 0 | M93: =SUM(M91+M50+M45+M37) -> 0
B94: G. MTDC Base (less equip <$5K and subawards) | H94: =SUM(H93-H45-H66-H68-H69-H70-H71-H72-H90) -> 0 | I94: =SUM(I93-I45-I66-I68-I69-I70-I71-I72-I90) -> 0 | J94: =SUM(J93-J45-J66-J68-J69-J70-J71-J72-J90) -> 0 | K94: =SUM(K93-K45-K66-K68-K69-K70-K71-K72-K90) -> 0 | L94: =SUM(L93-L45-L66-L68-L69-L70-L71-L72-L90) -> 0 | M94: =M93-M90-M66-M68-M69-M70-M71-M72-M45 -> 0
B95: H. Indirect Costs (MTDC) | H95: =ROUND(H94*$L$1,1) -> 0 | I95: =ROUND(I94*$L$1,1) -> 0 | J95: =ROUND(J94*$L$1,1) -> 0 | K95: =ROUND(K94*$L$1,1) -> 0 | L95: =ROUND(L94*$L$1,1) -> 0 | M95: =SUM(H95:L95) -> 0
B96: I. First $50k per subaward | H96: =(MIN(50000,SUM($H79:H79))*$L$1)+(MIN(50000,SUM($H80:H80))*$L$1)+(MIN(50000,SUM($H87:H87))*$L$1) -> 0 | I96: =(MIN(50000,SUM($H79:I79))*$L$1)+(MIN(50000,SUM($H80:I80))*$L$1)+(MIN(50000,SUM($H87:I87))*$L$1) -> 0 | J96: =(MIN(50000,SUM($H79:J79))*$L$1)+(MIN(50000,SUM($H80:J80))*$L$1)+(MIN(50000,SUM($H87:J87))*$L$1) -> 0 | K96: =(MIN(50000,SUM($H79:K79))*$L$1)+(MIN(50000,SUM($H80:K80))*$L$1)+(MIN(50000,SUM($H87:K87))*$L$1) -> 0 | L96: =(MIN(50000,SUM($H79:L79))*$L$1)+(MIN(50000,SUM($H80:L80))*$L$1)+(MIN(50000,SUM($H87:L87))*$L$1) -> 0 | M96: =SUM(H96:L96) -> 0
B97: J. Total Project Costs | H97: =H93+H95+H96 -> 0 | I97: =I93+I95+I96 -> 0 | J97: =J93+J95+J96 -> 0 | K97: =K93+K95+K96 -> 0 | L97: =L93+L95+L96 -> 0 | M97: =SUM(M93+M95+M96) -> 0
L99: Total IDC | M99: =M95+M96 -> 0

Sheet PI 8
D1: Sponsor Name: | K1: Indirect Rate: | L1: ='PI 1'!L1 -> 0.4165 | M1: Do not change
D2: Start Date:
D3: End Date:
D4: Principal Investigator:
D5: Project Title:
H7: Year 1 | I7: Year 2 | J7: Year 3 | K7: Year 4 | L7: Year 5 | M7: Total
B8: A. Personnel (Salaries, Wages, & Fringe)
C9: 1. Senior Key Personnel | E9: Academic or Calendar Months | F9: Base Pay | G9: FTE
C10: A. Senior Personnel | M10: =SUM(H10:L10) -> 0 | N10: Note for Senior Key Personnel
M11: =SUM(H11:L11) -> 0 | N11: If Summer Salary, make sure
M12: =SUM(H12:L12) -> 0 | N12: you change the fringe rate
M13: =SUM(H13:L13) -> 0 | N13: to 24.50% in Cells G24-G27
G14: No. of Each
C15: B. Other Personnel | D15: PostDoctoral Associates | M15: =SUM(H15:L15) -> 0
D16: Other Professionals (Techs, etc.) | M16: =SUM(H16:L16) -> 0
D17: Admin/Clerical | M17: =SUM(H17:L17) -> 0
D18: Graduate Students | M18: =SUM(H18:L18) -> 0
D19: Udergraduates | M19: =SUM(H19:L19) -> 0
D20: Temp | M20: =SUM(H20:L20) -> 0
D21: Total Salaries & Wages | H21: =SUM(H10:H20) -> 0 | I21: =SUM(I10:I20) -> 0 | J21: =SUM(J10:J20) -> 0 | K21: =SUM(K10:K20) -> 0 | L21: =SUM(L10:L20) -> 0 | M21: =SUM(M10:M20) -> 0
C23: 2. Fringe Benefits | G23: Rate | N23: PLEASE DO NOT CHANGE THE GRAYED OUT FORMULAS
C24: A. Senior Personnel | D24: =D10 -> 0 | G24: 0.4275 | H24: =ROUND(H10*$G$24,0) -> 0 | I24: =ROUND(I10*$G$24,0) -> 0 | J24: =ROUND(J10*$G$24,0) -> 0 | K24: =ROUND(K10*$G$24,0) -> 0 | L24: =ROUND(L10*$G$24,0) -> 0 | M24: =SUM(H24:L24) -> 0 | N24: Note for Senior Key Personnel
D25: =D11 -> 0 | G25: 0.4275 | H25: =ROUND(H11*$G$25,0) -> 0 | I25: =ROUND(I11*$G$25,0) -> 0 | J25: =ROUND(J11*$G$25,0) -> 0 | K25: =ROUND(K11*$G$25,0) -> 0 | L25: =ROUND(L11*$G$25,0) -> 0 | M25: =SUM(H25:L25) -> 0 | N25: If Summer Salary, make sure
D26: =D12 -> 0 | G26: 0.4275 | H26: =ROUND(H12*$G$26,0) -> 0 | I26: =I12*G26 -> 0 | J26: =J12*G26 -> 0 | K26: =K12*G26 -> 0 | L26: =L12*G26 -> 0 | M26: =SUM(H26:L26) -> 0 | N26: you change the fringe rate
D27: =D13 -> 0 | G27: 0.4275 | H27: =ROUND(H13*$G$27,0) -> 0 | I27: =ROUND(I13*$G$27,0) -> 0 | J27: =ROUND(J13*$G$27,0) -> 0 | K27: =ROUND(K13*$G$27,0) -> 0 | L27: =ROUND(L13*$G$27,0) -> 0 | M27: =SUM(H27:L27) -> 0 | N27: to 24.50% in Cells G24-G27
C29: B. Other Personnel | D29: =D15 -> PostDoctoral Associates | G29: 0.4275 | H29: =ROUND(H15*$G$29,0) -> 0 | I29: =ROUND(I15*$G$29,0) -> 0 | J29: =ROUND(J15*$G$29,0) -> 0 | K29: =ROUND(K15*$G$29,0) -> 0 | L29: =ROUND(L15*$G$29,0) -> 0 | M29: =SUM(H29:L29) -> 0
D30: =D16 -> Other Professionals (Techs, etc.) | G30: 0.4275 | H30: =ROUND(H16*$G$30,0) -> 0 | I30: =ROUND(I16*$G$30,0) -> 0 | J30: =ROUND(J16*$G$30,0) -> 0 | K30: =ROUND(K16*$G$30,0) -> 0 | L30: =ROUND(L16*$G$30,0) -> 0 | M30: =SUM(H30:L30) -> 0
D31: =D17 -> Admin/Clerical | G31: 0.4275 | H31: =ROUND(H17*$G$31,0) -> 0 | I31: =ROUND(I17*$G$31,0) -> 0 | J31: =ROUND(J17*$G$31,0) -> 0 | K31: =ROUND(K17*$G$31,0) -> 0 | L31: =ROUND(L17*$G$31,0) -> 0 | M31: =SUM(H31:L31) -> 0
D32: =D18 -> Graduate Students | G32: 0.26 | H32: =ROUND(H18*$G$32,0) -> 0 | I32: =ROUND(I18*$G$32,0) -> 0 | J32: =ROUND(J18*$G$32,0) -> 0 | K32: =ROUND(K18*$G$32,0) -> 0 | L32: =ROUND(L18*$G$32,0) -> 0 | M32: =SUM(H32:L32) -> 0
D33: =D19 -> Udergraduates | G33: 0.015 | H33: =ROUND(H19*$G$33,0) -> 0 | I33: =ROUND(I19*$G$33,0) -> 0 | J33: =ROUND(J19*$G$33,0) -> 0 | K33: =ROUND(K19*$G$33,0) -> 0 | L33: =ROUND(L19*$G$33,0) -> 0 | M33: =SUM(H33:L33) -> 0
D34: =D20 -> Temp | G34: 0.245 | H34: =ROUND(H20*$G$34,0) -> 0 | I34: =ROUND(I20*$G$34,0) -> 0 | J34: =ROUND(J20*$G$34,0) -> 0 | K34: =ROUND(K20*$G$34,0) -> 0 | L34: =ROUND(L20*$G$34,0) -> 0 | M34: =SUM(H34:L34) -> 0
D35: Total Fringe Benefits | H35: =SUM(H24:H34) -> 0 | I35: =SUM(I24:I34) -> 0 | J35: =SUM(J24:J34) -> 0 | K35: =SUM(K24:K34) -> 0 | L35: =SUM(L24:L34) -> 0 | M35: =SUM(M24:M34) -> 0
D37: Total Personnel | H37: =SUM(H21,H35) -> 0 | I37: =SUM(I21,I35) -> 0 | J37: =SUM(J21,J35) -> 0 | K37: =SUM(K21,K35) -> 0 | L37: =SUM(L21,L35) -> 0 | M37: =SUM(M21,M35) -> 0
B39: B. Capitalized Equipment ($5K or Greater)
C40: 1 | M40: =SUM(H40:L40) -> 0
C41: 2 | M41: =SUM(H41:L41) -> 0
C42: 3 | M42: =SUM(H42:L42) -> 0
C43: 4 | M43: =SUM(H43:L43) -> 0
C44: 5 | M44: =SUM(H44:L44) -> 0
D45: Total Equipment | H45: =SUM(H40:H44) -> 0 | I45: =SUM(I40:I44) -> 0 | J45: =SUM(J40:J44) -> 0 | K45: =SUM(K40:K44) -> 0 | L45: =SUM(L40:L44) -> 0 | M45: =SUM(M40:M44) -> 0
B47: C. Travel
C48: 1 | D48: domestic | M48: =SUM(H48:L48) -> 0
C49: 2 | D49: foreign (foreign travel insurance required $100 per round trip, in other direct costs) | M49: =SUM(H49:L49) -> 0
D50: Total Travel | H50: =SUM(H48:H49) -> 0 | I50: =SUM(I48:I49) -> 0 | J50: =SUM(J48:J49) -> 0 | K50: =SUM(K48:K49) -> 0 | L50: =SUM(L48:L49) -> 0 | M50: =SUM(M48:M49) -> 0
B52: E. Other Direct Costs
C53: 1 | D53: Office Supplies | M53: =SUM(H53:L53) -> 0
C54: 2 | D54: Non-office Supplies | M54: =SUM(H54:L54) -> 0
C55: 3 | D55: Feed/Seed/Fertilizer | M55: =SUM(H55:L55) -> 0
C56: 4 | D56: Food/Working Meals | M56: =SUM(H56:L56) -> 0
C57: 5 | D57: Publications/Films | M57: =SUM(H57:L57) -> 0
C58: 6 | D58: Non-capital Equipment (includes laptops under $5k) | M58: =SUM(H58:L58) -> 0
C59: 7 | D59: Postage | M59: =SUM(H59:L59) -> 0
C60: 8 | D60: Communications | M60: =SUM(H60:L60) -> 0
C61: 9 | D61: Printing/Reproduction | M61: =SUM(H61:L61) -> 0
C62: 10 | D62: Rental | M62: =SUM(H62:L62) -> 0
C63: 11 | D63: Professional Service | M63: =SUM(H63:L63) -> 0
C64: 12 | D64: Computer Software services | M64: =SUM(H64:L64) -> 0
... C75: 23 | D75: Other (non-employee travel) | M75: =SUM(H75:L75) -> 0
D76: Subtotal Other Direct Cost | H76: =SUM(H53:H75) -> 0 | I76: =SUM(I53:I75) -> 0 | J76: =SUM(J53:J75) -> 0 | K76: =SUM(K53:K75) -> 0 | L76: =SUM(L53:L75) -> 0 | M76: =SUM(H76:L76) -> 0
C78: Subawards | G78: Total # of Awards =
C79: 1 | M79: =SUM(H79:L79) -> 0
C80: 2 | M80: =SUM(H80:L80) -> 0
C81: 3 | M81: =SUM(H81:L81) -> 0
C82: 4 | M82: =SUM(H82:L82) -> 0
C83: 5 | M83: =SUM(H83:L83) -> 0
C84: 6 | M84: =SUM(H84:L84) -> 0
C85: 7 | M85: =SUM(H85:L85) -> 0
C86: 8 | M86: =SUM(H86:L86) -> 0
C87: 9 | M87: =SUM(H87:L87) -> 0
C88: 10 | M88: =SUM(H88:L88) -> 0
C89: 11 | M89: =SUM(H89:L89) -> 0
D90: Subtotal Subaward Cost | H90: =SUM(H79:H89) -> 0 | I90: =SUM(I79:I89) -> 0 | J90: =SUM(J79:J89) -> 0 | K90: =SUM(K79:K89) -> 0 | L90: =SUM(L79:L89) -> 0 | M90: =SUM(H90:L90) -> 0
D91: Total Direct Cost | H91: =SUM(H76+H90) -> 0 | I91: =SUM(I76+I90) -> 0 | J91: =SUM(J76+J90) -> 0 | K91: =SUM(K76+K90) -> 0 | L91: =SUM(L76+L90) -> 0 | M91: =SUM(M76+M90) -> 0
H92: Year 1 | I92: Year 2 | J92: Year 3 | K92: Year 4 | L92: Year 5 | M92: Total
B93: F. Total Direct Costs (Cumulative A - E) | H93: =SUM(H91+H50+H45+H37) -> 0 | I93: =SUM(I91+I50+I45+I37) -> 0 | J93: =SUM(J91+J50+J45+J37) -> 0 | K93: =SUM(K91+K50+K45+K37) -> 0 | L93: =SUM(L91+L50+L45+L37) -> 0 | M93: =SUM(M91+M50+M45+M37) -> 0
B94: G. MTDC Base (less equip <$5K and subawards) | H94: =SUM(H93-H45-H66-H68-H69-H70-H71-H72-H90) -> 0 | I94: =SUM(I93-I45-I66-I68-I69-I70-I71-I72-I90) -> 0 | J94: =SUM(J93-J45-J66-J68-J69-J70-J71-J72-J90) -> 0 | K94: =SUM(K93-K45-K66-K68-K69-K70-K71-K72-K90) -> 0 | L94: =SUM(L93-L45-L66-L68-L69-L70-L71-L72-L90) -> 0 | M94: =M93-M90-M66-M68-M69-M70-M71-M72-M45 -> 0
B95: H. Indirect Costs (MTDC) | H95: =ROUND(H94*$L$1,1) -> 0 | I95: =ROUND(I94*$L$1,1) -> 0 | J95: =ROUND(J94*$L$1,1) -> 0 | K95: =ROUND(K94*$L$1,1) -> 0 | L95: =ROUND(L94*$L$1,1) -> 0 | M95: =SUM(H95:L95) -> 0
B96: I. First $50k per subaward | H96: =(MIN(50000,SUM($H79:H79))*$L$1)+(MIN(50000,SUM($H80:H80))*$L$1)+(MIN(50000,SUM($H87:H87))*$L$1) -> 0 | I96: =(MIN(50000,SUM($H79:I79))*$L$1)+(MIN(50000,SUM($H80:I80))*$L$1)+(MIN(50000,SUM($H87:I87))*$L$1) -> 0 | J96: =(MIN(50000,SUM($H79:J79))*$L$1)+(MIN(50000,SUM($H80:J80))*$L$1)+(MIN(50000,SUM($H87:J87))*$L$1) -> 0 | K96: =(MIN(50000,SUM($H79:K79))*$L$1)+(MIN(50000,SUM($H80:K80))*$L$1)+(MIN(50000,SUM($H87:K87))*$L$1) -> 0 | L96: =(MIN(50000,SUM($H79:L79))*$L$1)+(MIN(50000,SUM($H80:L80))*$L$1)+(MIN(50000,SUM($H87:L87))*$L$1) -> 0 | M96: =SUM(H96:L96) -> 0
B97: J. Total Project Costs | H97: =H93+H95+H96 -> 0 | I97: =I93+I95+I96 -> 0 | J97: =J93+J95+J96 -> 0 | K97: =K93+K95+K96 -> 0 | L97: =L93+L95+L96 -> 0 | M97: =SUM(M93+M95+M96) -> 0
L99: Total IDC | M99: =M95+M96 -> 0

Sheet PI 9
D1: Sponsor Name: | K1: Indirect Rate: | L1: ='PI 1'!L1 -> 0.4165 | M1: Do not change
D2: Start Date:
D3: End Date:
D4: Principal Investigator:
D5: Project Title:
H7: Year 1 | I7: Year 2 | J7: Year 3 | K7: Year 4 | L7: Year 5 | M7: Total
B8: A. Personnel (Salaries, Wages, & Fringe)
C9: 1. Senior Key Personnel | E9: Academic or Calendar Months | F9: Base Pay | G9: FTE
C10: A. Senior Personnel | M10: =SUM(H10:L10) -> 0 | N10: Note for Senior Key Personnel
M11: =SUM(H11:L11) -> 0 | N11: If Summer Salary, make sure
M12: =SUM(H12:L12) -> 0 | N12: you change the fringe rate
M13: =SUM(H13:L13) -> 0 | N13: to 24.50% in Cells G24-G27
G14: No. of Each
C15: B. Other Personnel | D15: PostDoctoral Associates | M15: =SUM(H15:L15) -> 0
D16: Other Professionals (Techs, etc.) | M16: =SUM(H16:L16) -> 0
D17: Admin/Clerical | M17: =SUM(H17:L17) -> 0
D18: Graduate Students | M18: =SUM(H18:L18) -> 0
D19: Udergraduates | M19: =SUM(H19:L19) -> 0
D20: Temp | M20: =SUM(H20:L20) -> 0
D21: Total Salaries & Wages | H21: =SUM(H10:H20) -> 0 | I21: =SUM(I10:I20) -> 0 | J21: =SUM(J10:J20) -> 0 | K21: =SUM(K10:K20) -> 0 | L21: =SUM(L10:L20) -> 0 | M21: =SUM(M10:M20) -> 0
C23: 2. Fringe Benefits | G23: Rate | N23: PLEASE DO NOT CHANGE THE GRAYED OUT FORMULAS
C24: A. Senior Personnel | D24: =D10 -> 0 | G24: 0.4275 | H24: =ROUND(H10*$G$24,0) -> 0 | I24: =ROUND(I10*$G$24,0) -> 0 | J24: =ROUND(J10*$G$24,0) -> 0 | K24: =ROUND(K10*$G$24,0) -> 0 | L24: =ROUND(L10*$G$24,0) -> 0 | M24: =SUM(H24:L24) -> 0 | N24: Note for Senior Key Personnel
D25: =D11 -> 0 | G25: 0.4275 | H25: =ROUND(H11*$G$25,0) -> 0 | I25: =ROUND(I11*$G$25,0) -> 0 | J25: =ROUND(J11*$G$25,0) -> 0 | K25: =ROUND(K11*$G$25,0) -> 0 | L25: =ROUND(L11*$G$25,0) -> 0 | M25: =SUM(H25:L25) -> 0 | N25: If Summer Salary, make sure
D26: =D12 -> 0 | G26: 0.4275 | H26: =ROUND(H12*$G$26,0) -> 0 | I26: =I12*G26 -> 0 | J26: =J12*G26 -> 0 | K26: =K12*G26 -> 0 | L26: =L12*G26 -> 0 | M26: =SUM(H26:L26) -> 0 | N26: you change the fringe rate
D27: =D13 -> 0 | G27: 0.4275 | H27: =ROUND(H13*$G$27,0) -> 0 | I27: =ROUND(I13*$G$27,0) -> 0 | J27: =ROUND(J13*$G$27,0) -> 0 | K27: =ROUND(K13*$G$27,0) -> 0 | L27: =ROUND(L13*$G$27,0) -> 0 | M27: =SUM(H27:L27) -> 0 | N27: to 24.50% in Cells G24-G27
C29: B. Other Personnel | D29: =D15 -> PostDoctoral Associates | G29: 0.4275 | H29: =ROUND(H15*$G$29,0) -> 0 | I29: =ROUND(I15*$G$29,0) -> 0 | J29: =ROUND(J15*$G$29,0) -> 0 | K29: =ROUND(K15*$G$29,0) -> 0 | L29: =ROUND(L15*$G$29,0) -> 0 | M29: =SUM(H29:L29) -> 0
D30: =D16 -> Other Professionals (Techs, etc.) | G30: 0.4275 | H30: =ROUND(H16*$G$30,0) -> 0 | I30: =ROUND(I16*$G$30,0) -> 0 | J30: =ROUND(J16*$G$30,0) -> 0 | K30: =ROUND(K16*$G$30,0) -> 0 | L30: =ROUND(L16*$G$30,0) -> 0 | M30: =SUM(H30:L30) -> 0
D31: =D17 -> Admin/Clerical | G31: 0.4275 | H31: =ROUND(H17*$G$31,0) -> 0 | I31: =ROUND(I17*$G$31,0) -> 0 | J31: =ROUND(J17*$G$31,0) -> 0 | K31: =ROUND(K17*$G$31,0) -> 0 | L31: =ROUND(L17*$G$31,0) -> 0 | M31: =SUM(H31:L31) -> 0
D32: =D18 -> Graduate Students | G32: 0.26 | H32: =ROUND(H18*$G$32,0) -> 0 | I32: =ROUND(I18*$G$32,0) -> 0 | J32: =ROUND(J18*$G$32,0) -> 0 | K32: =ROUND(K18*$G$32,0) -> 0 | L32: =ROUND(L18*$G$32,0) -> 0 | M32: =SUM(H32:L32) -> 0
D33: =D19 -> Udergraduates | G33: 0.015 | H33: =ROUND(H19*$G$33,0) -> 0 | I33: =ROUND(I19*$G$33,0) -> 0 | J33: =ROUND(J19*$G$33,0) -> 0 | K33: =ROUND(K19*$G$33,0) -> 0 | L33: =ROUND(L19*$G$33,0) -> 0 | M33: =SUM(H33:L33) -> 0
D34: =D20 -> Temp | G34: 0.245 | H34: =ROUND(H20*$G$34,0) -> 0 | I34: =ROUND(I20*$G$34,0) -> 0 | J34: =ROUND(J20*$G$34,0) -> 0 | K34: =ROUND(K20*$G$34,0) -> 0 | L34: =ROUND(L20*$G$34,0) -> 0 | M34: =SUM(H34:L34) -> 0
D35: Total Fringe Benefits | H35: =SUM(H24:H34) -> 0 | I35: =SUM(I24:I34) -> 0 | J35: =SUM(J24:J34) -> 0 | K35: =SUM(K24:K34) -> 0 | L35: =SUM(L24:L34) -> 0 | M35: =SUM(M24:M34) -> 0
D37: Total Personnel | H37: =SUM(H21,H35) -> 0 | I37: =SUM(I21,I35) -> 0 | J37: =SUM(J21,J35) -> 0 | K37: =SUM(K21,K35) -> 0 | L37: =SUM(L21,L35) -> 0 | M37: =SUM(M21,M35) -> 0
B39: B. Capitalized Equipment ($5K or Greater)
C40: 1 | M40: =SUM(H40:L40) -> 0
C41: 2 | M41: =SUM(H41:L41) -> 0
C42: 3 | M42: =SUM(H42:L42) -> 0
C43: 4 | M43: =SUM(H43:L43) -> 0
C44: 5 | M44: =SUM(H44:L44) -> 0
D45: Total Equipment | H45: =SUM(H40:H44) -> 0 | I45: =SUM(I40:I44) -> 0 | J45: =SUM(J40:J44) -> 0 | K45: =SUM(K40:K44) -> 0 | L45: =SUM(L40:L44) -> 0 | M45: =SUM(M40:M44) -> 0
B47: C. Travel
C48: 1 | D48: domestic | M48: =SUM(H48:L48) -> 0
C49: 2 | D49: foreign (foreign travel insurance required $100 per round trip, in other direct costs) | M49: =SUM(H49:L49) -> 0
D50: Total Travel | H50: =SUM(H48:H49) -> 0 | I50: =SUM(I48:I49) -> 0 | J50: =SUM(J48:J49) -> 0 | K50: =SUM(K48:K49) -> 0 | L50: =SUM(L48:L49) -> 0 | M50: =SUM(M48:M49) -> 0
B52: E. Other Direct Costs
C53: 1 | D53: Office Supplies | M53: =SUM(H53:L53) -> 0
C54: 2 | D54: Non-office Supplies | M54: =SUM(H54:L54) -> 0
C55: 3 | D55: Feed/Seed/Fertilizer | M55: =SUM(H55:L55) -> 0
C56: 4 | D56: Food/Working Meals | M56: =SUM(H56:L56) -> 0
C57: 5 | D57: Publications/Films | M57: =SUM(H57:L57) -> 0
C58: 6 | D58: Non-capital Equipment (includes laptops under $5k) | M58: =SUM(H58:L58) -> 0
C59: 7 | D59: Postage | M59: =SUM(H59:L59) -> 0
C60: 8 | D60: Communications | M60: =SUM(H60:L60) -> 0
C61: 9 | D61: Printing/Reproduction | M61: =SUM(H61:L61) -> 0
C62: 10 | D62: Rental | M62: =SUM(H62:L62) -> 0
C63: 11 | D63: Professional Service | M63: =SUM(H63:L63) -> 0
C64: 12 | D64: Computer Software services | M64: =SUM(H64:L64) -> 0
... C75: 23 | D75: Other (non-employee travel) | M75: =SUM(H75:L75) -> 0
D76: Subtotal Other Direct Cost | H76: =SUM(H53:H75) -> 0 | I76: =SUM(I53:I75) -> 0 | J76: =SUM(J53:J75) -> 0 | K76: =SUM(K53:K75) -> 0 | L76: =SUM(L53:L75) -> 0 | M76: =SUM(H76:L76) -> 0
C78: Subawards | G78: Total # of Awards =
C79: 1 | M79: =SUM(H79:L79) -> 0
C80: 2 | M80: =SUM(H80:L80) -> 0
C81: 3 | M81: =SUM(H81:L81) -> 0
C82: 4 | M82: =SUM(H82:L82) -> 0
C83: 5 | M83: =SUM(H83:L83) -> 0
C84: 6 | M84: =SUM(H84:L84) -> 0
C85: 7 | M85: =SUM(H85:L85) -> 0
C86: 8 | M86: =SUM(H86:L86) -> 0
C87: 9 | M87: =SUM(H87:L87) -> 0
C88: 10 | M88: =SUM(H88:L88) -> 0
C89: 11 | M89: =SUM(H89:L89) -> 0
D90: Subtotal Subaward Cost | H90: =SUM(H79:H89) -> 0 | I90: =SUM(I79:I89) -> 0 | J90: =SUM(J79:J89) -> 0 | K90: =SUM(K79:K89) -> 0 | L90: =SUM(L79:L89) -> 0 | M90: =SUM(H90:L90) -> 0
D91: Total Direct Cost | H91: =SUM(H76+H90) -> 0 | I91: =SUM(I76+I90) -> 0 | J91: =SUM(J76+J90) -> 0 | K91: =SUM(K76+K90) -> 0 | L91: =SUM(L76+L90) -> 0 | M91: =SUM(M76+M90) -> 0
H92: Year 1 | I92: Year 2 | J92: Year 3 | K92: Year 4 | L92: Year 5 | M92: Total
B93: F. Total Direct Costs (Cumulative A - E) | H93: =SUM(H91+H50+H45+H37) -> 0 | I93: =SUM(I91+I50+I45+I37) -> 0 | J93: =SUM(J91+J50+J45+J37) -> 0 | K93: =SUM(K91+K50+K45+K37) -> 0 | L93: =SUM(L91+L50+L45+L37) -> 0 | M93: =SUM(M91+M50+M45+M37) -> 0
B94: G. MTDC Base (less equip <$5K and subawards) | H94: =SUM(H93-H45-H66-H68-H69-H70-H71-H72-H90) -> 0 | I94: =SUM(I93-I45-I66-I68-I69-I70-I71-I72-I90) -> 0 | J94: =SUM(J93-J45-J66-J68-J69-J70-J71-J72-J90) -> 0 | K94: =SUM(K93-K45-K66-K68-K69-K70-K71-K72-K90) -> 0 | L94: =SUM(L93-L45-L66-L68-L69-L70-L71-L72-L90) -> 0 | M94: =M93-M90-M66-M68-M69-M70-M71-M72-M45 -> 0
B95: H. Indirect Costs (MTDC) | H95: =ROUND(H94*$L$1,1) -> 0 | I95: =ROUND(I94*$L$1,1) -> 0 | J95: =ROUND(J94*$L$1,1) -> 0 | K95: =ROUND(K94*$L$1,1) -> 0 | L95: =ROUND(L94*$L$1,1) -> 0 | M95: =SUM(H95:L95) -> 0
B96: I. First $50k per subaward | H96: =(MIN(50000,SUM($H79:H79))*$L$1)+(MIN(50000,SUM($H80:H80))*$L$1)+(MIN(50000,SUM($H87:H87))*$L$1) -> 0 | I96: =(MIN(50000,SUM($H79:I79))*$L$1)+(MIN(50000,SUM($H80:I80))*$L$1)+(MIN(50000,SUM($H87:I87))*$L$1) -> 0 | J96: =(MIN(50000,SUM($H79:J79))*$L$1)+(MIN(50000,SUM($H80:J80))*$L$1)+(MIN(50000,SUM($H87:J87))*$L$1) -> 0 | K96: =(MIN(50000,SUM($H79:K79))*$L$1)+(MIN(50000,SUM($H80:K80))*$L$1)+(MIN(50000,SUM($H87:K87))*$L$1) -> 0 | L96: =(MIN(50000,SUM($H79:L79))*$L$1)+(MIN(50000,SUM($H80:L80))*$L$1)+(MIN(50000,SUM($H87:L87))*$L$1) -> 0 | M96: =SUM(H96:L96) -> 0
B97: J. Total Project Costs | H97: =H93+H95+H96 -> 0 | I97: =I93+I95+I96 -> 0 | J97: =J93+J95+J96 -> 0 | K97: =K93+K95+K96 -> 0 | L97: =L93+L95+L96 -> 0 | M97: =SUM(M93+M95+M96) -> 0
L99: Total IDC | M99: =M95+M96 -> 0

Sheet PI 10
D1: Sponsor Name: | K1: Indirect Rate: | L1: ='PI 1'!L1 -> 0.4165 | M1: Do not change
D2: Start Date:
D3: End Date:
D4: Principal Investigator:
D5: Project Title:
H7: Year 1 | I7: Year 2 | J7: Year 3 | K7: Year 4 | L7: Year 5 | M7: Total
B8: A. Personnel (Salaries, Wages, & Fringe)
C9: 1. Senior Key Personnel | E9: Academic or Calendar Months | F9: Base Pay | G9: FTE
C10: A. Senior Personnel | M10: =SUM(H10:L10) -> 0 | N10: Note for Senior Key Personnel
M11: =SUM(H11:L11) -> 0 | N11: If Summer Salary, make sure
M12: =SUM(H12:L12) -> 0 | N12: you change the fringe rate
M13: =SUM(H13:L13) -> 0 | N13: to 24.5% in Cells G24-G27
G14: No. of Each
C15: B. Other Personnel | D15: PostDoctoral Associates | M15: =SUM(H15:L15) -> 0
D16: Other Professionals (Techs, etc.) | M16: =SUM(H16:L16) -> 0
D17: Admin/Clerical | M17: =SUM(H17:L17) -> 0
D18: Graduate Students | M18: =SUM(H18:L18) -> 0
D19: Udergraduates | M19: =SUM(H19:L19) -> 0
D20: Temp | M20: =SUM(H20:L20) -> 0
D21: Total Salaries & Wages | H21: =SUM(H10:H20) -> 0 | I21: =SUM(I10:I20) -> 0 | J21: =SUM(J10:J20) -> 0 | K21: =SUM(K10:K20) -> 0 | L21: =SUM(L10:L20) -> 0 | M21: =SUM(M10:M20) -> 0
C23: 2. Fringe Benefits | G23: Rate | N23: PLEASE DO NOT CHANGE THE GRAYED OUT FORMULAS
C24: A. Senior Personnel | D24: =D10 -> 0 | G24: 0.4275 | H24: =ROUND(H10*$G$24,0) -> 0 | I24: =ROUND(I10*$G$24,0) -> 0 | J24: =ROUND(J10*$G$24,0) -> 0 | K24: =ROUND(K10*$G$24,0) -> 0 | L24: =ROUND(L10*$G$24,0) -> 0 | M24: =SUM(H24:L24) -> 0 | N24: Note for Senior Key Personnel
D25: =D11 -> 0 | G25: 0.4275 | H25: =ROUND(H11*$G$25,0) -> 0 | I25: =ROUND(I11*$G$25,0) -> 0 | J25: =ROUND(J11*$G$25,0) -> 0 | K25: =ROUND(K11*$G$25,0) -> 0 | L25: =ROUND(L11*$G$25,0) -> 0 | M25: =SUM(H25:L25) -> 0 | N25: If Summer Salary, make sure
D26: =D12 -> 0 | G26: 0.4275 | H26: =ROUND(H12*$G$26,0) -> 0 | I26: =I12*G26 -> 0 | J26: =J12*G26 -> 0 | K26: =K12*G26 -> 0 | L26: =L12*G26 -> 0 | M26: =SUM(H26:L26) -> 0 | N26: you change the fringe rate
D27: =D13 -> 0 | G27: 0.4275 | H27: =ROUND(H13*$G$27,0) -> 0 | I27: =ROUND(I13*$G$27,0) -> 0 | J27: =ROUND(J13*$G$27,0) -> 0 | K27: =ROUND(K13*$G$27,0) -> 0 | L27: =ROUND(L13*$G$27,0) -> 0 | M27: =SUM(H27:L27) -> 0 | N27: to 24.5% in Cells G24-G27
C29: B. Other Personnel | D29: =D15 -> PostDoctoral Associates | G29: 0.4275 | H29: =ROUND(H15*$G$29,0) -> 0 | I29: =ROUND(I15*$G$29,0) -> 0 | J29: =ROUND(J15*$G$29,0) -> 0 | K29: =ROUND(K15*$G$29,0) -> 0 | L29: =ROUND(L15*$G$29,0) -> 0 | M29: =SUM(H29:L29) -> 0
D30: =D16 -> Other Professionals (Techs, etc.) | G30: 0.4275 | H30: =ROUND(H16*$G$30,0) -> 0 | I30: =ROUND(I16*$G$30,0) -> 0 | J30: =ROUND(J16*$G$30,0) -> 0 | K30: =ROUND(K16*$G$30,0) -> 0 | L30: =ROUND(L16*$G$30,0) -> 0 | M30: =SUM(H30:L30) -> 0
D31: =D17 -> Admin/Clerical | G31: 0.4275 | H31: =ROUND(H17*$G$31,0) -> 0 | I31: =ROUND(I17*$G$31,0) -> 0 | J31: =ROUND(J17*$G$31,0) -> 0 | K31: =ROUND(K17*$G$31,0) -> 0 | L31: =ROUND(L17*$G$31,0) -> 0 | M31: =SUM(H31:L31) -> 0
D32: =D18 -> Graduate Students | G32: 0.26 | H32: =ROUND(H18*$G$32,0) -> 0 | I32: =ROUND(I18*$G$32,0) -> 0 | J32: =ROUND(J18*$G$32,0) -> 0 | K32: =ROUND(K18*$G$32,0) -> 0 | L32: =ROUND(L18*$G$32,0) -> 0 | M32: =SUM(H32:L32) -> 0 | R32: =SUM(M1) -> 0
D33: =D19 -> Udergraduates | G33: 0.015 | H33: =ROUND(H19*$G$33,0) -> 0 | I33: =ROUND(I19*$G$33,0) -> 0 | J33: =ROUND(J19*$G$33,0) -> 0 | K33: =ROUND(K19*$G$33,0) -> 0 | L33: =ROUND(L19*$G$33,0) -> 0 | M33: =SUM(H33:L33) -> 0
D34: =D20 -> Temp | G34: 0.245 | H34: =ROUND(H20*$G$34,0) -> 0 | I34: =ROUND(I20*$G$34,0) -> 0 | J34: =ROUND(J20*$G$34,0) -> 0 | K34: =ROUND(K20*$G$34,0) -> 0 | L34: =ROUND(L20*$G$34,0) -> 0 | M34: =SUM(H34:L34) -> 0
D35: Total Fringe Benefits | H35: =SUM(H24:H34) -> 0 | I35: =SUM(I24:I34) -> 0 | J35: =SUM(J24:J34) -> 0 | K35: =SUM(K24:K34) -> 0 | L35: =SUM(L24:L34) -> 0 | M35: =SUM(M24:M34) -> 0
D37: Total Personnel | H37: =SUM(H21,H35) -> 0 | I37: =SUM(I21,I35) -> 0 | J37: =SUM(J21,J35) -> 0 | K37: =SUM(K21,K35) -> 0 | L37: =SUM(L21,L35) -> 0 | M37: =SUM(M21,M35) -> 0
B39: B. Capitalized Equipment ($5K or Greater)
C40: 1 | M40: =SUM(H40:L40) -> 0
C41: 2 | M41: =SUM(H41:L41) -> 0
C42: 3 | M42: =SUM(H42:L42) -> 0
C43: 4 | M43: =SUM(H43:L43) -> 0
C44: 5 | M44: =SUM(H44:L44) -> 0
D45: Total Equipment | H45: =SUM(H40:H44) -> 0 | I45: =SUM(I40:I44) -> 0 | J45: =SUM(J40:J44) -> 0 | K45: =SUM(K40:K44) -> 0 | L45: =SUM(L40:L44) -> 0 | M45: =SUM(M40:M44) -> 0
B47: C. Travel
C48: 1 | D48: domestic | M48: =SUM(H48:L48) -> 0
C49: 2 | D49: foreign (foreign travel insurance required $100 per round trip, in other direct costs) | M49: =SUM(H49:L49) -> 0
D50: Total Travel | H50: =SUM(H48:H49) -> 0 | I50: =SUM(I48:I49) -> 0 | J50: =SUM(J48:J49) -> 0 | K50: =SUM(K48:K49) -> 0 | L50: =SUM(L48:L49) -> 0 | M50: =SUM(M48:M49) -> 0
B52: E. Other Direct Costs
C53: 1 | D53: Office Supplies | M53: =SUM(H53:L53) -> 0
C54: 2 | D54: Non-office Supplies | M54: =SUM(H54:L54) -> 0
C55: 3 | D55: Feed/Seed/Fertilizer | M55: =SUM(H55:L55) -> 0
C56: 4 | D56: Food/Working Meals | M56: =SUM(H56:L56) -> 0
C57: 5 | D57: Publications/Films | M57: =SUM(H57:L57) -> 0
C58: 6 | D58: Non-capital Equipment (includes laptops under $5k) | M58: =SUM(H58:L58) -> 0
C59: 7 | D59: Postage | M59: =SUM(H59:L59) -> 0
C60: 8 | D60: Communications | M60: =SUM(H60:L60) -> 0
C61: 9 | D61: Printing/Reproduction | M61: =SUM(H61:L61) -> 0
C62: 10 | D62: Rental | M62: =SUM(H62:L62) -> 0
C63: 11 | D63: Professional Service | M63: =SUM(H63:L63) -> 0
C64: 12 | D64: Computer Software services | M64: =SUM(H64:L64) -> 0
... C75: 23 | D75: Other (non-employee travel) | M75: =SUM(H75:L75) -> 0
D76: Subtotal Other Direct Cost | H76: =SUM(H53:H75) -> 0 | I76: =SUM(I53:I75) -> 0 | J76: =SUM(J53:J75) -> 0 | K76: =SUM(K53:K75) -> 0 | L76: =SUM(L53:L75) -> 0 | M76: =SUM(H76:L76) -> 0
C78: Subawards | G78: Total # of Awards =
C79: 1 | M79: =SUM(H79:L79) -> 0
C80: 2 | M80: =SUM(H80:L80) -> 0
C81: 3 | M81: =SUM(H81:L81) -> 0
C82: 4 | M82: =SUM(H82:L82) -> 0
C83: 5 | M83: =SUM(H83:L83) -> 0
C84: 6 | M84: =SUM(H84:L84) -> 0
C85: 7 | M85: =SUM(H85:L85) -> 0
C86: 8 | M86: =SUM(H86:L86) -> 0
C87: 9 | M87: =SUM(H87:L87) -> 0
C88: 10 | M88: =SUM(H88:L88) -> 0
C89: 11 | M89: =SUM(H89:L89) -> 0
D90: Subtotal Subaward Cost | H90: =SUM(H79:H89) -> 0 | I90: =SUM(I79:I89) -> 0 | J90: =SUM(J79:J89) -> 0 | K90: =SUM(K79:K89) -> 0 | L90: =SUM(L79:L89) -> 0 | M90: =SUM(H90:L90) -> 0
D91: Total Direct Cost | H91: =SUM(H76+H90) -> 0 | I91: =SUM(I76+I90) -> 0 | J91: =SUM(J76+J90) -> 0 | K91: =SUM(K76+K90) -> 0 | L91: =SUM(L76+L90) -> 0 | M91: =SUM(M76+M90) -> 0
H92: Year 1 | I92: Year 2 | J92: Year 3 | K92: Year 4 | L92: Year 5 | M92: Total
B93: F. Total Direct Costs (Cumulative A - E) | H93: =SUM(H91+H50+H45+H37) -> 0 | I93: =SUM(I91+I50+I45+I37) -> 0 | J93: =SUM(J91+J50+J45+J37) -> 0 | K93: =SUM(K91+K50+K45+K37) -> 0 | L93: =SUM(L91+L50+L45+L37) -> 0 | M93: =SUM(M91+M50+M45+M37) -> 0
B94: G. MTDC Base (less equip <$5K and subawards) | H94: =SUM(H93-H45-H66-H68-H69-H70-H71-H72-H90) -> 0 | I94: =SUM(I93-I45-I66-I68-I69-I70-I71-I72-I90) -> 0 | J94: =SUM(J93-J45-J66-J68-J69-J70-J71-J72-J90) -> 0 | K94: =SUM(K93-K45-K66-K68-K69-K70-K71-K72-K90) -> 0 | L94: =SUM(L93-L45-L66-L68-L69-L70-L71-L72-L90) -> 0 | M94: =M93-M90-M66-M68-M69-M70-M71-M72-M45 -> 0
B95: H. Indirect Costs (MTDC) | H95: =ROUND(H94*$L$1,1) -> 0 | I95: =ROUND(I94*$L$1,1) -> 0 | J95: =ROUND(J94*$L$1,1) -> 0 | K95: =ROUND(K94*$L$1,1) -> 0 | L95: =ROUND(L94*$L$1,1) -> 0 | M95: =SUM(H95:L95) -> 0
B96: I. First $50k per subaward | H96: =(MIN(50000,SUM($H79:H79))*$L$1)+(MIN(50000,SUM($H80:H80))*$L$1)+(MIN(50000,SUM($H87:H87))*$L$1) -> 0 | I96: =(MIN(50000,SUM($H79:I79))*$L$1)+(MIN(50000,SUM($H80:I80))*$L$1)+(MIN(50000,SUM($H87:I87))*$L$1) -> 0 | J96: =(MIN(50000,SUM($H79:J79))*$L$1)+(MIN(50000,SUM($H80:J80))*$L$1)+(MIN(50000,SUM($H87:J87))*$L$1) -> 0 | K96: =(MIN(50000,SUM($H79:K79))*$L$1)+(MIN(50000,SUM($H80:K80))*$L$1)+(MIN(50000,SUM($H87:K87))*$L$1) -> 0 | L96: =(MIN(50000,SUM($H79:L79))*$L$1)+(MIN(50000,SUM($H80:L80))*$L$1)+(MIN(50000,SUM($H87:L87))*$L$1) -> 0 | M96: =SUM(H96:L96) -> 0
B97: J. Total Project Costs | H97: =H93+H95+H96 -> 0 | I97: =I93+I95+I96 -> 0 | J97: =J93+J95+J96 -> 0 | K97: =K93+K95+K96 -> 0 | L97: =L93+L95+L96 -> 0 | M97: =SUM(M93+M95+M96) -> 0
L99: Total IDC | M99: =M95+M96 -> 0

Sheet PI 11
D1: Sponsor Name: | K1: Indirect Rate: | L1: ='PI 1'!L1 -> 0.4165 | M1: Do not change
D2: Start Date:
D3: End Date:
D4: Principal Investigator:
D5: Project Title:
H7: Year 1 | I7: Year 2 | J7: Year 3 | K7: Year 4 | L7: Year 5 | M7: Total
B8: A. Personnel (Salaries, Wages, & Fringe)
C9: 1. Senior Key Personnel | E9: Academic or Calendar Months | F9: Base Pay | G9: FTE
C10: A. Senior Personnel | M10: =SUM(H10:L10) -> 0 | N10: Note for Senior Key Personnel
M11: =SUM(H11:L11) -> 0 | N11: If Summer Salary, make sure
M12: =SUM(H12:L12) -> 0 | N12: you change the fringe rate
M13: =SUM(H13:L13) -> 0 | N13: to 24.50% in Cells G24-G27
G14: No. of Each
C15: B. Other Personnel | D15: PostDoctoral Associates | M15: =SUM(H15:L15) -> 0
D16: Other Professionals (Techs, etc.) | M16: =SUM(H16:L16) -> 0
D17: Admin/Clerical | M17: =SUM(H17:L17) -> 0
D18: Graduate Students | M18: =SUM(H18:L18) -> 0
D19: Udergraduates | M19: =SUM(H19:L19) -> 0
D20: Temp | M20: =SUM(H20:L20) -> 0
D21: Total Salaries & Wages | H21: =SUM(H10:H20) -> 0 | I21: =SUM(I10:I20) -> 0 | J21: =SUM(J10:J20) -> 0 | K21: =SUM(K10:K20) -> 0 | L21: =SUM(L10:L20) -> 0 | M21: =SUM(M10:M20) -> 0
C23: 2. Fringe Benefits | G23: Rate | N23: PLEASE DO NOT CHANGE THE GRAYED OUT FORMULAS
C24: A. Senior Personnel | D24: =D10 -> 0 | G24: 0.4275 | H24: =ROUND(H10*$G$24,0) -> 0 | I24: =ROUND(I10*$G$24,0) -> 0 | J24: =ROUND(J10*$G$24,0) -> 0 | K24: =ROUND(K10*$G$24,0) -> 0 | L24: =ROUND(L10*$G$24,0) -> 0 | M24: =SUM(H24:L24) -> 0 | N24: Note for Senior Key Personnel
D25: =D11 -> 0 | G25: 0.4275 | H25: =ROUND(H11*$G$25,0) -> 0 | I25: =ROUND(I11*$G$25,0) -> 0 | J25: =ROUND(J11*$G$25,0) -> 0 | K25: =ROUND(K11*$G$25,0) -> 0 | L25: =ROUND(L11*$G$25,0) -> 0 | M25: =SUM(H25:L25) -> 0 | N25: If Summer Salary, make sure
D26: =D12 -> 0 | G26: 0.4275 | H26: =ROUND(H12*$G$26,0) -> 0 | I26: =I12*G26 -> 0 | J26: =J12*G26 -> 0 | K26: =K12*G26 -> 0 | L26: =L12*G26 -> 0 | M26: =SUM(H26:L26) -> 0 | N26: you change the fringe rate
D27: =D13 -> 0 | G27: 0.4275 | H27: =ROUND(H13*$G$27,0) -> 0 | I27: =ROUND(I13*$G$27,0) -> 0 | J27: =ROUND(J13*$G$27,0) -> 0 | K27: =ROUND(K13*$G$27,0) -> 0 | L27: =ROUND(L13*$G$27,0) -> 0 | M27: =SUM(H27:L27) -> 0 | N27: to 24.50% in Cells G24-G27
C29: B. Other Personnel | D29: =D15 -> PostDoctoral Associates | G29: 0.4275 | H29: =ROUND(H15*$G$29,0) -> 0 | I29: =ROUND(I15*$G$29,0) -> 0 | J29: =ROUND(J15*$G$29,0) -> 0 | K29: =ROUND(K15*$G$29,0) -> 0 | L29: =ROUND(L15*$G$29,0) -> 0 | M29: =SUM(H29:L29) -> 0
D30: =D16 -> Other Professionals (Techs, etc.) | G30: 0.4275 | H30: =ROUND(H16*$G$30,0) -> 0 | I30: =ROUND(I16*$G$30,0) -> 0 | J30: =ROUND(J16*$G$30,0) -> 0 | K30: =ROUND(K16*$G$30,0) -> 0 | L30: =ROUND(L16*$G$30,0) -> 0 | M30: =SUM(H30:L30) -> 0
D31: =D17 -> Admin/Clerical | G31: 0.4275 | H31: =ROUND(H17*$G$31,0) -> 0 | I31: =ROUND(I17*$G$31,0) -> 0 | J31: =ROUND(J17*$G$31,0) -> 0 | K31: =ROUND(K17*$G$31,0) -> 0 | L31: =ROUND(L17*$G$31,0) -> 0 | M31: =SUM(H31:L31) -> 0
D32: =D18 -> Graduate Students | G32: 0.26 | H32: =ROUND(H18*$G$32,0) -> 0 | I32: =ROUND(I18*$G$32,0) -> 0 | J32: =ROUND(J18*$G$32,0) -> 0 | K32: =ROUND(K18*$G$32,0) -> 0 | L32: =ROUND(L18*$G$32,0) -> 0 | M32: =SUM(H32:L32) -> 0
D33: =D19 -> Udergraduates | G33: 0.015 | H33: =ROUND(H19*$G$33,0) -> 0 | I33: =ROUND(I19*$G$33,0) -> 0 | J33: =ROUND(J19*$G$33,0) -> 0 | K33: =ROUND(K19*$G$33,0) -> 0 | L33: =ROUND(L19*$G$33,0) -> 0 | M33: =SUM(H33:L33) -> 0
D34: =D20 -> Temp | G34: 0.245 | H34: =ROUND(H20*$G$34,0) -> 0 | I34: =ROUND(I20*$G$34,0) -> 0 | J34: =ROUND(J20*$G$34,0) -> 0 | K34: =ROUND(K20*$G$34,0) -> 0 | L34: =ROUND(L20*$G$34,0) -> 0 | M34: =SUM(H34:L34) -> 0
D35: Total Fringe Benefits | H35: =SUM(H24:H34) -> 0 | I35: =SUM(I24:I34) -> 0 | J35: =SUM(J24:J34) -> 0 | K35: =SUM(K24:K34) -> 0 | L35: =SUM(L24:L34) -> 0 | M35: =SUM(M24:M34) -> 0
D37: Total Personnel | H37: =SUM(H21,H35) -> 0 | I37: =SUM(I21,I35) -> 0 | J37: =SUM(J21,J35) -> 0 | K37: =SUM(K21,K35) -> 0 | L37: =SUM(L21,L35) -> 0 | M37: =SUM(M21,M35) -> 0
B39: B. Capitalized Equipment ($5K or Greater)
C40: 1 | M40: =SUM(H40:L40) -> 0
C41: 2 | M41: =SUM(H41:L41) -> 0
C42: 3 | M42: =SUM(H42:L42) -> 0
C43: 4 | M43: =SUM(H43:L43) -> 0
C44: 5 | M44: =SUM(H44:L44) -> 0
D45: Total Equipment | H45: =SUM(H40:H44) -> 0 | I45: =SUM(I40:I44) -> 0 | J45: =SUM(J40:J44) -> 0 | K45: =SUM(K40:K44) -> 0 | L45: =SUM(L40:L44) -> 0 | M45: =SUM(M40:M44) -> 0
B47: C. Travel
C48: 1 | D48: domestic | M48: =SUM(H48:L48) -> 0
C49: 2 | D49: foreign (foreign travel insurance required $100 per round trip, in other direct costs) | M49: =SUM(H49:L49) -> 0
D50: Total Travel | H50: =SUM(H48:H49) -> 0 | I50: =SUM(I48:I49) -> 0 | J50: =SUM(J48:J49) -> 0 | K50: =SUM(K48:K49) -> 0 | L50: =SUM(L48:L49) -> 0 | M50: =SUM(M48:M49) -> 0
B52: E. Other Direct Costs
C53: 1 | D53: Office Supplies | M53: =SUM(H53:L53) -> 0
C54: 2 | D54: Non-office Supplies | M54: =SUM(H54:L54) -> 0
C55: 3 | D55: Feed/Seed/Fertilizer | M55: =SUM(H55:L55) -> 0
C56: 4 | D56: Food/Working Meals | M56: =SUM(H56:L56) -> 0
C57: 5 | D57: Publications/Films | M57: =SUM(H57:L57) -> 0
C58: 6 | D58: Non-capital Equipment (includes laptops under $5k) | M58: =SUM(H58:L58) -> 0
C59: 7 | D59: Postage | M59: =SUM(H59:L59) -> 0
C60: 8 | D60: Communications | M60: =SUM(H60:L60) -> 0
C61: 9 | D61: Printing/Reproduction | M61: =SUM(H61:L61) -> 0
C62: 10 | D62: Rental | M62: =SUM(H62:L62) -> 0
C63: 11 | D63: Professional Service | M63: =SUM(H63:L63) -> 0
C64: 12 | D64: Computer Software services | M64: =SUM(H64:L64) -> 0
... C75: 23 | D75: Other (non-employee travel) | M75: =SUM(H75:L75) -> 0
D76: Subtotal Other Direct Cost | H76: =SUM(H53:H75) -> 0 | I76: =SUM(I53:I75) -> 0 | J76: =SUM(J53:J75) -> 0 | K76: =SUM(K53:K75) -> 0 | L76: =SUM(L53:L75) -> 0 | M76: =SUM(H76:L76) -> 0
C78: Subawards | G78: Total # of Awards =
C79: 1 | M79: =SUM(H79:L79) -> 0
C80: 2 | M80: =SUM(H80:L80) -> 0
C81: 3 | M81: =SUM(H81:L81) -> 0
C82: 4 | M82: =SUM(H82:L82) -> 0
C83: 5 | M83: =SUM(H83:L83) -> 0
C84: 6 | M84: =SUM(H84:L84) -> 0
C85: 7 | M85: =SUM(H85:L85) -> 0
C86: 8 | M86: =SUM(H86:L86) -> 0
C87: 9 | M87: =SUM(H87:L87) -> 0
C88: 10 | M88: =SUM(H88:L88) -> 0
C89: 11 | M89: =SUM(H89:L89) -> 0
D90: Subtotal Subaward Cost | H90: =SUM(H79:H89) -> 0 | I90: =SUM(I79:I89) -> 0 | J90: =SUM(J79:J89) -> 0 | K90: =SUM(K79:K89) -> 0 | L90: =SUM(L79:L89) -> 0 | M90: =SUM(H90:L90) -> 0
D91: Total Direct Cost | H91: =SUM(H76+H90) -> 0 | I91: =SUM(I76+I90) -> 0 | J91: =SUM(J76+J90) -> 0 | K91: =SUM(K76+K90) -> 0 | L91: =SUM(L76+L90) -> 0 | M91: =SUM(M76+M90) -> 0
H92: Year 1 | I92: Year 2 | J92: Year 3 | K92: Year 4 | L92: Year 5 | M92: Total
B93: F. Total Direct Costs (Cumulative A - E) | H93: =SUM(H91+H50+H45+H37) -> 0 | I93: =SUM(I91+I50+I45+I37) -> 0 | J93: =SUM(J91+J50+J45+J37) -> 0 | K93: =SUM(K91+K50+K45+K37) -> 0 | L93: =SUM(L91+L50+L45+L37) -> 0 | M93: =SUM(M91+M50+M45+M37) -> 0
B94: G. MTDC Base (less equip <$5K and subawards) | H94: =SUM(H93-H45-H66-H68-H69-H70-H71-H72-H90) -> 0 | I94: =SUM(I93-I45-I66-I68-I69-I70-I71-I72-I90) -> 0 | J94: =SUM(J93-J45-J66-J68-J69-J70-J71-J72-J90) -> 0 | K94: =SUM(K93-K45-K66-K68-K69-K70-K71-K72-K90) -> 0 | L94: =SUM(L93-L45-L66-L68-L69-L70-L71-L72-L90) -> 0 | M94: =M93-M90-M66-M68-M69-M70-M71-M72-M45 -> 0
B95: H. Indirect Costs (MTDC) | H95: =ROUND(H94*$L$1,1) -> 0 | I95: =ROUND(I94*$L$1,1) -> 0 | J95: =ROUND(J94*$L$1,1) -> 0 | K95: =ROUND(K94*$L$1,1) -> 0 | L95: =ROUND(L94*$L$1,1) -> 0 | M95: =SUM(H95:L95) -> 0
B96: I. First $50k per subaward | H96: =(MIN(50000,SUM($H79:H79))*$L$1)+(MIN(50000,SUM($H80:H80))*$L$1)+(MIN(50000,SUM($H87:H87))*$L$1) -> 0 | I96: =(MIN(50000,SUM($H79:I79))*$L$1)+(MIN(50000,SUM($H80:I80))*$L$1)+(MIN(50000,SUM($H87:I87))*$L$1) -> 0 | J96: =(MIN(50000,SUM($H79:J79))*$L$1)+(MIN(50000,SUM($H80:J80))*$L$1)+(MIN(50000,SUM($H87:J87))*$L$1) -> 0 | K96: =(MIN(50000,SUM($H79:K79))*$L$1)+(MIN(50000,SUM($H80:K80))*$L$1)+(MIN(50000,SUM($H87:K87))*$L$1) -> 0 | L96: =(MIN(50000,SUM($H79:L79))*$L$1)+(MIN(50000,SUM($H80:L80))*$L$1)+(MIN(50000,SUM($H87:L87))*$L$1) -> 0 | M96: =SUM(H96:L96) -> 0
B97: J. Total Project Costs | H97: =H93+H95+H96 -> 0 | I97: =I93+I95+I96 -> 0 | J97: =J93+J95+J96 -> 0 | K97: =K93+K95+K96 -> 0 | L97: =L93+L95+L96 -> 0 | M97: =SUM(M93+M95+M96) -> 0
L99: Total IDC | M99: =M95+M96 -> 0

Sheet Participant Support Tab
A1: Year 1
A2: Category | C2: Funds Requested
A3: Tuition/Fees/Health Insurance
A4: Stipends
A5: Travel
A6: Subsistence
A7: Other
A8: Total Costs | C8: =SUM(C3:C7) -> 0
A9: Total # of Participants
A12: Year 2
A13: Category | C13: Funds Requested
A14: Tuition/Fees/Health Insurance
A15: Stipends
A16: Travel
A17: Subsistence
A18: Other
A19: Total Costs | C19: =SUM(C14:C18) -> 0
A20: Total # of Participants
A23: Year 3
A24: Category | C24: Funds Requested
A25: Tuition/Fees/Health Insurance
A26: Stipends
A27: Travel
A28: Subsistence
A29: Other
A30: Total Costs | C30: =SUM(C25:C29) -> 0
A31: Total # of Participants
A34: Year 4
A35: Category | C35: Funds Requested
A36: Tuition/Fees/Health Insurance
A37: Stipends
A38: Travel
A39: Subsistence
A40: Other
A41: Total Costs | C41: =SUM(C36:C40) -> 0
A42: Total # of Participants
A45: Year 5
A46: Category | C46: Funds Requested
A47: Tuition/Fees/Health Insurance
A48: Stipends
A49: Travel
A50: Subsistence
A51: Other
A52: Total Costs | C52: =SUM(C47:C51) -> 0
A53: Total # of Participants
